Workbook

Sheet 当社支払条件
A1: 当 社 支 払 条 件
A4: 当社の支払条件は、原則として『半金半手(手形分電子記録債権)』『月末締・翌月末払』となっております。
A5: 詳細は下記の様になっておりますので、ご請求の際には各事項を必ずお守り下さい。
C7: 支 払 方 法 | K7: ①８０万円未満（税込）：全額現金（銀行振込）
K8: ８０万円以上（税込）：半金半手（手形分電子記録債権、支払サイト９５日）
K10: ②全額現金支払いをご希望の場合
K11: 請求額が８０万円以上（税込）・・・手形金額分の１％を控除
L12: 【例】請求額 | S12: ９００,０００円（手形金額４５０,０００円）
S13: ４５０,０００円×１％＝４,５００円控除
K15: ※振込手数料、でんさい発行手数料は貴社負担となりますので、ご了承ください。
C17: 賦金（労働保険）控除
K18: 建設工事現場におきましては、元請業者が全ての下請業者の労災補償を
K19: することが労働基準法で義務付けられております。
K20: その労働保険料として請求金額（税込）の0.2％を控除させて頂きます。
C22: 請 求 時 指 定 事 項
E23: 1 | F23: . | G23: 当社指定請求書で請求のこと
G24: 弊社ホームページよりＰＣ入力用の請求書（Excel形式）がダウンロード出来ますので
G25: 下記よりダウンロードしてご使用下さい。
J26: https://www.sanei-prefab.co.jp/download/
G27: ※入力見本がございますのでご確認の上、作成をお願いいたします。
G29: ＰＣ入力用の請求書（Excel形式）の作成が難しい場合は、手書き用請求書をダウンロード
G30: してご使用ください。
G31: 手書き用請求書をダウンロードできない場合は、手書き用請求書の原紙をお送りしますので
G32: 営業所までご連絡ください。
E33: 2 | F33: ． | G33: 請求書締日 | N33: 毎月末日
E34: 3 | F34: ． | G34: 請求書必着日 | N34: 翌月３日（休日の場合は翌営業日）
N35: ※必着日を過ぎて届いた場合は処理の都合上、次月請求扱いとなります。
N36: ※決算の都合上、12月末締分は必着日を過ぎた場合お支払い致しかねます。
E37: 4 | F37: ． | G37: 支払日 | N37: 翌月末日 | S37: （午前１０時～午後５時） | AC37: 土日･祝祭日の場合は前日になります。
E38: 5 | F38: ． | G38: 工事完了月の翌月も請求書が提出されない場合は、お支払い致しかねます。
E39: 6 | F39: ． | G39: 請求書は該当する営業所に送付して下さい。
G40: 総支払に関しては本社へお問い合わせ下さい。
B45: 本社 | I45: 〒 | J45: 336 | L45: - | M45: 0022 | P45: さいたま市南区白幡５－１６－８ ３Ｆ | AH45: ☎ | AJ45: 048 865 4111
AH46: FAX | AJ46: 865 4811
B47: 川越営業所 | I47: 〒 | J47: 350 | L47: - | M47: 1124 | P47: 川越市新宿町３－１７－３３ | AH47: ☎ | AJ47: 049 246 4111
AH48: FAX | AJ48: 240 2744
B49: 浦和営業所 | I49: 〒 | J49: 336 | L49: - | M49: 0022 | P49: さいたま市南区白幡５－１６－８ ２Ｆ | AH49: ☎ | AJ49: 048 865 4511
AH50: FAX | AJ50: 865 4911
B51: 千葉営業所 | I51: 〒 | J51: 262 | L51: - | M51: 0033 | P51: 千葉市花見川区幕張本郷１－１１－２６ | AH51: ☎ | AJ51: 043 272 0700
P52: リビエール本郷２０４号 | AH52: FAX | AJ52: 272 0704
B53: 相模原営業所 | I53: 〒 | J53: 252 | L53: - | M53: 0302 | P53: 相模原市南区上鶴間１－１７－１５ | AH53: ☎ | AJ53: 042 748 6106
AH54: FAX | AJ54: 748 6107
B55: 茨城営業所 | I55: 〒 | J55: 300 | L55: - | M55: 4115 | P55: 土浦市藤沢３４９０－１ | AH55: ☎ | AJ55: 029 862 4445
AH56: FAX | AJ56: 862 4447
B57: 立川営業所 | I57: 〒 | J57: 190 | L57: - | M57: 0022 | P57: 立川市錦町３－６－５ | AH57: ☎ | AJ57: 042 524 2971
AH58: FAX | AJ58: 527 3376
B59: 横浜営業所 | I59: 〒 | J59: 221 | L59: - | M59: 0823 | P59: 横浜市神奈川区二ツ谷町１０－１０ | AH59: ☎ | AJ59: 045 324 5061
P60: 坂本ビル３Ｆ | AH60: FAX | AJ60: 324 5063
B61: 東京営業所 | I61: 〒 | J61: 162 | L61: - | M61: 0843 | P61: 新宿区市谷田町３－６ ザ ゲート市ヶ谷２Ｆ | AH61: ☎ | AJ61: 03 5261 1511
AH62: FAX | AJ62: 5261 7475
B63: 宇都宮営業所 | I63: 〒 | J63: 321 | L63: - | M63: 0962 | P63: 宇都宮市今泉町４４９－１ 明賀屋ビル４Ｆ | AH63: ☎ | AJ63: 028 612 7767
AH64: FAX | AJ64: 612 7787
A67: 提出先：-- 提出方法：-- 保存期間：設定なし | AE67: 2026-6-18 Excel 営業-031

Sheet 請求総括表
U1: =IF($U$6="","■■■■■■■■■■■■■■■","") -> ■■■■■■■■■■■■■■■
U2: 年 月 日
H3: 請求総括表
T4: 【販売用】(請求者控）
O6: 請求者 | R6: 登録番号：
O7: 住所
J8: 御中
O9: 会社名
A11: 川越 | B11: 浦和 | C11: 千葉 | D11: 相模原 | E11: 茨城 | F11: 立川 | G11: 横浜 | H11: 東京 | K11: 本社 | O11: ＴＥＬ
O12: ＦＡＸ
A14: 下記の通りご請求申し上げます。
A16: No. | B16: 受注番号 | F16: 消費税10％分 | L16: 消費税 8％分 | R16: 非課税分 | U16: 摘要
F17: 小計 | I17: 消費税 | L17: 小計 | O17: 消費税 | R17: 小計
A18: 1 | B18: =納品・請求書_1!$J$7 -> 0 | F18: =納品・請求書_1!$R$42 -> 0 | I18: =納品・請求書_1!$Z$42 -> 0 | L18: =納品・請求書_1!$R$43 -> 0 | O18: =納品・請求書_1!$Z$43 -> 0 | R18: =納品・請求書_1!$R$44 -> 0
A19: 2 | B19: =納品・請求書_2!$J$7 -> 0 | F19: =納品・請求書_2!$R$42 -> 0 | I19: =納品・請求書_2!$Z$42 -> 0 | L19: =納品・請求書_2!$R$43 -> 0 | O19: =納品・請求書_2!$Z$43 -> 0 | R19: =納品・請求書_2!$R$44 -> 0
A20: 3 | B20: =納品・請求書_3!$J$7 -> 0 | F20: =納品・請求書_3!$R$42 -> 0 | I20: =納品・請求書_3!$Z$42 -> 0 | L20: =納品・請求書_3!$R$43 -> 0 | O20: =納品・請求書_3!$Z$43 -> 0 | R20: =納品・請求書_3!$R$44 -> 0
A21: 4 | B21: =納品・請求書_4!$J$7 -> 0 | F21: =納品・請求書_4!$R$42 -> 0 | I21: =納品・請求書_4!$Z$42 -> 0 | L21: =納品・請求書_4!$R$43 -> 0 | O21: =納品・請求書_4!$Z$43 -> 0 | R21: =納品・請求書_4!$R$44 -> 0
A22: 5 | B22: =納品・請求書_5!$J$7 -> 0 | F22: =納品・請求書_5!$R$42 -> 0 | I22: =納品・請求書_5!$Z$42 -> 0 | L22: =納品・請求書_5!$R$43 -> 0 | O22: =納品・請求書_5!$Z$43 -> 0 | R22: =納品・請求書_5!$R$44 -> 0
A23: 6 | B23: =納品・請求書_6!$J$7 -> 0 | F23: =納品・請求書_6!$R$42 -> 0 | I23: =納品・請求書_6!$Z$42 -> 0 | L23: =納品・請求書_6!$R$43 -> 0 | O23: =納品・請求書_6!$Z$43 -> 0 | R23: =納品・請求書_6!$R$44 -> 0
A24: 7 | B24: =納品・請求書_7!$J$7 -> 0 | F24: =納品・請求書_7!$R$42 -> 0 | I24: =納品・請求書_7!$Z$42 -> 0 | L24: =納品・請求書_7!$R$43 -> 0 | O24: =納品・請求書_7!$Z$43 -> 0 | R24: =納品・請求書_7!$R$44 -> 0
A25: 8 | B25: =納品・請求書_8!$J$7 -> 0 | F25: =納品・請求書_8!$R$42 -> 0 | I25: =納品・請求書_8!$Z$42 -> 0 | L25: =納品・請求書_8!$R$43 -> 0 | O25: =納品・請求書_8!$Z$43 -> 0 | R25: =納品・請求書_8!$R$44 -> 0
A26: 9 | B26: =納品・請求書_9!$J$7 -> 0 | F26: =納品・請求書_9!$R$42 -> 0 | I26: =納品・請求書_9!$Z$42 -> 0 | L26: =納品・請求書_9!$R$43 -> 0 | O26: =納品・請求書_9!$Z$43 -> 0 | R26: =納品・請求書_9!$R$44 -> 0
A27: 10 | B27: =納品・請求書_10!$J$7 -> 0 | F27: =納品・請求書_10!$R$42 -> 0 | I27: =納品・請求書_10!$Z$42 -> 0 | L27: =納品・請求書_10!$R$43 -> 0 | O27: =納品・請求書_10!$Z$43 -> 0 | R27: =納品・請求書_10!$R$44 -> 0
A28: 請求金額 計 | F28: =SUM($F$18:$H$27) -> 0 | I28: =SUM($I$18:$K$27) -> 0 | L28: =SUM($L$18:$N$27) -> 0 | O28: =SUM($O$18:$Q$27) -> 0 | R28: =SUM($R$18:$T$27) -> 0 | U28: =SUM($F$28:$T$28) -> 0
A30: 備考
U32: 総括表 | W32: 計 算 | Y32: 締 月
B33: 請求時指定事項
B34: ① | C34: 締日 | G34: 毎月末日
B35: ② | C35: 必着日 | G35: 翌月３日（休日の場合は翌営業日）
G36: ※必着日を過ぎて届いた場合は処理の都合上、次月請求扱いとなります。
G37: ※１２月決算月の為、未請求の場合にはお支払い致しかねます。
B38: ③ | C38: 支払日 | G38: 翌月末日 | J38: （午前１０時～午後５時）
B39: ④ | C39: 工事完了月の翌月も請求総括表および納品・請求書が提出されない場合は、お支払い致しかねます。
B40: ⑤ | C40: 請求総括表および納品・請求書は、該当する営業所に送付して下さい。
P42: 総支払に関してのお問合せ
P43: 本社 | S43: さいたま市南区白幡5-16-8 3F
P44: 電話番号 | S44: 048-865-4111
U45: =$U$1 -> ■■■■■■■■■■■■■■■
U46: =$U$2 -> 年 月 日
H47: 請求総括表
T48: 【販売用】(サンエイ送付用)
O50: 請求者 | R50: 登録番号： | U50: =$U$6 -> 0
O51: 住所 | R51: =$R$7 -> 0
J52: 御中
O53: 会社名 | R53: =$R$9 -> 0
A54: =$A$10 -> 0 | B54: =$B$10 -> 0 | C54: =$C$10 -> 0 | D54: =$D$10 -> 0 | E54: =$E$10 -> 0 | F54: =$F$10 -> 0 | G54: =$G$10 -> 0 | H54: =$H$10 -> 0 | I54: =$I$10 -> 0 | J54: =$J$10 | K54: =$K$10 -> 0
A55: 川越 | B55: 浦和 | C55: 千葉 | D55: 相模原 | E55: 茨城 | F55: 立川 | G55: 横浜 | H55: 東京 | K55: 本社 | O55: ＴＥＬ | R55: =$R$11 -> 0
O56: ＦＡＸ | R56: =$R$12 -> 0
A58: 下記の通りご請求申し上げます。
B60: 受注番号 | F60: 消費税10％分 | L60: 消費税 8％分 | R60: 非課税分 | U60: 摘要
F61: 小計 | I61: 消費税 | L61: 小計 | O61: 消費税 | R61: 小計
A62: 1 | B62: =$B$18 -> 0 | F62: =$F$18 -> 0 | I62: =$I$18 -> 0 | L62: =$L$18 -> 0 | O62: =$O$18 -> 0 | R62: =$R$18 -> 0 | U62: =$U$18 -> 0
A63: 2 | B63: =$B$19 -> 0 | F63: =$F$19 -> 0 | I63: =$I$19 -> 0 | L63: =$L$19 -> 0 | O63: =$O$19 -> 0 | R63: =$R$19 -> 0 | U63: =$U$19 -> 0
A64: 3 | B64: =$B$20 -> 0 | F64: =$F$20 -> 0 | I64: =$I$20 -> 0 | L64: =$L$20 -> 0 | O64: =$O$20 -> 0 | R64: =$R$20 -> 0 | U64: =$U$20 -> 0
A65: 4 | B65: =$B$21 -> 0 | F65: =$F$21 -> 0 | I65: =$I$21 -> 0 | L65: =$L$21 -> 0 | O65: =$O$21 -> 0 | R65: =$R$21 -> 0 | U65: =$U$21 -> 0
A66: 5 | B66: =$B$22 -> 0 | F66: =$F$22 -> 0 | I66: =$I$22 -> 0 | L66: =$L$22 -> 0 | O66: =$O$22 -> 0 | R66: =$R$22 -> 0 | U66: =$U$22 -> 0
A67: 6 | B67: =$B$23 -> 0 | F67: =$F$23 -> 0 | I67: =$I$23 -> 0 | L67: =$L$23 -> 0 | O67: =$O$23 -> 0 | R67: =$R$23 -> 0 | U67: =$U$23 -> 0
A68: 7 | B68: =$B$24 -> 0 | F68: =$F$24 -> 0 | I68: =$I$24 -> 0 | L68: =$L$24 -> 0 | O68: =$O$24 -> 0 | R68: =$R$24 -> 0 | U68: =$U$24 -> 0
A69: 8 | B69: =$B$25 -> 0 | F69: =$F$25 -> 0 | I69: =$I$25 -> 0 | L69: =$L$25 -> 0 | O69: =$O$25 -> 0 | R69: =$R$25 -> 0 | U69: =$U$25 -> 0
A70: 9 | B70: =$B$26 -> 0 | F70: =$F$26 -> 0 | I70: =$I$26 -> 0 | L70: =$L$26 -> 0 | O70: =$O$26 -> 0 | R70: =$R$26 -> 0 | U70: =$U$26 -> 0
A71: 10 | B71: =$B$27 -> 0 | F71: =$F$27 -> 0 | I71: =$I$27 -> 0 | L71: =$L$27 -> 0 | O71: =$O$27 -> 0 | R71: =$R$27 -> 0 | U71: =$U$27 -> 0
A72: 請求金額 計 | F72: =$F$28 -> 0 | I72: =$I$28 -> 0 | L72: =$L$28 -> 0 | O72: =$O$28 -> 0 | R72: =$R$28 -> 0 | U72: =$U$28 -> 0
A74: 備考 | F74: =$F$30 -> 0
U76: 総括表 | W76: 計 算 | Y76: 締 月
B77: 請求時指定事項
B78: ① | C78: 締日 | G78: 毎月末日
B79: ② | C79: 必着日 | G79: 翌月３日（休日の場合は翌営業日）
G80: ※必着日を過ぎて届いた場合は処理の都合上、次月請求扱いとなります。
G81: ※１２月決算月の為、未請求の場合にはお支払い致しかねます。
B82: ③ | C82: 支払日 | G82: 翌月末日 | J82: （午前１０時～午後５時）
B83: ④ | C83: 工事完了月の翌月も請求総括表および納品・請求書が提出されない場合は、お支払い致しかねます。
B84: ⑤ | C84: 請求総括表および納品・請求書は、該当する営業所に送付して下さい。
P86: 総支払に関してのお問合せ
P87: 本社 | S87: さいたま市南区白幡5-16-8 3F
P88: 電話番号 | S88: 048-865-4111
U89: =$U$1 -> ■■■■■■■■■■■■■■■
U90: =$U$2 -> 年 月 日
H91: 請求総括表
T92: 【販売用】(サンエイ送付用)
O94: 請求者 | R94: 登録番号： | U94: =U6 -> 0
O95: 住所 | R95: =$R$7 -> 0
J96: 御中
O97: 会社名 | R97: =$R$9 -> 0
A98: =$A$10 -> 0 | B98: =$B$10 -> 0 | C98: =$C$10 -> 0 | D98: =$D$10 -> 0 | E98: =$E$10 -> 0 | F98: =$F$10 -> 0 | G98: =$G$10 -> 0 | H98: =$H$10 -> 0 | I98: =$I$10 -> 0 | J98: =$J$10 | K98: =$K$10 -> 0
A99: 川越 | B99: 浦和 | C99: 千葉 | D99: 相模原 | E99: 茨城 | F99: 立川 | G99: 横浜 | H99: 東京 | K99: 本社 | O99: ＴＥＬ | R99: =$R$11 -> 0
O100: ＦＡＸ | R100: =$R$12 -> 0
A102: 下記の通りご請求申し上げます。
B104: 受注番号 | F104: 消費税10％分 | L104: 消費税 8％分 | R104: 非課税分 | U104: 摘要
F105: 小計 | I105: 消費税 | L105: 小計 | O105: 消費税 | R105: 小計
A106: 1 | B106: =$B$18 -> 0 | F106: =$F$18 -> 0 | I106: =$I$18 -> 0 | L106: =$L$18 -> 0 | O106: =$O$18 -> 0 | R106: =$R$18 -> 0 | U106: =$U$18 -> 0
A107: 2 | B107: =$B$19 -> 0 | F107: =$F$19 -> 0 | I107: =$I$19 -> 0 | L107: =$L$19 -> 0 | O107: =$O$19 -> 0 | R107: =$R$19 -> 0 | U107: =$U$19 -> 0
A108: 3 | B108: =$B$20 -> 0 | F108: =$F$20 -> 0 | I108: =$I$20 -> 0 | L108: =$L$20 -> 0 | O108: =$O$20 -> 0 | R108: =$R$20 -> 0 | U108: =$U$20 -> 0
A109: 4 | B109: =$B$21 -> 0 | F109: =$F$21 -> 0 | I109: =$I$21 -> 0 | L109: =$L$21 -> 0 | O109: =$O$21 -> 0 | R109: =$R$21 -> 0 | U109: =$U$21 -> 0
A110: 5 | B110: =$B$22 -> 0 | F110: =$F$22 -> 0 | I110: =$I$22 -> 0 | L110: =$L$22 -> 0 | O110: =$O$22 -> 0 | R110: =$R$22 -> 0 | U110: =$U$22 -> 0
A111: 6 | B111: =$B$23 -> 0 | F111: =$F$23 -> 0 | I111: =$I$23 -> 0 | L111: =$L$23 -> 0 | O111: =$O$23 -> 0 | R111: =$R$23 -> 0 | U111: =$U$23 -> 0
A112: 7 | B112: =$B$24 -> 0 | F112: =$F$24 -> 0 | I112: =$I$24 -> 0 | L112: =$L$24 -> 0 | O112: =$O$24 -> 0 | R112: =$R$24 -> 0 | U112: =$U$24 -> 0
A113: 8 | B113: =$B$25 -> 0 | F113: =$F$25 -> 0 | I113: =$I$25 -> 0 | L113: =$L$25 -> 0 | O113: =$O$25 -> 0 | R113: =$R$25 -> 0 | U113: =$U$25 -> 0
A114: 9 | B114: =$B$26 -> 0 | F114: =$F$26 -> 0 | I114: =$I$26 -> 0 | L114: =$L$26 -> 0 | O114: =$O$26 -> 0 | R114: =$R$26 -> 0 | U114: =$U$26 -> 0
A115: 10 | B115: =$B$27 -> 0 | F115: =$F$27 -> 0 | I115: =$I$27 -> 0 | L115: =$L$27 -> 0 | O115: =$O$27 -> 0 | R115: =$R$27 -> 0 | U115: =$U$27 -> 0
A116: 請求金額 計 | F116: =$F$28 -> 0 | I116: =$I$28 -> 0 | L116: =$L$28 -> 0 | O116: =$O$28 -> 0 | R116: =$R$28 -> 0 | U116: =$U$28 -> 0
...

Sheet 納品・請求書_1
X1: =請求総括表!$U$1 -> ■■■■■■■■■■■■■■■
I2: 納品・請求書 | X2: =請求総括表!$U$2 -> 年 月 日
I3: 【販売用】 | Q3: (請求者控) | X3: No. | Y3: 1
A5: 株式会社 | F5: 御中 | O5: 請求者 | Q5: 登録番号： | T5: =請求総括表!$U$6 -> 0
A6: --- 営業所を選択してください。 --- | O6: 住所 | Q6: =請求総括表!$R$7 -> 0
A7: 担当者 | G7: 受注番号
A8: 客先名 | O8: 会社名 | Q8: =請求総括表!$R$9 -> 0
A9: 工事先名
A10: 工事場所 | O10: ＴＥＬ | Q10: =ASC(請求総括表!$R$11) | W10: ＦＡＸ | Y10: =ASC(請求総括表!$R$12)
A12: 月/日 | B12: 工事内容 | Q12: 数量 | S12: 単位 | U12: 税率 | W12: 単価 | Z12: 金額(税抜)
A42: 備考 | M42: 税率10% | P42: 小計 | R42: =SUMIFS($Z$13:$Z$40,$U$13:$U$40,"10%") -> 0 | W42: 消費税
M43: 税率 8% | P43: 小計 | R43: =SUMIFS($Z$13:$Z$40,$U$13:$U$40,"8%") -> 0 | W43: 消費税
M44: 非課税 | P44: 小計 | R44: =SUMIFS($Z$13:$Z$40,$U$13:$U$40,"非課税") -> 0
M46: 請求金額（税込） | S46: =SUM($R$42,$Z$42,$R$43,$Z$43,$R$44) -> 0 | AA46: 決裁
X49: =$X$1 -> ■■■■■■■■■■■■■■■
I50: 納品・請求書 | X50: =$X$2 -> 年 月 日
I51: 【販売用】 | Q51: (サンエイ送付用) | X51: No. | Y51: =$Y$3 -> 1
A53: 株式会社 | F53: 御中 | O53: 請求者 | Q53: 登録番号： | T53: =$T$5 -> 0
A54: =$A$6 -> --- 営業所を選択してください。 --- | O54: 住所 | Q54: =$Q$6 -> 0
A55: 担当者 | C55: =$C$7 -> 0 | G55: 受注番号 | J55: =$J$7 -> 0
A56: 客先名 | C56: =$C$8 -> 0 | O56: 会社名 | Q56: =$Q$8 -> 0
A57: 工事先名 | C57: =$C$9 -> 0
A58: 工事場所 | C58: =$C$10 -> 0 | O58: ＴＥＬ | Q58: =$Q$10 | W58: ＦＡＸ | Y58: =$Y$10
A60: 月/日 | B60: 工事内容 | Q60: 数量 | S60: 単位 | U60: 税率 | W60: 単価 | Z60: 金額(税抜)
A61: =$A$13 -> 0 | B61: =$B$13 -> 0 | Q61: =$Q$13 -> 0 | S61: =$S$13 -> 0 | U61: =$U$13 -> 0 | W61: =$W$13 -> 0 | Z61: =$Z$13 -> 0
A62: =$A$14 -> 0 | B62: =$B$14 -> 0 | Q62: =$Q$14 -> 0 | S62: =$S$14 -> 0 | U62: =$U$14 -> 0 | W62: =$W$14 -> 0 | Z62: =$Z$14 -> 0
A63: =$A$15 -> 0 | B63: =$B$15 -> 0 | Q63: =$Q$15 -> 0 | S63: =$S$15 -> 0 | U63: =$U$15 -> 0 | W63: =$W$15 -> 0 | Z63: =$Z$15 -> 0
A64: =$A$16 -> 0 | B64: =$B$16 -> 0 | Q64: =$Q$16 -> 0 | S64: =$S$16 -> 0 | U64: =$U$16 -> 0 | W64: =$W$16 -> 0 | Z64: =$Z$16 -> 0
A65: =$A$17 -> 0 | B65: =$B$17 -> 0 | Q65: =$Q$17 -> 0 | S65: =$S$17 -> 0 | U65: =$U$17 -> 0 | W65: =$W$17 -> 0 | Z65: =$Z$17 -> 0
A66: =$A$18 -> 0 | B66: =$B$18 -> 0 | Q66: =$Q$18 -> 0 | S66: =$S$18 -> 0 | U66: =$U$18 -> 0 | W66: =$W$18 -> 0 | Z66: =$Z$18 -> 0
A67: =$A$19 -> 0 | B67: =$B$19 -> 0 | Q67: =$Q$19 -> 0 | S67: =$S$19 -> 0 | U67: =$U$19 -> 0 | W67: =$W$19 -> 0 | Z67: =$Z$19 -> 0
A68: =$A$20 -> 0 | B68: =$B$20 -> 0 | Q68: =$Q$20 -> 0 | S68: =$S$20 -> 0 | U68: =$U$20 -> 0 | W68: =$W$20 -> 0 | Z68: =$Z$20 -> 0
A69: =$A$21 -> 0 | B69: =$B$21 -> 0 | Q69: =$Q$21 -> 0 | S69: =$S$21 -> 0 | U69: =$U$21 -> 0 | W69: =$W$21 -> 0 | Z69: =$Z$21 -> 0
A70: =$A$22 -> 0 | B70: =$B$22 -> 0 | Q70: =$Q$22 -> 0 | S70: =$S$22 -> 0 | U70: =$U$22 -> 0 | W70: =$W$22 -> 0 | Z70: =$Z$22 -> 0
A71: =$A$23 -> 0 | B71: =$B$23 -> 0 | Q71: =$Q$23 -> 0 | S71: =$S$23 -> 0 | U71: =$U$23 -> 0 | W71: =$W$23 -> 0 | Z71: =$Z$23 -> 0
A72: =$A$24 -> 0 | B72: =$B$24 -> 0 | Q72: =$Q$24 -> 0 | S72: =$S$24 -> 0 | U72: =$U$24 -> 0 | W72: =$W$24 -> 0 | Z72: =$Z$24 -> 0
A73: =$A$25 -> 0 | B73: =$B$25 -> 0 | Q73: =$Q$25 -> 0 | S73: =$S$25 -> 0 | U73: =$U$25 -> 0 | W73: =$W$25 -> 0 | Z73: =$Z$25 -> 0
A74: =$A$26 -> 0 | B74: =$B$26 -> 0 | Q74: =$Q$26 -> 0 | S74: =$S$26 -> 0 | U74: =$U$26 -> 0 | W74: =$W$26 -> 0 | Z74: =$Z$26 -> 0
A75: =$A$27 -> 0 | B75: =$B$27 -> 0 | Q75: =$Q$27 -> 0 | S75: =$S$27 -> 0 | U75: =$U$27 -> 0 | W75: =$W$27 -> 0 | Z75: =$Z$27 -> 0
A76: =$A$28 -> 0 | B76: =$B$28 -> 0 | Q76: =$Q$28 -> 0 | S76: =$S$28 -> 0 | U76: =$U$28 -> 0 | W76: =$W$28 -> 0 | Z76: =$Z$28 -> 0
A77: =$A$29 -> 0 | B77: =$B$29 -> 0 | Q77: =$Q$29 -> 0 | S77: =$S$29 -> 0 | U77: =$U$29 -> 0 | W77: =$W$29 -> 0 | Z77: =$Z$29 -> 0
A78: =$A$30 -> 0 | B78: =$B$30 -> 0 | Q78: =$Q$30 -> 0 | S78: =$S$30 -> 0 | U78: =$U$30 -> 0 | W78: =$W$30 -> 0 | Z78: =$Z$30 -> 0
A79: =$A$31 -> 0 | B79: =$B$31 -> 0 | Q79: =$Q$31 -> 0 | S79: =$S$31 -> 0 | U79: =$U$31 -> 0 | W79: =$W$31 -> 0 | Z79: =$Z$31 -> 0
A80: =$A$32 -> 0 | B80: =$B$32 -> 0 | Q80: =$Q$32 -> 0 | S80: =$S$32 -> 0 | U80: =$U$32 -> 0 | W80: =$W$32 -> 0 | Z80: =$Z$32 -> 0
A81: =$A$33 -> 0 | B81: =$B$33 -> 0 | Q81: =$Q$33 -> 0 | S81: =$S$33 -> 0 | U81: =$U$33 -> 0 | W81: =$W$33 -> 0 | Z81: =$Z$33 -> 0
A82: =$A$34 -> 0 | B82: =$B$34 -> 0 | Q82: =$Q$34 -> 0 | S82: =$S$34 -> 0 | U82: =$U$34 -> 0 | W82: =$W$34 -> 0 | Z82: =$Z$34 -> 0
A83: =$A$35 -> 0 | B83: =$B$35 -> 0 | Q83: =$Q$35 -> 0 | S83: =$S$35 -> 0 | U83: =$U$35 -> 0 | W83: =$W$35 -> 0 | Z83: =$Z$35 -> 0
A84: =$A$36 -> 0 | B84: =$B$36 -> 0 | Q84: =$Q$36 -> 0 | S84: =$S$36 -> 0 | U84: =$U$36 -> 0 | W84: =$W$36 -> 0 | Z84: =$Z$36 -> 0
A85: =$A$37 -> 0 | B85: =$B$37 -> 0 | Q85: =$Q$37 -> 0 | S85: =$S$37 -> 0 | U85: =$U$37 -> 0 | W85: =$W$37 -> 0 | Z85: =$Z$37 -> 0
A86: =$A$38 -> 0 | B86: =$B$38 -> 0 | Q86: =$Q$38 -> 0 | S86: =$S$38 -> 0 | U86: =$U$38 -> 0 | W86: =$W$38 -> 0 | Z86: =$Z$38 -> 0
A87: =$A$39 -> 0 | B87: =$B$39 -> 0 | Q87: =$Q$39 -> 0 | S87: =$S$39 -> 0 | U87: =$U$39 -> 0 | W87: =$W$39 -> 0 | Z87: =$Z$39 -> 0
A88: =$A$40 -> 0 | B88: =$B$40 -> 0 | Q88: =$Q$40 -> 0 | S88: =$S$40 -> 0 | U88: =$U$40 -> 0 | W88: =$W$40 -> 0 | Z88: =$Z$40 -> 0
A90: 備考 | B90: =$B$42 -> 0 | M90: 税率10% | P90: 小計 | R90: =$R$42 -> 0 | W90: 消費税 | Z90: =$Z$42 -> 0
M91: 税率 8% | P91: 小計 | R91: =$R$43 -> 0 | W91: 消費税 | Z91: =$Z$43 -> 0
M92: 非課税 | P92: 小計 | R92: =$R$44 -> 0
M94: 請求金額（税込） | S94: =$S$46 -> 0 | AA94: 決裁
X97: =$X$1 -> ■■■■■■■■■■■■■■■
I98: 納品・請求書 | X98: =$X$2 -> 年 月 日
I99: 【販売用】 | Q99: (サンエイ送付用) | X99: No. | Y99: =$Y$3 -> 1
A101: 株式会社 | F101: 御中 | O101: 請求者 | Q101: 登録番号： | T101: =$T$5 -> 0
A102: =$A$6 -> --- 営業所を選択してください。 --- | O102: 住所 | Q102: =$Q$6 -> 0
A103: 担当者 | C103: =$C$7 -> 0 | G103: 受注番号 | J103: =$J$7 -> 0
A104: 客先名 | C104: =$C$8 -> 0 | O104: 会社名 | Q104: =$Q$8 -> 0
A105: 工事先名 | C105: =$C$9 -> 0
A106: 工事場所 | C106: =$C$10 -> 0 | O106: ＴＥＬ | Q106: =$Q$10 | W106: ＦＡＸ | Y106: =$Y$10
A108: 月/日 | B108: 工事内容 | Q108: 数量 | S108: 単位 | U108: 税率 | W108: 単価 | Z108: 金額(税抜)
A109: =$A$13 -> 0 | B109: =$B$13 -> 0 | Q109: =$Q$13 -> 0 | S109: =$S$13 -> 0 | U109: =$U$13 -> 0 | W109: =$W$13 -> 0 | Z109: =$Z$13 -> 0
A110: =$A$14 -> 0 | B110: =$B$14 -> 0 | Q110: =$Q$14 -> 0 | S110: =$S$14 -> 0 | U110: =$U$14 -> 0 | W110: =$W$14 -> 0 | Z110: =$Z$14 -> 0
A111: =$A$15 -> 0 | B111: =$B$15 -> 0 | Q111: =$Q$15 -> 0 | S111: =$S$15 -> 0 | U111: =$U$15 -> 0 | W111: =$W$15 -> 0 | Z111: =$Z$15 -> 0
A112: =$A$16 -> 0 | B112: =$B$16 -> 0 | Q112: =$Q$16 -> 0 | S112: =$S$16 -> 0 | U112: =$U$16 -> 0 | W112: =$W$16 -> 0 | Z112: =$Z$16 -> 0
A113: =$A$17 -> 0 | B113: =$B$17 -> 0 | Q113: =$Q$17 -> 0 | S113: =$S$17 -> 0 | U113: =$U$17 -> 0 | W113: =$W$17 -> 0 | Z113: =$Z$17 -> 0
A114: =$A$18 -> 0 | B114: =$B$18 -> 0 | Q114: =$Q$18 -> 0 | S114: =$S$18 -> 0 | U114: =$U$18 -> 0 | W114: =$W$18 -> 0 | Z114: =$Z$18 -> 0
A115: =$A$19 -> 0 | B115: =$B$19 -> 0 | Q115: =$Q$19 -> 0 | S115: =$S$19 -> 0 | U115: =$U$19 -> 0 | W115: =$W$19 -> 0 | Z115: =$Z$19 -> 0
A116: =$A$20 -> 0 | B116: =$B$20 -> 0 | Q116: =$Q$20 -> 0 | S116: =$S$20 -> 0 | U116: =$U$20 -> 0 | W116: =$W$20 -> 0 | Z116: =$Z$20 -> 0
A117: =$A$21 -> 0 | B117: =$B$21 -> 0 | Q117: =$Q$21 -> 0 | S117: =$S$21 -> 0 | U117: =$U$21 -> 0 | W117: =$W$21 -> 0 | Z117: =$Z$21 -> 0
A118: =$A$22 -> 0 | B118: =$B$22 -> 0 | Q118: =$Q$22 -> 0 | S118: =$S$22 -> 0 | U118: =$U$22 -> 0 | W118: =$W$22 -> 0 | Z118: =$Z$22 -> 0
A119: =$A$23 -> 0 | B119: =$B$23 -> 0 | Q119: =$Q$23 -> 0 | S119: =$S$23 -> 0 | U119: =$U$23 -> 0 | W119: =$W$23 -> 0 | Z119: =$Z$23 -> 0
A120: =$A$24 -> 0 | B120: =$B$24 -> 0 | Q120: =$Q$24 -> 0 | S120: =$S$24 -> 0 | U120: =$U$24 -> 0 | W120: =$W$24 -> 0 | Z120: =$Z$24 -> 0
A121: =$A$25 -> 0 | B121: =$B$25 -> 0 | Q121: =$Q$25 -> 0 | S121: =$S$25 -> 0 | U121: =$U$25 -> 0 | W121: =$W$25 -> 0 | Z121: =$Z$25 -> 0
A122: =$A$26 -> 0 | B122: =$B$26 -> 0 | Q122: =$Q$26 -> 0 | S122: =$S$26 -> 0 | U122: =$U$26 -> 0 | W122: =$W$26 -> 0 | Z122: =$Z$26 -> 0
A123: =$A$27 -> 0 | B123: =$B$27 -> 0 | Q123: =$Q$27 -> 0 | S123: =$S$27 -> 0 | U123: =$U$27 -> 0 | W123: =$W$27 -> 0 | Z123: =$Z$27 -> 0
A124: =$A$28 -> 0 | B124: =$B$28 -> 0 | Q124: =$Q$28 -> 0 | S124: =$S$28 -> 0 | U124: =$U$28 -> 0 | W124: =$W$28 -> 0 | Z124: =$Z$28 -> 0
A125: =$A$29 -> 0 | B125: =$B$29 -> 0 | Q125: =$Q$29 -> 0 | S125: =$S$29 -> 0 | U125: =$U$29 -> 0 | W125: =$W$29 -> 0 | Z125: =$Z$29 -> 0
A126: =$A$30 -> 0 | B126: =$B$30 -> 0 | Q126: =$Q$30 -> 0 | S126: =$S$30 -> 0 | U126: =$U$30 -> 0 | W126: =$W$30 -> 0 | Z126: =$Z$30 -> 0
A127: =$A$31 -> 0 | B127: =$B$31 -> 0 | Q127: =$Q$31 -> 0 | S127: =$S$31 -> 0 | U127: =$U$31 -> 0 | W127: =$W$31 -> 0 | Z127: =$Z$31 -> 0
A128: =$A$32 -> 0 | B128: =$B$32 -> 0 | Q128: =$Q$32 -> 0 | S128: =$S$32 -> 0 | U128: =$U$32 -> 0 | W128: =$W$32 -> 0 | Z128: =$Z$32 -> 0
A129: =$A$33 -> 0 | B129: =$B$33 -> 0 | Q129: =$Q$33 -> 0 | S129: =$S$33 -> 0 | U129: =$U$33 -> 0 | W129: =$W$33 -> 0 | Z129: =$Z$33 -> 0
A130: =$A$34 -> 0 | B130: =$B$34 -> 0 | Q130: =$Q$34 -> 0 | S130: =$S$34 -> 0 | U130: =$U$34 -> 0 | W130: =$W$34 -> 0 | Z130: =$Z$34 -> 0
A131: =$A$35 -> 0 | B131: =$B$35 -> 0 | Q131: =$Q$35 -> 0 | S131: =$S$35 -> 0 | U131: =$U$35 -> 0 | W131: =$W$35 -> 0 | Z131: =$Z$35 -> 0
A132: =$A$36 -> 0 | B132: =$B$36 -> 0 | Q132: =$Q$36 -> 0 | S132: =$S$36 -> 0 | U132: =$U$36 -> 0 | W132: =$W$36 -> 0 | Z132: =$Z$36 -> 0
A133: =$A$37 -> 0 | B133: =$B$37 -> 0 | Q133: =$Q$37 -> 0 | S133: =$S$37 -> 0 | U133: =$U$37 -> 0 | W133: =$W$37 -> 0 | Z133: =$Z$37 -> 0
A134: =$A$38 -> 0 | B134: =$B$38 -> 0 | Q134: =$Q$38 -> 0 | S134: =$S$38 -> 0 | U134: =$U$38 -> 0 | W134: =$W$38 -> 0 | Z134: =$Z$38 -> 0
A135: =$A$39 -> 0 | B135: =$B$39 -> 0 | Q135: =$Q$39 -> 0 | S135: =$S$39 -> 0 | U135: =$U$39 -> 0 | W135: =$W$39 -> 0 | Z135: =$Z$39 -> 0
A136: =$A$40 -> 0 | B136: =$B$40 -> 0 | Q136: =$Q$40 -> 0 | S136: =$S$40 -> 0 | U136: =$U$40 -> 0 | W136: =$W$40 -> 0 | Z136: =$Z$40 -> 0
A138: 備考 | B138: =$B$42 -> 0 | M138: 税率10% | P138: 小計 | R138: =$R$42 -> 0 | W138: 消費税 | Z138: =$Z$42 -> 0
M139: 税率 8% | P139: 小計 | R139: =$R$43 -> 0 | W139: 消費税 | Z139: =$Z$43 -> 0
M140: 非課税 | P140: 小計 | R140: =$R$44 -> 0
M142: 請求金額（税込） | S142: =$S$46 -> 0 | AA142: 決裁

Sheet 納品・請求書_2
X1: =請求総括表!$U$1 -> ■■■■■■■■■■■■■■■
I2: 納品・請求書 | X2: =請求総括表!$U$2 -> 年 月 日
I3: 【販売用】 | Q3: (請求者控) | X3: No. | Y3: 2
A5: 株式会社 | F5: 御中 | O5: 請求者 | Q5: 登録番号： | T5: =請求総括表!$U$6 -> 0
A6: --- 営業所を選択してください。 --- | O6: 住所 | Q6: =請求総括表!$R$7 -> 0
A7: 担当者 | G7: 受注番号
A8: 客先名 | O8: 会社名 | Q8: =請求総括表!$R$9 -> 0
A9: 工事先名
A10: 工事場所 | O10: ＴＥＬ | Q10: =ASC(請求総括表!$R$11) | W10: ＦＡＸ | Y10: =ASC(請求総括表!$R$12)
A12: 月/日 | B12: 工事内容 | Q12: 数量 | S12: 単位 | U12: 税率 | W12: 単価 | Z12: 金額(税抜)
A42: 備考 | M42: 税率10% | P42: 小計 | R42: =SUMIFS($Z$13:$Z$40,$U$13:$U$40,"10%") -> 0 | W42: 消費税
M43: 税率 8% | P43: 小計 | R43: =SUMIFS($Z$13:$Z$40,$U$13:$U$40,"8%") -> 0 | W43: 消費税
M44: 非課税 | P44: 小計 | R44: =SUMIFS($Z$13:$Z$40,$U$13:$U$40,"非課税") -> 0
M46: 請求金額（税込） | S46: =SUM($R$42,$Z$42,$R$43,$Z$43,$R$44) -> 0 | AA46: 決裁
X49: =$X$1 -> ■■■■■■■■■■■■■■■
I50: 納品・請求書 | X50: =$X$2 -> 年 月 日
I51: 【販売用】 | Q51: (サンエイ送付用) | X51: No. | Y51: =$Y$3 -> 2
A53: 株式会社 | F53: 御中 | O53: 請求者 | Q53: 登録番号： | T53: =$T$5 -> 0
A54: =$A$6 -> --- 営業所を選択してください。 --- | O54: 住所 | Q54: =$Q$6 -> 0
A55: 担当者 | C55: =$C$7 -> 0 | G55: 受注番号 | J55: =$J$7 -> 0
A56: 客先名 | C56: =$C$8 -> 0 | O56: 会社名 | Q56: =$Q$8 -> 0
A57: 工事先名 | C57: =$C$9 -> 0
A58: 工事場所 | C58: =$C$10 -> 0 | O58: ＴＥＬ | Q58: =$Q$10 | W58: ＦＡＸ | Y58: =$Y$10
A60: 月/日 | B60: 工事内容 | Q60: 数量 | S60: 単位 | U60: 税率 | W60: 単価 | Z60: 金額(税抜)
A61: =$A$13 -> 0 | B61: =$B$13 -> 0 | Q61: =$Q$13 -> 0 | S61: =$S$13 -> 0 | U61: =$U$13 -> 0 | W61: =$W$13 -> 0 | Z61: =$Z$13 -> 0
A62: =$A$14 -> 0 | B62: =$B$14 -> 0 | Q62: =$Q$14 -> 0 | S62: =$S$14 -> 0 | U62: =$U$14 -> 0 | W62: =$W$14 -> 0 | Z62: =$Z$14 -> 0
A63: =$A$15 -> 0 | B63: =$B$15 -> 0 | Q63: =$Q$15 -> 0 | S63: =$S$15 -> 0 | U63: =$U$15 -> 0 | W63: =$W$15 -> 0 | Z63: =$Z$15 -> 0
A64: =$A$16 -> 0 | B64: =$B$16 -> 0 | Q64: =$Q$16 -> 0 | S64: =$S$16 -> 0 | U64: =$U$16 -> 0 | W64: =$W$16 -> 0 | Z64: =$Z$16 -> 0
A65: =$A$17 -> 0 | B65: =$B$17 -> 0 | Q65: =$Q$17 -> 0 | S65: =$S$17 -> 0 | U65: =$U$17 -> 0 | W65: =$W$17 -> 0 | Z65: =$Z$17 -> 0
A66: =$A$18 -> 0 | B66: =$B$18 -> 0 | Q66: =$Q$18 -> 0 | S66: =$S$18 -> 0 | U66: =$U$18 -> 0 | W66: =$W$18 -> 0 | Z66: =$Z$18 -> 0
A67: =$A$19 -> 0 | B67: =$B$19 -> 0 | Q67: =$Q$19 -> 0 | S67: =$S$19 -> 0 | U67: =$U$19 -> 0 | W67: =$W$19 -> 0 | Z67: =$Z$19 -> 0
A68: =$A$20 -> 0 | B68: =$B$20 -> 0 | Q68: =$Q$20 -> 0 | S68: =$S$20 -> 0 | U68: =$U$20 -> 0 | W68: =$W$20 -> 0 | Z68: =$Z$20 -> 0
A69: =$A$21 -> 0 | B69: =$B$21 -> 0 | Q69: =$Q$21 -> 0 | S69: =$S$21 -> 0 | U69: =$U$21 -> 0 | W69: =$W$21 -> 0 | Z69: =$Z$21 -> 0
A70: =$A$22 -> 0 | B70: =$B$22 -> 0 | Q70: =$Q$22 -> 0 | S70: =$S$22 -> 0 | U70: =$U$22 -> 0 | W70: =$W$22 -> 0 | Z70: =$Z$22 -> 0
A71: =$A$23 -> 0 | B71: =$B$23 -> 0 | Q71: =$Q$23 -> 0 | S71: =$S$23 -> 0 | U71: =$U$23 -> 0 | W71: =$W$23 -> 0 | Z71: =$Z$23 -> 0
A72: =$A$24 -> 0 | B72: =$B$24 -> 0 | Q72: =$Q$24 -> 0 | S72: =$S$24 -> 0 | U72: =$U$24 -> 0 | W72: =$W$24 -> 0 | Z72: =$Z$24 -> 0
A73: =$A$25 -> 0 | B73: =$B$25 -> 0 | Q73: =$Q$25 -> 0 | S73: =$S$25 -> 0 | U73: =$U$25 -> 0 | W73: =$W$25 -> 0 | Z73: =$Z$25 -> 0
A74: =$A$26 -> 0 | B74: =$B$26 -> 0 | Q74: =$Q$26 -> 0 | S74: =$S$26 -> 0 | U74: =$U$26 -> 0 | W74: =$W$26 -> 0 | Z74: =$Z$26 -> 0
A75: =$A$27 -> 0 | B75: =$B$27 -> 0 | Q75: =$Q$27 -> 0 | S75: =$S$27 -> 0 | U75: =$U$27 -> 0 | W75: =$W$27 -> 0 | Z75: =$Z$27 -> 0
A76: =$A$28 -> 0 | B76: =$B$28 -> 0 | Q76: =$Q$28 -> 0 | S76: =$S$28 -> 0 | U76: =$U$28 -> 0 | W76: =$W$28 -> 0 | Z76: =$Z$28 -> 0
A77: =$A$29 -> 0 | B77: =$B$29 -> 0 | Q77: =$Q$29 -> 0 | S77: =$S$29 -> 0 | U77: =$U$29 -> 0 | W77: =$W$29 -> 0 | Z77: =$Z$29 -> 0
A78: =$A$30 -> 0 | B78: =$B$30 -> 0 | Q78: =$Q$30 -> 0 | S78: =$S$30 -> 0 | U78: =$U$30 -> 0 | W78: =$W$30 -> 0 | Z78: =$Z$30 -> 0
A79: =$A$31 -> 0 | B79: =$B$31 -> 0 | Q79: =$Q$31 -> 0 | S79: =$S$31 -> 0 | U79: =$U$31 -> 0 | W79: =$W$31 -> 0 | Z79: =$Z$31 -> 0
A80: =$A$32 -> 0 | B80: =$B$32 -> 0 | Q80: =$Q$32 -> 0 | S80: =$S$32 -> 0 | U80: =$U$32 -> 0 | W80: =$W$32 -> 0 | Z80: =$Z$32 -> 0
A81: =$A$33 -> 0 | B81: =$B$33 -> 0 | Q81: =$Q$33 -> 0 | S81: =$S$33 -> 0 | U81: =$U$33 -> 0 | W81: =$W$33 -> 0 | Z81: =$Z$33 -> 0
A82: =$A$34 -> 0 | B82: =$B$34 -> 0 | Q82: =$Q$34 -> 0 | S82: =$S$34 -> 0 | U82: =$U$34 -> 0 | W82: =$W$34 -> 0 | Z82: =$Z$34 -> 0
A83: =$A$35 -> 0 | B83: =$B$35 -> 0 | Q83: =$Q$35 -> 0 | S83: =$S$35 -> 0 | U83: =$U$35 -> 0 | W83: =$W$35 -> 0 | Z83: =$Z$35 -> 0
A84: =$A$36 -> 0 | B84: =$B$36 -> 0 | Q84: =$Q$36 -> 0 | S84: =$S$36 -> 0 | U84: =$U$36 -> 0 | W84: =$W$36 -> 0 | Z84: =$Z$36 -> 0
A85: =$A$37 -> 0 | B85: =$B$37 -> 0 | Q85: =$Q$37 -> 0 | S85: =$S$37 -> 0 | U85: =$U$37 -> 0 | W85: =$W$37 -> 0 | Z85: =$Z$37 -> 0
A86: =$A$38 -> 0 | B86: =$B$38 -> 0 | Q86: =$Q$38 -> 0 | S86: =$S$38 -> 0 | U86: =$U$38 -> 0 | W86: =$W$38 -> 0 | Z86: =$Z$38 -> 0
A87: =$A$39 -> 0 | B87: =$B$39 -> 0 | Q87: =$Q$39 -> 0 | S87: =$S$39 -> 0 | U87: =$U$39 -> 0 | W87: =$W$39 -> 0 | Z87: =$Z$39 -> 0
A88: =$A$40 -> 0 | B88: =$B$40 -> 0 | Q88: =$Q$40 -> 0 | S88: =$S$40 -> 0 | U88: =$U$40 -> 0 | W88: =$W$40 -> 0 | Z88: =$Z$40 -> 0
A90: 備考 | B90: =$B$42 -> 0 | M90: 税率10% | P90: 小計 | R90: =$R$42 -> 0 | W90: 消費税 | Z90: =$Z$42 -> 0
M91: 税率 8% | P91: 小計 | R91: =$R$43 -> 0 | W91: 消費税 | Z91: =$Z$43 -> 0
M92: 非課税 | P92: 小計 | R92: =$R$44 -> 0
M94: 請求金額（税込） | S94: =$S$46 -> 0 | AA94: 決裁
X97: =$X$1 -> ■■■■■■■■■■■■■■■
I98: 納品・請求書 | X98: =$X$2 -> 年 月 日
I99: 【販売用】 | Q99: (サンエイ送付用) | X99: No. | Y99: =$Y$3 -> 2
A101: 株式会社 | F101: 御中 | O101: 請求者 | Q101: 登録番号： | T101: =$T$5 -> 0
A102: =$A$6 -> --- 営業所を選択してください。 --- | O102: 住所 | Q102: =$Q$6 -> 0
A103: 担当者 | C103: =$C$7 -> 0 | G103: 受注番号 | J103: =$J$7 -> 0
A104: 客先名 | C104: =$C$8 -> 0 | O104: 会社名 | Q104: =$Q$8 -> 0
A105: 工事先名 | C105: =$C$9 -> 0
A106: 工事場所 | C106: =$C$10 -> 0 | O106: ＴＥＬ | Q106: =$Q$10 | W106: ＦＡＸ | Y106: =$Y$10
A108: 月/日 | B108: 工事内容 | Q108: 数量 | S108: 単位 | U108: 税率 | W108: 単価 | Z108: 金額(税抜)
A109: =$A$13 -> 0 | B109: =$B$13 -> 0 | Q109: =$Q$13 -> 0 | S109: =$S$13 -> 0 | U109: =$U$13 -> 0 | W109: =$W$13 -> 0 | Z109: =$Z$13 -> 0
A110: =$A$14 -> 0 | B110: =$B$14 -> 0 | Q110: =$Q$14 -> 0 | S110: =$S$14 -> 0 | U110: =$U$14 -> 0 | W110: =$W$14 -> 0 | Z110: =$Z$14 -> 0
A111: =$A$15 -> 0 | B111: =$B$15 -> 0 | Q111: =$Q$15 -> 0 | S111: =$S$15 -> 0 | U111: =$U$15 -> 0 | W111: =$W$15 -> 0 | Z111: =$Z$15 -> 0
A112: =$A$16 -> 0 | B112: =$B$16 -> 0 | Q112: =$Q$16 -> 0 | S112: =$S$16 -> 0 | U112: =$U$16 -> 0 | W112: =$W$16 -> 0 | Z112: =$Z$16 -> 0
A113: =$A$17 -> 0 | B113: =$B$17 -> 0 | Q113: =$Q$17 -> 0 | S113: =$S$17 -> 0 | U113: =$U$17 -> 0 | W113: =$W$17 -> 0 | Z113: =$Z$17 -> 0
A114: =$A$18 -> 0 | B114: =$B$18 -> 0 | Q114: =$Q$18 -> 0 | S114: =$S$18 -> 0 | U114: =$U$18 -> 0 | W114: =$W$18 -> 0 | Z114: =$Z$18 -> 0
A115: =$A$19 -> 0 | B115: =$B$19 -> 0 | Q115: =$Q$19 -> 0 | S115: =$S$19 -> 0 | U115: =$U$19 -> 0 | W115: =$W$19 -> 0 | Z115: =$Z$19 -> 0
A116: =$A$20 -> 0 | B116: =$B$20 -> 0 | Q116: =$Q$20 -> 0 | S116: =$S$20 -> 0 | U116: =$U$20 -> 0 | W116: =$W$20 -> 0 | Z116: =$Z$20 -> 0
A117: =$A$21 -> 0 | B117: =$B$21 -> 0 | Q117: =$Q$21 -> 0 | S117: =$S$21 -> 0 | U117: =$U$21 -> 0 | W117: =$W$21 -> 0 | Z117: =$Z$21 -> 0
A118: =$A$22 -> 0 | B118: =$B$22 -> 0 | Q118: =$Q$22 -> 0 | S118: =$S$22 -> 0 | U118: =$U$22 -> 0 | W118: =$W$22 -> 0 | Z118: =$Z$22 -> 0
A119: =$A$23 -> 0 | B119: =$B$23 -> 0 | Q119: =$Q$23 -> 0 | S119: =$S$23 -> 0 | U119: =$U$23 -> 0 | W119: =$W$23 -> 0 | Z119: =$Z$23 -> 0
A120: =$A$24 -> 0 | B120: =$B$24 -> 0 | Q120: =$Q$24 -> 0 | S120: =$S$24 -> 0 | U120: =$U$24 -> 0 | W120: =$W$24 -> 0 | Z120: =$Z$24 -> 0
A121: =$A$25 -> 0 | B121: =$B$25 -> 0 | Q121: =$Q$25 -> 0 | S121: =$S$25 -> 0 | U121: =$U$25 -> 0 | W121: =$W$25 -> 0 | Z121: =$Z$25 -> 0
A122: =$A$26 -> 0 | B122: =$B$26 -> 0 | Q122: =$Q$26 -> 0 | S122: =$S$26 -> 0 | U122: =$U$26 -> 0 | W122: =$W$26 -> 0 | Z122: =$Z$26 -> 0
A123: =$A$27 -> 0 | B123: =$B$27 -> 0 | Q123: =$Q$27 -> 0 | S123: =$S$27 -> 0 | U123: =$U$27 -> 0 | W123: =$W$27 -> 0 | Z123: =$Z$27 -> 0
A124: =$A$28 -> 0 | B124: =$B$28 -> 0 | Q124: =$Q$28 -> 0 | S124: =$S$28 -> 0 | U124: =$U$28 -> 0 | W124: =$W$28 -> 0 | Z124: =$Z$28 -> 0
A125: =$A$29 -> 0 | B125: =$B$29 -> 0 | Q125: =$Q$29 -> 0 | S125: =$S$29 -> 0 | U125: =$U$29 -> 0 | W125: =$W$29 -> 0 | Z125: =$Z$29 -> 0
A126: =$A$30 -> 0 | B126: =$B$30 -> 0 | Q126: =$Q$30 -> 0 | S126: =$S$30 -> 0 | U126: =$U$30 -> 0 | W126: =$W$30 -> 0 | Z126: =$Z$30 -> 0
A127: =$A$31 -> 0 | B127: =$B$31 -> 0 | Q127: =$Q$31 -> 0 | S127: =$S$31 -> 0 | U127: =$U$31 -> 0 | W127: =$W$31 -> 0 | Z127: =$Z$31 -> 0
A128: =$A$32 -> 0 | B128: =$B$32 -> 0 | Q128: =$Q$32 -> 0 | S128: =$S$32 -> 0 | U128: =$U$32 -> 0 | W128: =$W$32 -> 0 | Z128: =$Z$32 -> 0
A129: =$A$33 -> 0 | B129: =$B$33 -> 0 | Q129: =$Q$33 -> 0 | S129: =$S$33 -> 0 | U129: =$U$33 -> 0 | W129: =$W$33 -> 0 | Z129: =$Z$33 -> 0
A130: =$A$34 -> 0 | B130: =$B$34 -> 0 | Q130: =$Q$34 -> 0 | S130: =$S$34 -> 0 | U130: =$U$34 -> 0 | W130: =$W$34 -> 0 | Z130: =$Z$34 -> 0
A131: =$A$35 -> 0 | B131: =$B$35 -> 0 | Q131: =$Q$35 -> 0 | S131: =$S$35 -> 0 | U131: =$U$35 -> 0 | W131: =$W$35 -> 0 | Z131: =$Z$35 -> 0
A132: =$A$36 -> 0 | B132: =$B$36 -> 0 | Q132: =$Q$36 -> 0 | S132: =$S$36 -> 0 | U132: =$U$36 -> 0 | W132: =$W$36 -> 0 | Z132: =$Z$36 -> 0
A133: =$A$37 -> 0 | B133: =$B$37 -> 0 | Q133: =$Q$37 -> 0 | S133: =$S$37 -> 0 | U133: =$U$37 -> 0 | W133: =$W$37 -> 0 | Z133: =$Z$37 -> 0
A134: =$A$38 -> 0 | B134: =$B$38 -> 0 | Q134: =$Q$38 -> 0 | S134: =$S$38 -> 0 | U134: =$U$38 -> 0 | W134: =$W$38 -> 0 | Z134: =$Z$38 -> 0
A135: =$A$39 -> 0 | B135: =$B$39 -> 0 | Q135: =$Q$39 -> 0 | S135: =$S$39 -> 0 | U135: =$U$39 -> 0 | W135: =$W$39 -> 0 | Z135: =$Z$39 -> 0
A136: =$A$40 -> 0 | B136: =$B$40 -> 0 | Q136: =$Q$40 -> 0 | S136: =$S$40 -> 0 | U136: =$U$40 -> 0 | W136: =$W$40 -> 0 | Z136: =$Z$40 -> 0
A138: 備考 | B138: =$B$42 -> 0 | M138: 税率10% | P138: 小計 | R138: =$R$42 -> 0 | W138: 消費税 | Z138: =$Z$42 -> 0
M139: 税率 8% | P139: 小計 | R139: =$R$43 -> 0 | W139: 消費税 | Z139: =$Z$43 -> 0
M140: 非課税 | P140: 小計 | R140: =$R$44 -> 0
M142: 請求金額（税込） | S142: =$S$46 -> 0 | AA142: 決裁

Sheet 納品・請求書_3
X1: =請求総括表!$U$1 -> ■■■■■■■■■■■■■■■
I2: 納品・請求書 | X2: =請求総括表!$U$2 -> 年 月 日
I3: 【販売用】 | Q3: (請求者控) | X3: No. | Y3: 3
A5: 株式会社 | F5: 御中 | O5: 請求者 | Q5: 登録番号： | T5: =請求総括表!$U$6 -> 0
A6: --- 営業所を選択してください。 --- | O6: 住所 | Q6: =請求総括表!$R$7 -> 0
A7: 担当者 | G7: 受注番号
A8: 客先名 | O8: 会社名 | Q8: =請求総括表!$R$9 -> 0
A9: 工事先名
A10: 工事場所 | O10: ＴＥＬ | Q10: =ASC(請求総括表!$R$11) | W10: ＦＡＸ | Y10: =ASC(請求総括表!$R$12)
A12: 月/日 | B12: 工事内容 | Q12: 数量 | S12: 単位 | U12: 税率 | W12: 単価 | Z12: 金額(税抜)
A42: 備考 | M42: 税率10% | P42: 小計 | R42: =SUMIFS($Z$13:$Z$40,$U$13:$U$40,"10%") -> 0 | W42: 消費税
M43: 税率 8% | P43: 小計 | R43: =SUMIFS($Z$13:$Z$40,$U$13:$U$40,"8%") -> 0 | W43: 消費税
M44: 非課税 | P44: 小計 | R44: =SUMIFS($Z$13:$Z$40,$U$13:$U$40,"非課税") -> 0
M46: 請求金額（税込） | S46: =SUM($R$42,$Z$42,$R$43,$Z$43,$R$44) -> 0 | AA46: 決裁
X49: =$X$1 -> ■■■■■■■■■■■■■■■
I50: 納品・請求書 | X50: =$X$2 -> 年 月 日
I51: 【販売用】 | Q51: (サンエイ送付用) | X51: No. | Y51: 3
A53: 株式会社 | F53: 御中 | O53: 請求者 | Q53: 登録番号： | T53: =$T$5 -> 0
A54: =$A$6 -> --- 営業所を選択してください。 --- | O54: 住所 | Q54: =$Q$6 -> 0
A55: 担当者 | C55: =$C$7 -> 0 | G55: 受注番号 | J55: =$J$7 -> 0
A56: 客先名 | C56: =$C$8 -> 0 | O56: 会社名 | Q56: =$Q$8 -> 0
A57: 工事先名 | C57: =$C$9 -> 0
A58: 工事場所 | C58: =$C$10 -> 0 | O58: ＴＥＬ | Q58: =$Q$10 | W58: ＦＡＸ | Y58: =$Y$10
A60: 月/日 | B60: 工事内容 | Q60: 数量 | S60: 単位 | U60: 税率 | W60: 単価 | Z60: 金額(税抜)
A61: =$A$13 -> 0 | B61: =$B$13 -> 0 | Q61: =$Q$13 -> 0 | S61: =$S$13 -> 0 | U61: =$U$13 -> 0 | W61: =$W$13 -> 0 | Z61: =$Z$13 -> 0
A62: =$A$14 -> 0 | B62: =$B$14 -> 0 | Q62: =$Q$14 -> 0 | S62: =$S$14 -> 0 | U62: =$U$14 -> 0 | W62: =$W$14 -> 0 | Z62: =$Z$14 -> 0
A63: =$A$15 -> 0 | B63: =$B$15 -> 0 | Q63: =$Q$15 -> 0 | S63: =$S$15 -> 0 | U63: =$U$15 -> 0 | W63: =$W$15 -> 0 | Z63: =$Z$15 -> 0
A64: =$A$16 -> 0 | B64: =$B$16 -> 0 | Q64: =$Q$16 -> 0 | S64: =$S$16 -> 0 | U64: =$U$16 -> 0 | W64: =$W$16 -> 0 | Z64: =$Z$16 -> 0
A65: =$A$17 -> 0 | B65: =$B$17 -> 0 | Q65: =$Q$17 -> 0 | S65: =$S$17 -> 0 | U65: =$U$17 -> 0 | W65: =$W$17 -> 0 | Z65: =$Z$17 -> 0
A66: =$A$18 -> 0 | B66: =$B$18 -> 0 | Q66: =$Q$18 -> 0 | S66: =$S$18 -> 0 | U66: =$U$18 -> 0 | W66: =$W$18 -> 0 | Z66: =$Z$18 -> 0
A67: =$A$19 -> 0 | B67: =$B$19 -> 0 | Q67: =$Q$19 -> 0 | S67: =$S$19 -> 0 | U67: =$U$19 -> 0 | W67: =$W$19 -> 0 | Z67: =$Z$19 -> 0
A68: =$A$20 -> 0 | B68: =$B$20 -> 0 | Q68: =$Q$20 -> 0 | S68: =$S$20 -> 0 | U68: =$U$20 -> 0 | W68: =$W$20 -> 0 | Z68: =$Z$20 -> 0
A69: =$A$21 -> 0 | B69: =$B$21 -> 0 | Q69: =$Q$21 -> 0 | S69: =$S$21 -> 0 | U69: =$U$21 -> 0 | W69: =$W$21 -> 0 | Z69: =$Z$21 -> 0
A70: =$A$22 -> 0 | B70: =$B$22 -> 0 | Q70: =$Q$22 -> 0 | S70: =$S$22 -> 0 | U70: =$U$22 -> 0 | W70: =$W$22 -> 0 | Z70: =$Z$22 -> 0
A71: =$A$23 -> 0 | B71: =$B$23 -> 0 | Q71: =$Q$23 -> 0 | S71: =$S$23 -> 0 | U71: =$U$23 -> 0 | W71: =$W$23 -> 0 | Z71: =$Z$23 -> 0
A72: =$A$24 -> 0 | B72: =$B$24 -> 0 | Q72: =$Q$24 -> 0 | S72: =$S$24 -> 0 | U72: =$U$24 -> 0 | W72: =$W$24 -> 0 | Z72: =$Z$24 -> 0
A73: =$A$25 -> 0 | B73: =$B$25 -> 0 | Q73: =$Q$25 -> 0 | S73: =$S$25 -> 0 | U73: =$U$25 -> 0 | W73: =$W$25 -> 0 | Z73: =$Z$25 -> 0
A74: =$A$26 -> 0 | B74: =$B$26 -> 0 | Q74: =$Q$26 -> 0 | S74: =$S$26 -> 0 | U74: =$U$26 -> 0 | W74: =$W$26 -> 0 | Z74: =$Z$26 -> 0
A75: =$A$27 -> 0 | B75: =$B$27 -> 0 | Q75: =$Q$27 -> 0 | S75: =$S$27 -> 0 | U75: =$U$27 -> 0 | W75: =$W$27 -> 0 | Z75: =$Z$27 -> 0
A76: =$A$28 -> 0 | B76: =$B$28 -> 0 | Q76: =$Q$28 -> 0 | S76: =$S$28 -> 0 | U76: =$U$28 -> 0 | W76: =$W$28 -> 0 | Z76: =$Z$28 -> 0
A77: =$A$29 -> 0 | B77: =$B$29 -> 0 | Q77: =$Q$29 -> 0 | S77: =$S$29 -> 0 | U77: =$U$29 -> 0 | W77: =$W$29 -> 0 | Z77: =$Z$29 -> 0
A78: =$A$30 -> 0 | B78: =$B$30 -> 0 | Q78: =$Q$30 -> 0 | S78: =$S$30 -> 0 | U78: =$U$30 -> 0 | W78: =$W$30 -> 0 | Z78: =$Z$30 -> 0
A79: =$A$31 -> 0 | B79: =$B$31 -> 0 | Q79: =$Q$31 -> 0 | S79: =$S$31 -> 0 | U79: =$U$31 -> 0 | W79: =$W$31 -> 0 | Z79: =$Z$31 -> 0
A80: =$A$32 -> 0 | B80: =$B$32 -> 0 | Q80: =$Q$32 -> 0 | S80: =$S$32 -> 0 | U80: =$U$32 -> 0 | W80: =$W$32 -> 0 | Z80: =$Z$32 -> 0
A81: =$A$33 -> 0 | B81: =$B$33 -> 0 | Q81: =$Q$33 -> 0 | S81: =$S$33 -> 0 | U81: =$U$33 -> 0 | W81: =$W$33 -> 0 | Z81: =$Z$33 -> 0
A82: =$A$34 -> 0 | B82: =$B$34 -> 0 | Q82: =$Q$34 -> 0 | S82: =$S$34 -> 0 | U82: =$U$34 -> 0 | W82: =$W$34 -> 0 | Z82: =$Z$34 -> 0
A83: =$A$35 -> 0 | B83: =$B$35 -> 0 | Q83: =$Q$35 -> 0 | S83: =$S$35 -> 0 | U83: =$U$35 -> 0 | W83: =$W$35 -> 0 | Z83: =$Z$35 -> 0
A84: =$A$36 -> 0 | B84: =$B$36 -> 0 | Q84: =$Q$36 -> 0 | S84: =$S$36 -> 0 | U84: =$U$36 -> 0 | W84: =$W$36 -> 0 | Z84: =$Z$36 -> 0
A85: =$A$37 -> 0 | B85: =$B$37 -> 0 | Q85: =$Q$37 -> 0 | S85: =$S$37 -> 0 | U85: =$U$37 -> 0 | W85: =$W$37 -> 0 | Z85: =$Z$37 -> 0
A86: =$A$38 -> 0 | B86: =$B$38 -> 0 | Q86: =$Q$38 -> 0 | S86: =$S$38 -> 0 | U86: =$U$38 -> 0 | W86: =$W$38 -> 0 | Z86: =$Z$38 -> 0
A87: =$A$39 -> 0 | B87: =$B$39 -> 0 | Q87: =$Q$39 -> 0 | S87: =$S$39 -> 0 | U87: =$U$39 -> 0 | W87: =$W$39 -> 0 | Z87: =$Z$39 -> 0
A88: =$A$40 -> 0 | B88: =$B$40 -> 0 | Q88: =$Q$40 -> 0 | S88: =$S$40 -> 0 | U88: =$U$40 -> 0 | W88: =$W$40 -> 0 | Z88: =$Z$40 -> 0
A90: 備考 | B90: =$B$42 -> 0 | M90: 税率10% | P90: 小計 | R90: =$R$42 -> 0 | W90: 消費税 | Z90: =$Z$42 -> 0
M91: 税率 8% | P91: 小計 | R91: =$R$43 -> 0 | W91: 消費税 | Z91: =$Z$43 -> 0
M92: 非課税 | P92: 小計 | R92: =$R$44 -> 0
M94: 請求金額（税込） | S94: =$S$46 -> 0 | AA94: 決裁
X97: =$X$1 -> ■■■■■■■■■■■■■■■
I98: 納品・請求書 | X98: =$X$2 -> 年 月 日
I99: 【販売用】 | Q99: (サンエイ送付用) | X99: No. | Y99: =$Y$3 -> 3
A101: 株式会社 | F101: 御中 | O101: 請求者 | Q101: 登録番号： | T101: =$T$5 -> 0
A102: =$A$6 -> --- 営業所を選択してください。 --- | O102: 住所 | Q102: =$Q$6 -> 0
A103: 担当者 | C103: =$C$7 -> 0 | G103: 受注番号 | J103: =$J$7 -> 0
A104: 客先名 | C104: =$C$8 -> 0 | O104: 会社名 | Q104: =$Q$8 -> 0
A105: 工事先名 | C105: =$C$9 -> 0
A106: 工事場所 | C106: =$C$10 -> 0 | O106: ＴＥＬ | Q106: =$Q$10 | W106: ＦＡＸ | Y106: =$Y$10
A108: 月/日 | B108: 工事内容 | Q108: 数量 | S108: 単位 | U108: 税率 | W108: 単価 | Z108: 金額(税抜)
A109: =$A$13 -> 0 | B109: =$B$13 -> 0 | Q109: =$Q$13 -> 0 | S109: =$S$13 -> 0 | U109: =$U$13 -> 0 | W109: =$W$13 -> 0 | Z109: =$Z$13 -> 0
A110: =$A$14 -> 0 | B110: =$B$14 -> 0 | Q110: =$Q$14 -> 0 | S110: =$S$14 -> 0 | U110: =$U$14 -> 0 | W110: =$W$14 -> 0 | Z110: =$Z$14 -> 0
A111: =$A$15 -> 0 | B111: =$B$15 -> 0 | Q111: =$Q$15 -> 0 | S111: =$S$15 -> 0 | U111: =$U$15 -> 0 | W111: =$W$15 -> 0 | Z111: =$Z$15 -> 0
A112: =$A$16 -> 0 | B112: =$B$16 -> 0 | Q112: =$Q$16 -> 0 | S112: =$S$16 -> 0 | U112: =$U$16 -> 0 | W112: =$W$16 -> 0 | Z112: =$Z$16 -> 0
A113: =$A$17 -> 0 | B113: =$B$17 -> 0 | Q113: =$Q$17 -> 0 | S113: =$S$17 -> 0 | U113: =$U$17 -> 0 | W113: =$W$17 -> 0 | Z113: =$Z$17 -> 0
A114: =$A$18 -> 0 | B114: =$B$18 -> 0 | Q114: =$Q$18 -> 0 | S114: =$S$18 -> 0 | U114: =$U$18 -> 0 | W114: =$W$18 -> 0 | Z114: =$Z$18 -> 0
A115: =$A$19 -> 0 | B115: =$B$19 -> 0 | Q115: =$Q$19 -> 0 | S115: =$S$19 -> 0 | U115: =$U$19 -> 0 | W115: =$W$19 -> 0 | Z115: =$Z$19 -> 0
A116: =$A$20 -> 0 | B116: =$B$20 -> 0 | Q116: =$Q$20 -> 0 | S116: =$S$20 -> 0 | U116: =$U$20 -> 0 | W116: =$W$20 -> 0 | Z116: =$Z$20 -> 0
A117: =$A$21 -> 0 | B117: =$B$21 -> 0 | Q117: =$Q$21 -> 0 | S117: =$S$21 -> 0 | U117: =$U$21 -> 0 | W117: =$W$21 -> 0 | Z117: =$Z$21 -> 0
A118: =$A$22 -> 0 | B118: =$B$22 -> 0 | Q118: =$Q$22 -> 0 | S118: =$S$22 -> 0 | U118: =$U$22 -> 0 | W118: =$W$22 -> 0 | Z118: =$Z$22 -> 0
A119: =$A$23 -> 0 | B119: =$B$23 -> 0 | Q119: =$Q$23 -> 0 | S119: =$S$23 -> 0 | U119: =$U$23 -> 0 | W119: =$W$23 -> 0 | Z119: =$Z$23 -> 0
A120: =$A$24 -> 0 | B120: =$B$24 -> 0 | Q120: =$Q$24 -> 0 | S120: =$S$24 -> 0 | U120: =$U$24 -> 0 | W120: =$W$24 -> 0 | Z120: =$Z$24 -> 0
A121: =$A$25 -> 0 | B121: =$B$25 -> 0 | Q121: =$Q$25 -> 0 | S121: =$S$25 -> 0 | U121: =$U$25 -> 0 | W121: =$W$25 -> 0 | Z121: =$Z$25 -> 0
A122: =$A$26 -> 0 | B122: =$B$26 -> 0 | Q122: =$Q$26 -> 0 | S122: =$S$26 -> 0 | U122: =$U$26 -> 0 | W122: =$W$26 -> 0 | Z122: =$Z$26 -> 0
A123: =$A$27 -> 0 | B123: =$B$27 -> 0 | Q123: =$Q$27 -> 0 | S123: =$S$27 -> 0 | U123: =$U$27 -> 0 | W123: =$W$27 -> 0 | Z123: =$Z$27 -> 0
A124: =$A$28 -> 0 | B124: =$B$28 -> 0 | Q124: =$Q$28 -> 0 | S124: =$S$28 -> 0 | U124: =$U$28 -> 0 | W124: =$W$28 -> 0 | Z124: =$Z$28 -> 0
A125: =$A$29 -> 0 | B125: =$B$29 -> 0 | Q125: =$Q$29 -> 0 | S125: =$S$29 -> 0 | U125: =$U$29 -> 0 | W125: =$W$29 -> 0 | Z125: =$Z$29 -> 0
A126: =$A$30 -> 0 | B126: =$B$30 -> 0 | Q126: =$Q$30 -> 0 | S126: =$S$30 -> 0 | U126: =$U$30 -> 0 | W126: =$W$30 -> 0 | Z126: =$Z$30 -> 0
A127: =$A$31 -> 0 | B127: =$B$31 -> 0 | Q127: =$Q$31 -> 0 | S127: =$S$31 -> 0 | U127: =$U$31 -> 0 | W127: =$W$31 -> 0 | Z127: =$Z$31 -> 0
A128: =$A$32 -> 0 | B128: =$B$32 -> 0 | Q128: =$Q$32 -> 0 | S128: =$S$32 -> 0 | U128: =$U$32 -> 0 | W128: =$W$32 -> 0 | Z128: =$Z$32 -> 0
A129: =$A$33 -> 0 | B129: =$B$33 -> 0 | Q129: =$Q$33 -> 0 | S129: =$S$33 -> 0 | U129: =$U$33 -> 0 | W129: =$W$33 -> 0 | Z129: =$Z$33 -> 0
A130: =$A$34 -> 0 | B130: =$B$34 -> 0 | Q130: =$Q$34 -> 0 | S130: =$S$34 -> 0 | U130: =$U$34 -> 0 | W130: =$W$34 -> 0 | Z130: =$Z$34 -> 0
A131: =$A$35 -> 0 | B131: =$B$35 -> 0 | Q131: =$Q$35 -> 0 | S131: =$S$35 -> 0 | U131: =$U$35 -> 0 | W131: =$W$35 -> 0 | Z131: =$Z$35 -> 0
A132: =$A$36 -> 0 | B132: =$B$36 -> 0 | Q132: =$Q$36 -> 0 | S132: =$S$36 -> 0 | U132: =$U$36 -> 0 | W132: =$W$36 -> 0 | Z132: =$Z$36 -> 0
A133: =$A$37 -> 0 | B133: =$B$37 -> 0 | Q133: =$Q$37 -> 0 | S133: =$S$37 -> 0 | U133: =$U$37 -> 0 | W133: =$W$37 -> 0 | Z133: =$Z$37 -> 0
A134: =$A$38 -> 0 | B134: =$B$38 -> 0 | Q134: =$Q$38 -> 0 | S134: =$S$38 -> 0 | U134: =$U$38 -> 0 | W134: =$W$38 -> 0 | Z134: =$Z$38 -> 0
A135: =$A$39 -> 0 | B135: =$B$39 -> 0 | Q135: =$Q$39 -> 0 | S135: =$S$39 -> 0 | U135: =$U$39 -> 0 | W135: =$W$39 -> 0 | Z135: =$Z$39 -> 0
A136: =$A$40 -> 0 | B136: =$B$40 -> 0 | Q136: =$Q$40 -> 0 | S136: =$S$40 -> 0 | U136: =$U$40 -> 0 | W136: =$W$40 -> 0 | Z136: =$Z$40 -> 0
A138: 備考 | B138: =$B$42 -> 0 | M138: 税率10% | P138: 小計 | R138: =$R$42 -> 0 | W138: 消費税 | Z138: =$Z$42 -> 0
M139: 税率 8% | P139: 小計 | R139: =$R$43 -> 0 | W139: 消費税 | Z139: =$Z$43 -> 0
M140: 非課税 | P140: 小計 | R140: =$R$44 -> 0
M142: 請求金額（税込） | S142: =$S$46 -> 0 | AA142: 決裁

Sheet 納品・請求書_4
X1: =請求総括表!$U$1 -> ■■■■■■■■■■■■■■■
I2: 納品・請求書 | X2: =請求総括表!$U$2 -> 年 月 日
I3: 【販売用】 | Q3: (請求者控) | X3: No. | Y3: 4
A5: 株式会社 | F5: 御中 | O5: 請求者 | Q5: 登録番号： | T5: =請求総括表!$U$6 -> 0
A6: --- 営業所を選択してください。 --- | O6: 住所 | Q6: =請求総括表!$R$7 -> 0
A7: 担当者 | G7: 受注番号
A8: 客先名 | O8: 会社名 | Q8: =請求総括表!$R$9 -> 0
A9: 工事先名
A10: 工事場所 | O10: ＴＥＬ | Q10: =ASC(請求総括表!$R$11) | W10: ＦＡＸ | Y10: =ASC(請求総括表!$R$12)
A12: 月/日 | B12: 工事内容 | Q12: 数量 | S12: 単位 | U12: 税率 | W12: 単価 | Z12: 金額(税抜)
A42: 備考 | M42: 税率10% | P42: 小計 | R42: =SUMIFS($Z$13:$Z$40,$U$13:$U$40,"10%") -> 0 | W42: 消費税
M43: 税率 8% | P43: 小計 | R43: =SUMIFS($Z$13:$Z$40,$U$13:$U$40,"8%") -> 0 | W43: 消費税
M44: 非課税 | P44: 小計 | R44: =SUMIFS($Z$13:$Z$40,$U$13:$U$40,"非課税") -> 0
M46: 請求金額（税込） | S46: =SUM($R$42,$Z$42,$R$43,$Z$43,$R$44) -> 0 | AA46: 決裁
X49: =$X$1 -> ■■■■■■■■■■■■■■■
I50: 納品・請求書 | X50: =$X$2 -> 年 月 日
I51: 【販売用】 | Q51: (サンエイ送付用) | X51: No. | Y51: =$Y$3 -> 4
A53: 株式会社 | F53: 御中 | O53: 請求者 | Q53: 登録番号： | T53: =$T$5 -> 0
A54: =$A$6 -> --- 営業所を選択してください。 --- | O54: 住所 | Q54: =$Q$6 -> 0
A55: 担当者 | C55: =$C$7 -> 0 | G55: 受注番号 | J55: =$J$7 -> 0
A56: 客先名 | C56: =$C$8 -> 0 | O56: 会社名 | Q56: =$Q$8 -> 0
A57: 工事先名 | C57: =$C$9 -> 0
A58: 工事場所 | C58: =$C$10 -> 0 | O58: ＴＥＬ | Q58: =$Q$10 | W58: ＦＡＸ | Y58: =$Y$10
A60: 月/日 | B60: 工事内容 | Q60: 数量 | S60: 単位 | U60: 税率 | W60: 単価 | Z60: 金額(税抜)
A61: =$A$13 -> 0 | B61: =$B$13 -> 0 | Q61: =$Q$13 -> 0 | S61: =$S$13 -> 0 | U61: =$U$13 -> 0 | W61: =$W$13 -> 0 | Z61: =$Z$13 -> 0
A62: =$A$14 -> 0 | B62: =$B$14 -> 0 | Q62: =$Q$14 -> 0 | S62: =$S$14 -> 0 | U62: =$U$14 -> 0 | W62: =$W$14 -> 0 | Z62: =$Z$14 -> 0
A63: =$A$15 -> 0 | B63: =$B$15 -> 0 | Q63: =$Q$15 -> 0 | S63: =$S$15 -> 0 | U63: =$U$15 -> 0 | W63: =$W$15 -> 0 | Z63: =$Z$15 -> 0
A64: =$A$16 -> 0 | B64: =$B$16 -> 0 | Q64: =$Q$16 -> 0 | S64: =$S$16 -> 0 | U64: =$U$16 -> 0 | W64: =$W$16 -> 0 | Z64: =$Z$16 -> 0
A65: =$A$17 -> 0 | B65: =$B$17 -> 0 | Q65: =$Q$17 -> 0 | S65: =$S$17 -> 0 | U65: =$U$17 -> 0 | W65: =$W$17 -> 0 | Z65: =$Z$17 -> 0
A66: =$A$18 -> 0 | B66: =$B$18 -> 0 | Q66: =$Q$18 -> 0 | S66: =$S$18 -> 0 | U66: =$U$18 -> 0 | W66: =$W$18 -> 0 | Z66: =$Z$18 -> 0
A67: =$A$19 -> 0 | B67: =$B$19 -> 0 | Q67: =$Q$19 -> 0 | S67: =$S$19 -> 0 | U67: =$U$19 -> 0 | W67: =$W$19 -> 0 | Z67: =$Z$19 -> 0
A68: =$A$20 -> 0 | B68: =$B$20 -> 0 | Q68: =$Q$20 -> 0 | S68: =$S$20 -> 0 | U68: =$U$20 -> 0 | W68: =$W$20 -> 0 | Z68: =$Z$20 -> 0
A69: =$A$21 -> 0 | B69: =$B$21 -> 0 | Q69: =$Q$21 -> 0 | S69: =$S$21 -> 0 | U69: =$U$21 -> 0 | W69: =$W$21 -> 0 | Z69: =$Z$21 -> 0
A70: =$A$22 -> 0 | B70: =$B$22 -> 0 | Q70: =$Q$22 -> 0 | S70: =$S$22 -> 0 | U70: =$U$22 -> 0 | W70: =$W$22 -> 0 | Z70: =$Z$22 -> 0
A71: =$A$23 -> 0 | B71: =$B$23 -> 0 | Q71: =$Q$23 -> 0 | S71: =$S$23 -> 0 | U71: =$U$23 -> 0 | W71: =$W$23 -> 0 | Z71: =$Z$23 -> 0
A72: =$A$24 -> 0 | B72: =$B$24 -> 0 | Q72: =$Q$24 -> 0 | S72: =$S$24 -> 0 | U72: =$U$24 -> 0 | W72: =$W$24 -> 0 | Z72: =$Z$24 -> 0
A73: =$A$25 -> 0 | B73: =$B$25 -> 0 | Q73: =$Q$25 -> 0 | S73: =$S$25 -> 0 | U73: =$U$25 -> 0 | W73: =$W$25 -> 0 | Z73: =$Z$25 -> 0
A74: =$A$26 -> 0 | B74: =$B$26 -> 0 | Q74: =$Q$26 -> 0 | S74: =$S$26 -> 0 | U74: =$U$26 -> 0 | W74: =$W$26 -> 0 | Z74: =$Z$26 -> 0
A75: =$A$27 -> 0 | B75: =$B$27 -> 0 | Q75: =$Q$27 -> 0 | S75: =$S$27 -> 0 | U75: =$U$27 -> 0 | W75: =$W$27 -> 0 | Z75: =$Z$27 -> 0
A76: =$A$28 -> 0 | B76: =$B$28 -> 0 | Q76: =$Q$28 -> 0 | S76: =$S$28 -> 0 | U76: =$U$28 -> 0 | W76: =$W$28 -> 0 | Z76: =$Z$28 -> 0
A77: =$A$29 -> 0 | B77: =$B$29 -> 0 | Q77: =$Q$29 -> 0 | S77: =$S$29 -> 0 | U77: =$U$29 -> 0 | W77: =$W$29 -> 0 | Z77: =$Z$29 -> 0
A78: =$A$30 -> 0 | B78: =$B$30 -> 0 | Q78: =$Q$30 -> 0 | S78: =$S$30 -> 0 | U78: =$U$30 -> 0 | W78: =$W$30 -> 0 | Z78: =$Z$30 -> 0
A79: =$A$31 -> 0 | B79: =$B$31 -> 0 | Q79: =$Q$31 -> 0 | S79: =$S$31 -> 0 | U79: =$U$31 -> 0 | W79: =$W$31 -> 0 | Z79: =$Z$31 -> 0
A80: =$A$32 -> 0 | B80: =$B$32 -> 0 | Q80: =$Q$32 -> 0 | S80: =$S$32 -> 0 | U80: =$U$32 -> 0 | W80: =$W$32 -> 0 | Z80: =$Z$32 -> 0
A81: =$A$33 -> 0 | B81: =$B$33 -> 0 | Q81: =$Q$33 -> 0 | S81: =$S$33 -> 0 | U81: =$U$33 -> 0 | W81: =$W$33 -> 0 | Z81: =$Z$33 -> 0
A82: =$A$34 -> 0 | B82: =$B$34 -> 0 | Q82: =$Q$34 -> 0 | S82: =$S$34 -> 0 | U82: =$U$34 -> 0 | W82: =$W$34 -> 0 | Z82: =$Z$34 -> 0
A83: =$A$35 -> 0 | B83: =$B$35 -> 0 | Q83: =$Q$35 -> 0 | S83: =$S$35 -> 0 | U83: =$U$35 -> 0 | W83: =$W$35 -> 0 | Z83: =$Z$35 -> 0
A84: =$A$36 -> 0 | B84: =$B$36 -> 0 | Q84: =$Q$36 -> 0 | S84: =$S$36 -> 0 | U84: =$U$36 -> 0 | W84: =$W$36 -> 0 | Z84: =$Z$36 -> 0
A85: =$A$37 -> 0 | B85: =$B$37 -> 0 | Q85: =$Q$37 -> 0 | S85: =$S$37 -> 0 | U85: =$U$37 -> 0 | W85: =$W$37 -> 0 | Z85: =$Z$37 -> 0
A86: =$A$38 -> 0 | B86: =$B$38 -> 0 | Q86: =$Q$38 -> 0 | S86: =$S$38 -> 0 | U86: =$U$38 -> 0 | W86: =$W$38 -> 0 | Z86: =$Z$38 -> 0
A87: =$A$39 -> 0 | B87: =$B$39 -> 0 | Q87: =$Q$39 -> 0 | S87: =$S$39 -> 0 | U87: =$U$39 -> 0 | W87: =$W$39 -> 0 | Z87: =$Z$39 -> 0
A88: =$A$40 -> 0 | B88: =$B$40 -> 0 | Q88: =$Q$40 -> 0 | S88: =$S$40 -> 0 | U88: =$U$40 -> 0 | W88: =$W$40 -> 0 | Z88: =$Z$40 -> 0
A90: 備考 | B90: =$B$42 -> 0 | M90: 税率10% | P90: 小計 | R90: =$R$42 -> 0 | W90: 消費税 | Z90: =$Z$42 -> 0
M91: 税率 8% | P91: 小計 | R91: =$R$43 -> 0 | W91: 消費税 | Z91: =$Z$43 -> 0
M92: 非課税 | P92: 小計 | R92: =$R$44 -> 0
M94: 請求金額（税込） | S94: =$S$46 -> 0 | AA94: 決裁
X97: =$X$1 -> ■■■■■■■■■■■■■■■
I98: 納品・請求書 | X98: =$X$2 -> 年 月 日
I99: 【販売用】 | Q99: (サンエイ送付用) | X99: No. | Y99: =$Y$3 -> 4
A101: 株式会社 | F101: 御中 | O101: 請求者 | Q101: 登録番号： | T101: =$T$5 -> 0
A102: =$A$6 -> --- 営業所を選択してください。 --- | O102: 住所 | Q102: =$Q$6 -> 0
A103: 担当者 | C103: =$C$7 -> 0 | G103: 受注番号 | J103: =$J$7 -> 0
A104: 客先名 | C104: =$C$8 -> 0 | O104: 会社名 | Q104: =$Q$8 -> 0
A105: 工事先名 | C105: =$C$9 -> 0
A106: 工事場所 | C106: =$C$10 -> 0 | O106: ＴＥＬ | Q106: =$Q$10 | W106: ＦＡＸ | Y106: =$Y$10
A108: 月/日 | B108: 工事内容 | Q108: 数量 | S108: 単位 | U108: 税率 | W108: 単価 | Z108: 金額(税抜)
A109: =$A$13 -> 0 | B109: =$B$13 -> 0 | Q109: =$Q$13 -> 0 | S109: =$S$13 -> 0 | U109: =$U$13 -> 0 | W109: =$W$13 -> 0 | Z109: =$Z$13 -> 0
A110: =$A$14 -> 0 | B110: =$B$14 -> 0 | Q110: =$Q$14 -> 0 | S110: =$S$14 -> 0 | U110: =$U$14 -> 0 | W110: =$W$14 -> 0 | Z110: =$Z$14 -> 0
A111: =$A$15 -> 0 | B111: =$B$15 -> 0 | Q111: =$Q$15 -> 0 | S111: =$S$15 -> 0 | U111: =$U$15 -> 0 | W111: =$W$15 -> 0 | Z111: =$Z$15 -> 0
A112: =$A$16 -> 0 | B112: =$B$16 -> 0 | Q112: =$Q$16 -> 0 | S112: =$S$16 -> 0 | U112: =$U$16 -> 0 | W112: =$W$16 -> 0 | Z112: =$Z$16 -> 0
A113: =$A$17 -> 0 | B113: =$B$17 -> 0 | Q113: =$Q$17 -> 0 | S113: =$S$17 -> 0 | U113: =$U$17 -> 0 | W113: =$W$17 -> 0 | Z113: =$Z$17 -> 0
A114: =$A$18 -> 0 | B114: =$B$18 -> 0 | Q114: =$Q$18 -> 0 | S114: =$S$18 -> 0 | U114: =$U$18 -> 0 | W114: =$W$18 -> 0 | Z114: =$Z$18 -> 0
A115: =$A$19 -> 0 | B115: =$B$19 -> 0 | Q115: =$Q$19 -> 0 | S115: =$S$19 -> 0 | U115: =$U$19 -> 0 | W115: =$W$19 -> 0 | Z115: =$Z$19 -> 0
A116: =$A$20 -> 0 | B116: =$B$20 -> 0 | Q116: =$Q$20 -> 0 | S116: =$S$20 -> 0 | U116: =$U$20 -> 0 | W116: =$W$20 -> 0 | Z116: =$Z$20 -> 0
A117: =$A$21 -> 0 | B117: =$B$21 -> 0 | Q117: =$Q$21 -> 0 | S117: =$S$21 -> 0 | U117: =$U$21 -> 0 | W117: =$W$21 -> 0 | Z117: =$Z$21 -> 0
A118: =$A$22 -> 0 | B118: =$B$22 -> 0 | Q118: =$Q$22 -> 0 | S118: =$S$22 -> 0 | U118: =$U$22 -> 0 | W118: =$W$22 -> 0 | Z118: =$Z$22 -> 0
A119: =$A$23 -> 0 | B119: =$B$23 -> 0 | Q119: =$Q$23 -> 0 | S119: =$S$23 -> 0 | U119: =$U$23 -> 0 | W119: =$W$23 -> 0 | Z119: =$Z$23 -> 0
A120: =$A$24 -> 0 | B120: =$B$24 -> 0 | Q120: =$Q$24 -> 0 | S120: =$S$24 -> 0 | U120: =$U$24 -> 0 | W120: =$W$24 -> 0 | Z120: =$Z$24 -> 0
A121: =$A$25 -> 0 | B121: =$B$25 -> 0 | Q121: =$Q$25 -> 0 | S121: =$S$25 -> 0 | U121: =$U$25 -> 0 | W121: =$W$25 -> 0 | Z121: =$Z$25 -> 0
A122: =$A$26 -> 0 | B122: =$B$26 -> 0 | Q122: =$Q$26 -> 0 | S122: =$S$26 -> 0 | U122: =$U$26 -> 0 | W122: =$W$26 -> 0 | Z122: =$Z$26 -> 0
A123: =$A$27 -> 0 | B123: =$B$27 -> 0 | Q123: =$Q$27 -> 0 | S123: =$S$27 -> 0 | U123: =$U$27 -> 0 | W123: =$W$27 -> 0 | Z123: =$Z$27 -> 0
A124: =$A$28 -> 0 | B124: =$B$28 -> 0 | Q124: =$Q$28 -> 0 | S124: =$S$28 -> 0 | U124: =$U$28 -> 0 | W124: =$W$28 -> 0 | Z124: =$Z$28 -> 0
A125: =$A$29 -> 0 | B125: =$B$29 -> 0 | Q125: =$Q$29 -> 0 | S125: =$S$29 -> 0 | U125: =$U$29 -> 0 | W125: =$W$29 -> 0 | Z125: =$Z$29 -> 0
A126: =$A$30 -> 0 | B126: =$B$30 -> 0 | Q126: =$Q$30 -> 0 | S126: =$S$30 -> 0 | U126: =$U$30 -> 0 | W126: =$W$30 -> 0 | Z126: =$Z$30 -> 0
A127: =$A$31 -> 0 | B127: =$B$31 -> 0 | Q127: =$Q$31 -> 0 | S127: =$S$31 -> 0 | U127: =$U$31 -> 0 | W127: =$W$31 -> 0 | Z127: =$Z$31 -> 0
A128: =$A$32 -> 0 | B128: =$B$32 -> 0 | Q128: =$Q$32 -> 0 | S128: =$S$32 -> 0 | U128: =$U$32 -> 0 | W128: =$W$32 -> 0 | Z128: =$Z$32 -> 0
A129: =$A$33 -> 0 | B129: =$B$33 -> 0 | Q129: =$Q$33 -> 0 | S129: =$S$33 -> 0 | U129: =$U$33 -> 0 | W129: =$W$33 -> 0 | Z129: =$Z$33 -> 0
A130: =$A$34 -> 0 | B130: =$B$34 -> 0 | Q130: =$Q$34 -> 0 | S130: =$S$34 -> 0 | U130: =$U$34 -> 0 | W130: =$W$34 -> 0 | Z130: =$Z$34 -> 0
A131: =$A$35 -> 0 | B131: =$B$35 -> 0 | Q131: =$Q$35 -> 0 | S131: =$S$35 -> 0 | U131: =$U$35 -> 0 | W131: =$W$35 -> 0 | Z131: =$Z$35 -> 0
A132: =$A$36 -> 0 | B132: =$B$36 -> 0 | Q132: =$Q$36 -> 0 | S132: =$S$36 -> 0 | U132: =$U$36 -> 0 | W132: =$W$36 -> 0 | Z132: =$Z$36 -> 0
A133: =$A$37 -> 0 | B133: =$B$37 -> 0 | Q133: =$Q$37 -> 0 | S133: =$S$37 -> 0 | U133: =$U$37 -> 0 | W133: =$W$37 -> 0 | Z133: =$Z$37 -> 0
A134: =$A$38 -> 0 | B134: =$B$38 -> 0 | Q134: =$Q$38 -> 0 | S134: =$S$38 -> 0 | U134: =$U$38 -> 0 | W134: =$W$38 -> 0 | Z134: =$Z$38 -> 0
A135: =$A$39 -> 0 | B135: =$B$39 -> 0 | Q135: =$Q$39 -> 0 | S135: =$S$39 -> 0 | U135: =$U$39 -> 0 | W135: =$W$39 -> 0 | Z135: =$Z$39 -> 0
A136: =$A$40 -> 0 | B136: =$B$40 -> 0 | Q136: =$Q$40 -> 0 | S136: =$S$40 -> 0 | U136: =$U$40 -> 0 | W136: =$W$40 -> 0 | Z136: =$Z$40 -> 0
A138: 備考 | B138: =$B$42 -> 0 | M138: 税率10% | P138: 小計 | R138: =$R$42 -> 0 | W138: 消費税 | Z138: =$Z$42 -> 0
M139: 税率 8% | P139: 小計 | R139: =$R$43 -> 0 | W139: 消費税 | Z139: =$Z$43 -> 0
M140: 非課税 | P140: 小計 | R140: =$R$44 -> 0
M142: 請求金額（税込） | S142: =$S$46 -> 0 | AA142: 決裁

Sheet 納品・請求書_5
X1: =請求総括表!$U$1 -> ■■■■■■■■■■■■■■■
I2: 納品・請求書 | X2: =請求総括表!$U$2 -> 年 月 日
I3: 【販売用】 | Q3: (請求者控) | X3: No. | Y3: 5
A5: 株式会社 | F5: 御中 | O5: 請求者 | Q5: 登録番号： | T5: =請求総括表!$U$6 -> 0
A6: --- 営業所を選択してください。 --- | O6: 住所 | Q6: =請求総括表!$R$7 -> 0
A7: 担当者 | G7: 受注番号
A8: 客先名 | O8: 会社名 | Q8: =請求総括表!$R$9 -> 0
A9: 工事先名
A10: 工事場所 | O10: ＴＥＬ | Q10: =ASC(請求総括表!$R$11) | W10: ＦＡＸ | Y10: =ASC(請求総括表!$R$12)
A12: 月/日 | B12: 工事内容 | Q12: 数量 | S12: 単位 | U12: 税率 | W12: 単価 | Z12: 金額(税抜)
A42: 備考 | M42: 税率10% | P42: 小計 | R42: =SUMIFS($Z$13:$Z$40,$U$13:$U$40,"10%") -> 0 | W42: 消費税
M43: 税率 8% | P43: 小計 | R43: =SUMIFS($Z$13:$Z$40,$U$13:$U$40,"8%") -> 0 | W43: 消費税
M44: 非課税 | P44: 小計 | R44: =SUMIFS($Z$13:$Z$40,$U$13:$U$40,"非課税") -> 0
M46: 請求金額（税込） | S46: =SUM($R$42,$Z$42,$R$43,$Z$43,$R$44) -> 0 | AA46: 決裁
X49: =$X$1 -> ■■■■■■■■■■■■■■■
I50: 納品・請求書 | X50: =$X$2 -> 年 月 日
I51: 【販売用】 | Q51: (サンエイ送付用) | X51: No. | Y51: =$Y$3 -> 5
A53: 株式会社 | F53: 御中 | O53: 請求者 | Q53: 登録番号： | T53: =$T$5 -> 0
A54: =$A$6 -> --- 営業所を選択してください。 --- | O54: 住所 | Q54: =$Q$6 -> 0
A55: 担当者 | C55: =$C$7 -> 0 | G55: 受注番号 | J55: =$J$7 -> 0
A56: 客先名 | C56: =$C$8 -> 0 | O56: 会社名 | Q56: =$Q$8 -> 0
A57: 工事先名 | C57: =$C$9 -> 0
A58: 工事場所 | C58: =$C$10 -> 0 | O58: ＴＥＬ | Q58: =$Q$10 | W58: ＦＡＸ | Y58: =$Y$10
A60: 月/日 | B60: 工事内容 | Q60: 数量 | S60: 単位 | U60: 税率 | W60: 単価 | Z60: 金額(税抜)
A61: =$A$13 -> 0 | B61: =$B$13 -> 0 | Q61: =$Q$13 -> 0 | S61: =$S$13 -> 0 | U61: =$U$13 -> 0 | W61: =$W$13 -> 0 | Z61: =$Z$13 -> 0
A62: =$A$14 -> 0 | B62: =$B$14 -> 0 | Q62: =$Q$14 -> 0 | S62: =$S$14 -> 0 | U62: =$U$14 -> 0 | W62: =$W$14 -> 0 | Z62: =$Z$14 -> 0
A63: =$A$15 -> 0 | B63: =$B$15 -> 0 | Q63: =$Q$15 -> 0 | S63: =$S$15 -> 0 | U63: =$U$15 -> 0 | W63: =$W$15 -> 0 | Z63: =$Z$15 -> 0
A64: =$A$16 -> 0 | B64: =$B$16 -> 0 | Q64: =$Q$16 -> 0 | S64: =$S$16 -> 0 | U64: =$U$16 -> 0 | W64: =$W$16 -> 0 | Z64: =$Z$16 -> 0
A65: =$A$17 -> 0 | B65: =$B$17 -> 0 | Q65: =$Q$17 -> 0 | S65: =$S$17 -> 0 | U65: =$U$17 -> 0 | W65: =$W$17 -> 0 | Z65: =$Z$17 -> 0
A66: =$A$18 -> 0 | B66: =$B$18 -> 0 | Q66: =$Q$18 -> 0 | S66: =$S$18 -> 0 | U66: =$U$18 -> 0 | W66: =$W$18 -> 0 | Z66: =$Z$18 -> 0
A67: =$A$19 -> 0 | B67: =$B$19 -> 0 | Q67: =$Q$19 -> 0 | S67: =$S$19 -> 0 | U67: =$U$19 -> 0 | W67: =$W$19 -> 0 | Z67: =$Z$19 -> 0
A68: =$A$20 -> 0 | B68: =$B$20 -> 0 | Q68: =$Q$20 -> 0 | S68: =$S$20 -> 0 | U68: =$U$20 -> 0 | W68: =$W$20 -> 0 | Z68: =$Z$20 -> 0
A69: =$A$21 -> 0 | B69: =$B$21 -> 0 | Q69: =$Q$21 -> 0 | S69: =$S$21 -> 0 | U69: =$U$21 -> 0 | W69: =$W$21 -> 0 | Z69: =$Z$21 -> 0
A70: =$A$22 -> 0 | B70: =$B$22 -> 0 | Q70: =$Q$22 -> 0 | S70: =$S$22 -> 0 | U70: =$U$22 -> 0 | W70: =$W$22 -> 0 | Z70: =$Z$22 -> 0
A71: =$A$23 -> 0 | B71: =$B$23 -> 0 | Q71: =$Q$23 -> 0 | S71: =$S$23 -> 0 | U71: =$U$23 -> 0 | W71: =$W$23 -> 0 | Z71: =$Z$23 -> 0
A72: =$A$24 -> 0 | B72: =$B$24 -> 0 | Q72: =$Q$24 -> 0 | S72: =$S$24 -> 0 | U72: =$U$24 -> 0 | W72: =$W$24 -> 0 | Z72: =$Z$24 -> 0
A73: =$A$25 -> 0 | B73: =$B$25 -> 0 | Q73: =$Q$25 -> 0 | S73: =$S$25 -> 0 | U73: =$U$25 -> 0 | W73: =$W$25 -> 0 | Z73: =$Z$25 -> 0
A74: =$A$26 -> 0 | B74: =$B$26 -> 0 | Q74: =$Q$26 -> 0 | S74: =$S$26 -> 0 | U74: =$U$26 -> 0 | W74: =$W$26 -> 0 | Z74: =$Z$26 -> 0
A75: =$A$27 -> 0 | B75: =$B$27 -> 0 | Q75: =$Q$27 -> 0 | S75: =$S$27 -> 0 | U75: =$U$27 -> 0 | W75: =$W$27 -> 0 | Z75: =$Z$27 -> 0
A76: =$A$28 -> 0 | B76: =$B$28 -> 0 | Q76: =$Q$28 -> 0 | S76: =$S$28 -> 0 | U76: =$U$28 -> 0 | W76: =$W$28 -> 0 | Z76: =$Z$28 -> 0
A77: =$A$29 -> 0 | B77: =$B$29 -> 0 | Q77: =$Q$29 -> 0 | S77: =$S$29 -> 0 | U77: =$U$29 -> 0 | W77: =$W$29 -> 0 | Z77: =$Z$29 -> 0
A78: =$A$30 -> 0 | B78: =$B$30 -> 0 | Q78: =$Q$30 -> 0 | S78: =$S$30 -> 0 | U78: =$U$30 -> 0 | W78: =$W$30 -> 0 | Z78: =$Z$30 -> 0
A79: =$A$31 -> 0 | B79: =$B$31 -> 0 | Q79: =$Q$31 -> 0 | S79: =$S$31 -> 0 | U79: =$U$31 -> 0 | W79: =$W$31 -> 0 | Z79: =$Z$31 -> 0
A80: =$A$32 -> 0 | B80: =$B$32 -> 0 | Q80: =$Q$32 -> 0 | S80: =$S$32 -> 0 | U80: =$U$32 -> 0 | W80: =$W$32 -> 0 | Z80: =$Z$32 -> 0
A81: =$A$33 -> 0 | B81: =$B$33 -> 0 | Q81: =$Q$33 -> 0 | S81: =$S$33 -> 0 | U81: =$U$33 -> 0 | W81: =$W$33 -> 0 | Z81: =$Z$33 -> 0
A82: =$A$34 -> 0 | B82: =$B$34 -> 0 | Q82: =$Q$34 -> 0 | S82: =$S$34 -> 0 | U82: =$U$34 -> 0 | W82: =$W$34 -> 0 | Z82: =$Z$34 -> 0
A83: =$A$35 -> 0 | B83: =$B$35 -> 0 | Q83: =$Q$35 -> 0 | S83: =$S$35 -> 0 | U83: =$U$35 -> 0 | W83: =$W$35 -> 0 | Z83: =$Z$35 -> 0
A84: =$A$36 -> 0 | B84: =$B$36 -> 0 | Q84: =$Q$36 -> 0 | S84: =$S$36 -> 0 | U84: =$U$36 -> 0 | W84: =$W$36 -> 0 | Z84: =$Z$36 -> 0
A85: =$A$37 -> 0 | B85: =$B$37 -> 0 | Q85: =$Q$37 -> 0 | S85: =$S$37 -> 0 | U85: =$U$37 -> 0 | W85: =$W$37 -> 0 | Z85: =$Z$37 -> 0
A86: =$A$38 -> 0 | B86: =$B$38 -> 0 | Q86: =$Q$38 -> 0 | S86: =$S$38 -> 0 | U86: =$U$38 -> 0 | W86: =$W$38 -> 0 | Z86: =$Z$38 -> 0
A87: =$A$39 -> 0 | B87: =$B$39 -> 0 | Q87: =$Q$39 -> 0 | S87: =$S$39 -> 0 | U87: =$U$39 -> 0 | W87: =$W$39 -> 0 | Z87: =$Z$39 -> 0
A88: =$A$40 -> 0 | B88: =$B$40 -> 0 | Q88: =$Q$40 -> 0 | S88: =$S$40 -> 0 | U88: =$U$40 -> 0 | W88: =$W$40 -> 0 | Z88: =$Z$40 -> 0
A90: 備考 | B90: =$B$42 -> 0 | M90: 税率10% | P90: 小計 | R90: =$R$42 -> 0 | W90: 消費税 | Z90: =$Z$42 -> 0
M91: 税率 8% | P91: 小計 | R91: =$R$43 -> 0 | W91: 消費税 | Z91: =$Z$43 -> 0
M92: 非課税 | P92: 小計 | R92: =$R$44 -> 0
M94: 請求金額（税込） | S94: =$S$46 -> 0 | AA94: 決裁
X97: =$X$1 -> ■■■■■■■■■■■■■■■
I98: 納品・請求書 | X98: =$X$2 -> 年 月 日
I99: 【販売用】 | Q99: (サンエイ送付用) | X99: No. | Y99: =$Y$3 -> 5
A101: 株式会社 | F101: 御中 | O101: 請求者 | Q101: 登録番号： | T101: =$T$5 -> 0
A102: =$A$6 -> --- 営業所を選択してください。 --- | O102: 住所 | Q102: =$Q$6 -> 0
A103: 担当者 | C103: =$C$7 -> 0 | G103: 受注番号 | J103: =$J$7 -> 0
A104: 客先名 | C104: =$C$8 -> 0 | O104: 会社名 | Q104: =$Q$8 -> 0
A105: 工事先名 | C105: =$C$9 -> 0
A106: 工事場所 | C106: =$C$10 -> 0 | O106: ＴＥＬ | Q106: =$Q$10 | W106: ＦＡＸ | Y106: =$Y$10
A108: 月/日 | B108: 工事内容 | Q108: 数量 | S108: 単位 | U108: 税率 | W108: 単価 | Z108: 金額(税抜)
A109: =$A$13 -> 0 | B109: =$B$13 -> 0 | Q109: =$Q$13 -> 0 | S109: =$S$13 -> 0 | U109: =$U$13 -> 0 | W109: =$W$13 -> 0 | Z109: =$Z$13 -> 0
A110: =$A$14 -> 0 | B110: =$B$14 -> 0 | Q110: =$Q$14 -> 0 | S110: =$S$14 -> 0 | U110: =$U$14 -> 0 | W110: =$W$14 -> 0 | Z110: =$Z$14 -> 0
A111: =$A$15 -> 0 | B111: =$B$15 -> 0 | Q111: =$Q$15 -> 0 | S111: =$S$15 -> 0 | U111: =$U$15 -> 0 | W111: =$W$15 -> 0 | Z111: =$Z$15 -> 0
A112: =$A$16 -> 0 | B112: =$B$16 -> 0 | Q112: =$Q$16 -> 0 | S112: =$S$16 -> 0 | U112: =$U$16 -> 0 | W112: =$W$16 -> 0 | Z112: =$Z$16 -> 0
A113: =$A$17 -> 0 | B113: =$B$17 -> 0 | Q113: =$Q$17 -> 0 | S113: =$S$17 -> 0 | U113: =$U$17 -> 0 | W113: =$W$17 -> 0 | Z113: =$Z$17 -> 0
A114: =$A$18 -> 0 | B114: =$B$18 -> 0 | Q114: =$Q$18 -> 0 | S114: =$S$18 -> 0 | U114: =$U$18 -> 0 | W114: =$W$18 -> 0 | Z114: =$Z$18 -> 0
A115: =$A$19 -> 0 | B115: =$B$19 -> 0 | Q115: =$Q$19 -> 0 | S115: =$S$19 -> 0 | U115: =$U$19 -> 0 | W115: =$W$19 -> 0 | Z115: =$Z$19 -> 0
A116: =$A$20 -> 0 | B116: =$B$20 -> 0 | Q116: =$Q$20 -> 0 | S116: =$S$20 -> 0 | U116: =$U$20 -> 0 | W116: =$W$20 -> 0 | Z116: =$Z$20 -> 0
A117: =$A$21 -> 0 | B117: =$B$21 -> 0 | Q117: =$Q$21 -> 0 | S117: =$S$21 -> 0 | U117: =$U$21 -> 0 | W117: =$W$21 -> 0 | Z117: =$Z$21 -> 0
A118: =$A$22 -> 0 | B118: =$B$22 -> 0 | Q118: =$Q$22 -> 0 | S118: =$S$22 -> 0 | U118: =$U$22 -> 0 | W118: =$W$22 -> 0 | Z118: =$Z$22 -> 0
A119: =$A$23 -> 0 | B119: =$B$23 -> 0 | Q119: =$Q$23 -> 0 | S119: =$S$23 -> 0 | U119: =$U$23 -> 0 | W119: =$W$23 -> 0 | Z119: =$Z$23 -> 0
A120: =$A$24 -> 0 | B120: =$B$24 -> 0 | Q120: =$Q$24 -> 0 | S120: =$S$24 -> 0 | U120: =$U$24 -> 0 | W120: =$W$24 -> 0 | Z120: =$Z$24 -> 0
A121: =$A$25 -> 0 | B121: =$B$25 -> 0 | Q121: =$Q$25 -> 0 | S121: =$S$25 -> 0 | U121: =$U$25 -> 0 | W121: =$W$25 -> 0 | Z121: =$Z$25 -> 0
A122: =$A$26 -> 0 | B122: =$B$26 -> 0 | Q122: =$Q$26 -> 0 | S122: =$S$26 -> 0 | U122: =$U$26 -> 0 | W122: =$W$26 -> 0 | Z122: =$Z$26 -> 0
A123: =$A$27 -> 0 | B123: =$B$27 -> 0 | Q123: =$Q$27 -> 0 | S123: =$S$27 -> 0 | U123: =$U$27 -> 0 | W123: =$W$27 -> 0 | Z123: =$Z$27 -> 0
A124: =$A$28 -> 0 | B124: =$B$28 -> 0 | Q124: =$Q$28 -> 0 | S124: =$S$28 -> 0 | U124: =$U$28 -> 0 | W124: =$W$28 -> 0 | Z124: =$Z$28 -> 0
A125: =$A$29 -> 0 | B125: =$B$29 -> 0 | Q125: =$Q$29 -> 0 | S125: =$S$29 -> 0 | U125: =$U$29 -> 0 | W125: =$W$29 -> 0 | Z125: =$Z$29 -> 0
A126: =$A$30 -> 0 | B126: =$B$30 -> 0 | Q126: =$Q$30 -> 0 | S126: =$S$30 -> 0 | U126: =$U$30 -> 0 | W126: =$W$30 -> 0 | Z126: =$Z$30 -> 0
A127: =$A$31 -> 0 | B127: =$B$31 -> 0 | Q127: =$Q$31 -> 0 | S127: =$S$31 -> 0 | U127: =$U$31 -> 0 | W127: =$W$31 -> 0 | Z127: =$Z$31 -> 0
A128: =$A$32 -> 0 | B128: =$B$32 -> 0 | Q128: =$Q$32 -> 0 | S128: =$S$32 -> 0 | U128: =$U$32 -> 0 | W128: =$W$32 -> 0 | Z128: =$Z$32 -> 0
A129: =$A$33 -> 0 | B129: =$B$33 -> 0 | Q129: =$Q$33 -> 0 | S129: =$S$33 -> 0 | U129: =$U$33 -> 0 | W129: =$W$33 -> 0 | Z129: =$Z$33 -> 0
A130: =$A$34 -> 0 | B130: =$B$34 -> 0 | Q130: =$Q$34 -> 0 | S130: =$S$34 -> 0 | U130: =$U$34 -> 0 | W130: =$W$34 -> 0 | Z130: =$Z$34 -> 0
A131: =$A$35 -> 0 | B131: =$B$35 -> 0 | Q131: =$Q$35 -> 0 | S131: =$S$35 -> 0 | U131: =$U$35 -> 0 | W131: =$W$35 -> 0 | Z131: =$Z$35 -> 0
A132: =$A$36 -> 0 | B132: =$B$36 -> 0 | Q132: =$Q$36 -> 0 | S132: =$S$36 -> 0 | U132: =$U$36 -> 0 | W132: =$W$36 -> 0 | Z132: =$Z$36 -> 0
A133: =$A$37 -> 0 | B133: =$B$37 -> 0 | Q133: =$Q$37 -> 0 | S133: =$S$37 -> 0 | U133: =$U$37 -> 0 | W133: =$W$37 -> 0 | Z133: =$Z$37 -> 0
A134: =$A$38 -> 0 | B134: =$B$38 -> 0 | Q134: =$Q$38 -> 0 | S134: =$S$38 -> 0 | U134: =$U$38 -> 0 | W134: =$W$38 -> 0 | Z134: =$Z$38 -> 0
A135: =$A$39 -> 0 | B135: =$B$39 -> 0 | Q135: =$Q$39 -> 0 | S135: =$S$39 -> 0 | U135: =$U$39 -> 0 | W135: =$W$39 -> 0 | Z135: =$Z$39 -> 0
A136: =$A$40 -> 0 | B136: =$B$40 -> 0 | Q136: =$Q$40 -> 0 | S136: =$S$40 -> 0 | U136: =$U$40 -> 0 | W136: =$W$40 -> 0 | Z136: =$Z$40 -> 0
A138: 備考 | B138: =$B$42 -> 0 | M138: 税率10% | P138: 小計 | R138: =$R$42 -> 0 | W138: 消費税 | Z138: =$Z$42 -> 0
M139: 税率 8% | P139: 小計 | R139: =$R$43 -> 0 | W139: 消費税 | Z139: =$Z$43 -> 0
M140: 非課税 | P140: 小計 | R140: =$R$44 -> 0
M142: 請求金額（税込） | S142: =$S$46 -> 0 | AA142: 決裁

Sheet 納品・請求書_6
X1: =請求総括表!$U$1 -> ■■■■■■■■■■■■■■■
I2: 納品・請求書 | X2: =請求総括表!$U$2 -> 年 月 日
I3: 【販売用】 | Q3: (請求者控) | X3: No. | Y3: 6
A5: 株式会社 | F5: 御中 | O5: 請求者 | Q5: 登録番号： | T5: =請求総括表!$U$6 -> 0
A6: --- 営業所を選択してください。 --- | O6: 住所 | Q6: =請求総括表!$R$7 -> 0
A7: 担当者 | G7: 受注番号
A8: 客先名 | O8: 会社名 | Q8: =請求総括表!$R$9 -> 0
A9: 工事先名
A10: 工事場所 | O10: ＴＥＬ | Q10: =ASC(請求総括表!$R$11) | W10: ＦＡＸ | Y10: =ASC(請求総括表!$R$12)
A12: 月/日 | B12: 工事内容 | Q12: 数量 | S12: 単位 | U12: 税率 | W12: 単価 | Z12: 金額(税抜)
A42: 備考 | M42: 税率10% | P42: 小計 | R42: =SUMIFS($Z$13:$Z$40,$U$13:$U$40,"10%") -> 0 | W42: 消費税
M43: 税率 8% | P43: 小計 | R43: =SUMIFS($Z$13:$Z$40,$U$13:$U$40,"8%") -> 0 | W43: 消費税
M44: 非課税 | P44: 小計 | R44: =SUMIFS($Z$13:$Z$40,$U$13:$U$40,"非課税") -> 0
M46: 請求金額（税込） | S46: =SUM($R$42,$Z$42,$R$43,$Z$43,$R$44) -> 0 | AA46: 決裁
X49: =$X$1 -> ■■■■■■■■■■■■■■■
I50: 納品・請求書 | X50: =$X$2 -> 年 月 日
I51: 【販売用】 | Q51: (サンエイ送付用) | X51: No. | Y51: =$Y$3 -> 6
A53: 株式会社 | F53: 御中 | O53: 請求者 | Q53: 登録番号： | T53: =$T$5 -> 0
A54: =$A$6 -> --- 営業所を選択してください。 --- | O54: 住所 | Q54: =$Q$6 -> 0
A55: 担当者 | C55: =$C$7 -> 0 | G55: 受注番号 | J55: =$J$7 -> 0
A56: 客先名 | C56: =$C$8 -> 0 | O56: 会社名 | Q56: =$Q$8 -> 0
A57: 工事先名 | C57: =$C$9 -> 0
A58: 工事場所 | C58: =$C$10 -> 0 | O58: ＴＥＬ | Q58: =$Q$10 | W58: ＦＡＸ | Y58: =$Y$10
A60: 月/日 | B60: 工事内容 | Q60: 数量 | S60: 単位 | U60: 税率 | W60: 単価 | Z60: 金額(税抜)
A61: =$A$13 -> 0 | B61: =$B$13 -> 0 | Q61: =$Q$13 -> 0 | S61: =$S$13 -> 0 | U61: =$U$13 -> 0 | W61: =$W$13 -> 0 | Z61: =$Z$13 -> 0
A62: =$A$14 -> 0 | B62: =$B$14 -> 0 | Q62: =$Q$14 -> 0 | S62: =$S$14 -> 0 | U62: =$U$14 -> 0 | W62: =$W$14 -> 0 | Z62: =$Z$14 -> 0
A63: =$A$15 -> 0 | B63: =$B$15 -> 0 | Q63: =$Q$15 -> 0 | S63: =$S$15 -> 0 | U63: =$U$15 -> 0 | W63: =$W$15 -> 0 | Z63: =$Z$15 -> 0
A64: =$A$16 -> 0 | B64: =$B$16 -> 0 | Q64: =$Q$16 -> 0 | S64: =$S$16 -> 0 | U64: =$U$16 -> 0 | W64: =$W$16 -> 0 | Z64: =$Z$16 -> 0
A65: =$A$17 -> 0 | B65: =$B$17 -> 0 | Q65: =$Q$17 -> 0 | S65: =$S$17 -> 0 | U65: =$U$17 -> 0 | W65: =$W$17 -> 0 | Z65: =$Z$17 -> 0
A66: =$A$18 -> 0 | B66: =$B$18 -> 0 | Q66: =$Q$18 -> 0 | S66: =$S$18 -> 0 | U66: =$U$18 -> 0 | W66: =$W$18 -> 0 | Z66: =$Z$18 -> 0
A67: =$A$19 -> 0 | B67: =$B$19 -> 0 | Q67: =$Q$19 -> 0 | S67: =$S$19 -> 0 | U67: =$U$19 -> 0 | W67: =$W$19 -> 0 | Z67: =$Z$19 -> 0
A68: =$A$20 -> 0 | B68: =$B$20 -> 0 | Q68: =$Q$20 -> 0 | S68: =$S$20 -> 0 | U68: =$U$20 -> 0 | W68: =$W$20 -> 0 | Z68: =$Z$20 -> 0
A69: =$A$21 -> 0 | B69: =$B$21 -> 0 | Q69: =$Q$21 -> 0 | S69: =$S$21 -> 0 | U69: =$U$21 -> 0 | W69: =$W$21 -> 0 | Z69: =$Z$21 -> 0
A70: =$A$22 -> 0 | B70: =$B$22 -> 0 | Q70: =$Q$22 -> 0 | S70: =$S$22 -> 0 | U70: =$U$22 -> 0 | W70: =$W$22 -> 0 | Z70: =$Z$22 -> 0
A71: =$A$23 -> 0 | B71: =$B$23 -> 0 | Q71: =$Q$23 -> 0 | S71: =$S$23 -> 0 | U71: =$U$23 -> 0 | W71: =$W$23 -> 0 | Z71: =$Z$23 -> 0
A72: =$A$24 -> 0 | B72: =$B$24 -> 0 | Q72: =$Q$24 -> 0 | S72: =$S$24 -> 0 | U72: =$U$24 -> 0 | W72: =$W$24 -> 0 | Z72: =$Z$24 -> 0
A73: =$A$25 -> 0 | B73: =$B$25 -> 0 | Q73: =$Q$25 -> 0 | S73: =$S$25 -> 0 | U73: =$U$25 -> 0 | W73: =$W$25 -> 0 | Z73: =$Z$25 -> 0
A74: =$A$26 -> 0 | B74: =$B$26 -> 0 | Q74: =$Q$26 -> 0 | S74: =$S$26 -> 0 | U74: =$U$26 -> 0 | W74: =$W$26 -> 0 | Z74: =$Z$26 -> 0
A75: =$A$27 -> 0 | B75: =$B$27 -> 0 | Q75: =$Q$27 -> 0 | S75: =$S$27 -> 0 | U75: =$U$27 -> 0 | W75: =$W$27 -> 0 | Z75: =$Z$27 -> 0
A76: =$A$28 -> 0 | B76: =$B$28 -> 0 | Q76: =$Q$28 -> 0 | S76: =$S$28 -> 0 | U76: =$U$28 -> 0 | W76: =$W$28 -> 0 | Z76: =$Z$28 -> 0
A77: =$A$29 -> 0 | B77: =$B$29 -> 0 | Q77: =$Q$29 -> 0 | S77: =$S$29 -> 0 | U77: =$U$29 -> 0 | W77: =$W$29 -> 0 | Z77: =$Z$29 -> 0
A78: =$A$30 -> 0 | B78: =$B$30 -> 0 | Q78: =$Q$30 -> 0 | S78: =$S$30 -> 0 | U78: =$U$30 -> 0 | W78: =$W$30 -> 0 | Z78: =$Z$30 -> 0
A79: =$A$31 -> 0 | B79: =$B$31 -> 0 | Q79: =$Q$31 -> 0 | S79: =$S$31 -> 0 | U79: =$U$31 -> 0 | W79: =$W$31 -> 0 | Z79: =$Z$31 -> 0
A80: =$A$32 -> 0 | B80: =$B$32 -> 0 | Q80: =$Q$32 -> 0 | S80: =$S$32 -> 0 | U80: =$U$32 -> 0 | W80: =$W$32 -> 0 | Z80: =$Z$32 -> 0
A81: =$A$33 -> 0 | B81: =$B$33 -> 0 | Q81: =$Q$33 -> 0 | S81: =$S$33 -> 0 | U81: =$U$33 -> 0 | W81: =$W$33 -> 0 | Z81: =$Z$33 -> 0
A82: =$A$34 -> 0 | B82: =$B$34 -> 0 | Q82: =$Q$34 -> 0 | S82: =$S$34 -> 0 | U82: =$U$34 -> 0 | W82: =$W$34 -> 0 | Z82: =$Z$34 -> 0
A83: =$A$35 -> 0 | B83: =$B$35 -> 0 | Q83: =$Q$35 -> 0 | S83: =$S$35 -> 0 | U83: =$U$35 -> 0 | W83: =$W$35 -> 0 | Z83: =$Z$35 -> 0
A84: =$A$36 -> 0 | B84: =$B$36 -> 0 | Q84: =$Q$36 -> 0 | S84: =$S$36 -> 0 | U84: =$U$36 -> 0 | W84: =$W$36 -> 0 | Z84: =$Z$36 -> 0
A85: =$A$37 -> 0 | B85: =$B$37 -> 0 | Q85: =$Q$37 -> 0 | S85: =$S$37 -> 0 | U85: =$U$37 -> 0 | W85: =$W$37 -> 0 | Z85: =$Z$37 -> 0
A86: =$A$38 -> 0 | B86: =$B$38 -> 0 | Q86: =$Q$38 -> 0 | S86: =$S$38 -> 0 | U86: =$U$38 -> 0 | W86: =$W$38 -> 0 | Z86: =$Z$38 -> 0
A87: =$A$39 -> 0 | B87: =$B$39 -> 0 | Q87: =$Q$39 -> 0 | S87: =$S$39 -> 0 | U87: =$U$39 -> 0 | W87: =$W$39 -> 0 | Z87: =$Z$39 -> 0
A88: =$A$40 -> 0 | B88: =$B$40 -> 0 | Q88: =$Q$40 -> 0 | S88: =$S$40 -> 0 | U88: =$U$40 -> 0 | W88: =$W$40 -> 0 | Z88: =$Z$40 -> 0
A90: 備考 | B90: =$B$42 -> 0 | M90: 税率10% | P90: 小計 | R90: =$R$42 -> 0 | W90: 消費税 | Z90: =$Z$42 -> 0
M91: 税率 8% | P91: 小計 | R91: =$R$43 -> 0 | W91: 消費税 | Z91: =$Z$43 -> 0
M92: 非課税 | P92: 小計 | R92: =$R$44 -> 0
M94: 請求金額（税込） | S94: =$S$46 -> 0 | AA94: 決裁
X97: =$X$1 -> ■■■■■■■■■■■■■■■
I98: 納品・請求書 | X98: =$X$2 -> 年 月 日
I99: 【販売用】 | Q99: (サンエイ送付用) | X99: No. | Y99: =$Y$3 -> 6
A101: 株式会社 | F101: 御中 | O101: 請求者 | Q101: 登録番号： | T101: =$T$5 -> 0
A102: =$A$6 -> --- 営業所を選択してください。 --- | O102: 住所 | Q102: =$Q$6 -> 0
A103: 担当者 | C103: =$C$7 -> 0 | G103: 受注番号 | J103: =$J$7 -> 0
A104: 客先名 | C104: =$C$8 -> 0 | O104: 会社名 | Q104: =$Q$8 -> 0
A105: 工事先名 | C105: =$C$9 -> 0
A106: 工事場所 | C106: =$C$10 -> 0 | O106: ＴＥＬ | Q106: =$Q$10 | W106: ＦＡＸ | Y106: =$Y$10
A108: 月/日 | B108: 工事内容 | Q108: 数量 | S108: 単位 | U108: 税率 | W108: 単価 | Z108: 金額(税抜)
A109: =$A$13 -> 0 | B109: =$B$13 -> 0 | Q109: =$Q$13 -> 0 | S109: =$S$13 -> 0 | U109: =$U$13 -> 0 | W109: =$W$13 -> 0 | Z109: =$Z$13 -> 0
A110: =$A$14 -> 0 | B110: =$B$14 -> 0 | Q110: =$Q$14 -> 0 | S110: =$S$14 -> 0 | U110: =$U$14 -> 0 | W110: =$W$14 -> 0 | Z110: =$Z$14 -> 0
A111: =$A$15 -> 0 | B111: =$B$15 -> 0 | Q111: =$Q$15 -> 0 | S111: =$S$15 -> 0 | U111: =$U$15 -> 0 | W111: =$W$15 -> 0 | Z111: =$Z$15 -> 0
A112: =$A$16 -> 0 | B112: =$B$16 -> 0 | Q112: =$Q$16 -> 0 | S112: =$S$16 -> 0 | U112: =$U$16 -> 0 | W112: =$W$16 -> 0 | Z112: =$Z$16 -> 0
A113: =$A$17 -> 0 | B113: =$B$17 -> 0 | Q113: =$Q$17 -> 0 | S113: =$S$17 -> 0 | U113: =$U$17 -> 0 | W113: =$W$17 -> 0 | Z113: =$Z$17 -> 0
A114: =$A$18 -> 0 | B114: =$B$18 -> 0 | Q114: =$Q$18 -> 0 | S114: =$S$18 -> 0 | U114: =$U$18 -> 0 | W114: =$W$18 -> 0 | Z114: =$Z$18 -> 0
A115: =$A$19 -> 0 | B115: =$B$19 -> 0 | Q115: =$Q$19 -> 0 | S115: =$S$19 -> 0 | U115: =$U$19 -> 0 | W115: =$W$19 -> 0 | Z115: =$Z$19 -> 0
A116: =$A$20 -> 0 | B116: =$B$20 -> 0 | Q116: =$Q$20 -> 0 | S116: =$S$20 -> 0 | U116: =$U$20 -> 0 | W116: =$W$20 -> 0 | Z116: =$Z$20 -> 0
A117: =$A$21 -> 0 | B117: =$B$21 -> 0 | Q117: =$Q$21 -> 0 | S117: =$S$21 -> 0 | U117: =$U$21 -> 0 | W117: =$W$21 -> 0 | Z117: =$Z$21 -> 0
A118: =$A$22 -> 0 | B118: =$B$22 -> 0 | Q118: =$Q$22 -> 0 | S118: =$S$22 -> 0 | U118: =$U$22 -> 0 | W118: =$W$22 -> 0 | Z118: =$Z$22 -> 0
A119: =$A$23 -> 0 | B119: =$B$23 -> 0 | Q119: =$Q$23 -> 0 | S119: =$S$23 -> 0 | U119: =$U$23 -> 0 | W119: =$W$23 -> 0 | Z119: =$Z$23 -> 0
A120: =$A$24 -> 0 | B120: =$B$24 -> 0 | Q120: =$Q$24 -> 0 | S120: =$S$24 -> 0 | U120: =$U$24 -> 0 | W120: =$W$24 -> 0 | Z120: =$Z$24 -> 0
A121: =$A$25 -> 0 | B121: =$B$25 -> 0 | Q121: =$Q$25 -> 0 | S121: =$S$25 -> 0 | U121: =$U$25 -> 0 | W121: =$W$25 -> 0 | Z121: =$Z$25 -> 0
A122: =$A$26 -> 0 | B122: =$B$26 -> 0 | Q122: =$Q$26 -> 0 | S122: =$S$26 -> 0 | U122: =$U$26 -> 0 | W122: =$W$26 -> 0 | Z122: =$Z$26 -> 0
A123: =$A$27 -> 0 | B123: =$B$27 -> 0 | Q123: =$Q$27 -> 0 | S123: =$S$27 -> 0 | U123: =$U$27 -> 0 | W123: =$W$27 -> 0 | Z123: =$Z$27 -> 0
A124: =$A$28 -> 0 | B124: =$B$28 -> 0 | Q124: =$Q$28 -> 0 | S124: =$S$28 -> 0 | U124: =$U$28 -> 0 | W124: =$W$28 -> 0 | Z124: =$Z$28 -> 0
A125: =$A$29 -> 0 | B125: =$B$29 -> 0 | Q125: =$Q$29 -> 0 | S125: =$S$29 -> 0 | U125: =$U$29 -> 0 | W125: =$W$29 -> 0 | Z125: =$Z$29 -> 0
A126: =$A$30 -> 0 | B126: =$B$30 -> 0 | Q126: =$Q$30 -> 0 | S126: =$S$30 -> 0 | U126: =$U$30 -> 0 | W126: =$W$30 -> 0 | Z126: =$Z$30 -> 0
A127: =$A$31 -> 0 | B127: =$B$31 -> 0 | Q127: =$Q$31 -> 0 | S127: =$S$31 -> 0 | U127: =$U$31 -> 0 | W127: =$W$31 -> 0 | Z127: =$Z$31 -> 0
A128: =$A$32 -> 0 | B128: =$B$32 -> 0 | Q128: =$Q$32 -> 0 | S128: =$S$32 -> 0 | U128: =$U$32 -> 0 | W128: =$W$32 -> 0 | Z128: =$Z$32 -> 0
A129: =$A$33 -> 0 | B129: =$B$33 -> 0 | Q129: =$Q$33 -> 0 | S129: =$S$33 -> 0 | U129: =$U$33 -> 0 | W129: =$W$33 -> 0 | Z129: =$Z$33 -> 0
A130: =$A$34 -> 0 | B130: =$B$34 -> 0 | Q130: =$Q$34 -> 0 | S130: =$S$34 -> 0 | U130: =$U$34 -> 0 | W130: =$W$34 -> 0 | Z130: =$Z$34 -> 0
A131: =$A$35 -> 0 | B131: =$B$35 -> 0 | Q131: =$Q$35 -> 0 | S131: =$S$35 -> 0 | U131: =$U$35 -> 0 | W131: =$W$35 -> 0 | Z131: =$Z$35 -> 0
A132: =$A$36 -> 0 | B132: =$B$36 -> 0 | Q132: =$Q$36 -> 0 | S132: =$S$36 -> 0 | U132: =$U$36 -> 0 | W132: =$W$36 -> 0 | Z132: =$Z$36 -> 0
A133: =$A$37 -> 0 | B133: =$B$37 -> 0 | Q133: =$Q$37 -> 0 | S133: =$S$37 -> 0 | U133: =$U$37 -> 0 | W133: =$W$37 -> 0 | Z133: =$Z$37 -> 0
A134: =$A$38 -> 0 | B134: =$B$38 -> 0 | Q134: =$Q$38 -> 0 | S134: =$S$38 -> 0 | U134: =$U$38 -> 0 | W134: =$W$38 -> 0 | Z134: =$Z$38 -> 0
A135: =$A$39 -> 0 | B135: =$B$39 -> 0 | Q135: =$Q$39 -> 0 | S135: =$S$39 -> 0 | U135: =$U$39 -> 0 | W135: =$W$39 -> 0 | Z135: =$Z$39 -> 0
A136: =$A$40 -> 0 | B136: =$B$40 -> 0 | Q136: =$Q$40 -> 0 | S136: =$S$40 -> 0 | U136: =$U$40 -> 0 | W136: =$W$40 -> 0 | Z136: =$Z$40 -> 0
A138: 備考 | B138: =$B$42 -> 0 | M138: 税率10% | P138: 小計 | R138: =$R$42 -> 0 | W138: 消費税 | Z138: =$Z$42 -> 0
M139: 税率 8% | P139: 小計 | R139: =$R$43 -> 0 | W139: 消費税 | Z139: =$Z$43 -> 0
M140: 非課税 | P140: 小計 | R140: =$R$44 -> 0
M142: 請求金額（税込） | S142: =$S$46 -> 0 | AA142: 決裁

Sheet 納品・請求書_7
X1: =請求総括表!$U$1 -> ■■■■■■■■■■■■■■■
I2: 納品・請求書 | X2: =請求総括表!$U$2 -> 年 月 日
I3: 【販売用】 | Q3: (請求者控) | X3: No. | Y3: 7
A5: 株式会社 | F5: 御中 | O5: 請求者 | Q5: 登録番号： | T5: =請求総括表!$U$6 -> 0
A6: --- 営業所を選択してください。 --- | O6: 住所 | Q6: =請求総括表!$R$7 -> 0
A7: 担当者 | G7: 受注番号
A8: 客先名 | O8: 会社名 | Q8: =請求総括表!$R$9 -> 0
A9: 工事先名
A10: 工事場所 | O10: ＴＥＬ | Q10: =ASC(請求総括表!$R$11) | W10: ＦＡＸ | Y10: =ASC(請求総括表!$R$12)
A12: 月/日 | B12: 工事内容 | Q12: 数量 | S12: 単位 | U12: 税率 | W12: 単価 | Z12: 金額(税抜)
A42: 備考 | M42: 税率10% | P42: 小計 | R42: =SUMIFS($Z$13:$Z$40,$U$13:$U$40,"10%") -> 0 | W42: 消費税
M43: 税率 8% | P43: 小計 | R43: =SUMIFS($Z$13:$Z$40,$U$13:$U$40,"8%") -> 0 | W43: 消費税
M44: 非課税 | P44: 小計 | R44: =SUMIFS($Z$13:$Z$40,$U$13:$U$40,"非課税") -> 0
M46: 請求金額（税込） | S46: =SUM($R$42,$Z$42,$R$43,$Z$43,$R$44) -> 0 | AA46: 決裁
X49: =$X$1 -> ■■■■■■■■■■■■■■■
I50: 納品・請求書 | X50: =$X$2 -> 年 月 日
I51: 【販売用】 | Q51: (サンエイ送付用) | X51: No. | Y51: =$Y$3 -> 7
A53: 株式会社 | F53: 御中 | O53: 請求者 | Q53: 登録番号： | T53: =$T$5 -> 0
A54: =$A$6 -> --- 営業所を選択してください。 --- | O54: 住所 | Q54: =$Q$6 -> 0
A55: 担当者 | C55: =$C$7 -> 0 | G55: 受注番号 | J55: =$J$7 -> 0
A56: 客先名 | C56: =$C$8 -> 0 | O56: 会社名 | Q56: =$Q$8 -> 0
A57: 工事先名 | C57: =$C$9 -> 0
A58: 工事場所 | C58: =$C$10 -> 0 | O58: ＴＥＬ | Q58: =$Q$10 | W58: ＦＡＸ | Y58: =$Y$10
A60: 月/日 | B60: 工事内容 | Q60: 数量 | S60: 単位 | U60: 税率 | W60: 単価 | Z60: 金額(税抜)
A61: =$A$13 -> 0 | B61: =$B$13 -> 0 | Q61: =$Q$13 -> 0 | S61: =$S$13 -> 0 | U61: =$U$13 -> 0 | W61: =$W$13 -> 0 | Z61: =$Z$13 -> 0
A62: =$A$14 -> 0 | B62: =$B$14 -> 0 | Q62: =$Q$14 -> 0 | S62: =$S$14 -> 0 | U62: =$U$14 -> 0 | W62: =$W$14 -> 0 | Z62: =$Z$14 -> 0
A63: =$A$15 -> 0 | B63: =$B$15 -> 0 | Q63: =$Q$15 -> 0 | S63: =$S$15 -> 0 | U63: =$U$15 -> 0 | W63: =$W$15 -> 0 | Z63: =$Z$15 -> 0
A64: =$A$16 -> 0 | B64: =$B$16 -> 0 | Q64: =$Q$16 -> 0 | S64: =$S$16 -> 0 | U64: =$U$16 -> 0 | W64: =$W$16 -> 0 | Z64: =$Z$16 -> 0
A65: =$A$17 -> 0 | B65: =$B$17 -> 0 | Q65: =$Q$17 -> 0 | S65: =$S$17 -> 0 | U65: =$U$17 -> 0 | W65: =$W$17 -> 0 | Z65: =$Z$17 -> 0
A66: =$A$18 -> 0 | B66: =$B$18 -> 0 | Q66: =$Q$18 -> 0 | S66: =$S$18 -> 0 | U66: =$U$18 -> 0 | W66: =$W$18 -> 0 | Z66: =$Z$18 -> 0
A67: =$A$19 -> 0 | B67: =$B$19 -> 0 | Q67: =$Q$19 -> 0 | S67: =$S$19 -> 0 | U67: =$U$19 -> 0 | W67: =$W$19 -> 0 | Z67: =$Z$19 -> 0
A68: =$A$20 -> 0 | B68: =$B$20 -> 0 | Q68: =$Q$20 -> 0 | S68: =$S$20 -> 0 | U68: =$U$20 -> 0 | W68: =$W$20 -> 0 | Z68: =$Z$20 -> 0
A69: =$A$21 -> 0 | B69: =$B$21 -> 0 | Q69: =$Q$21 -> 0 | S69: =$S$21 -> 0 | U69: =$U$21 -> 0 | W69: =$W$21 -> 0 | Z69: =$Z$21 -> 0
A70: =$A$22 -> 0 | B70: =$B$22 -> 0 | Q70: =$Q$22 -> 0 | S70: =$S$22 -> 0 | U70: =$U$22 -> 0 | W70: =$W$22 -> 0 | Z70: =$Z$22 -> 0
A71: =$A$23 -> 0 | B71: =$B$23 -> 0 | Q71: =$Q$23 -> 0 | S71: =$S$23 -> 0 | U71: =$U$23 -> 0 | W71: =$W$23 -> 0 | Z71: =$Z$23 -> 0
A72: =$A$24 -> 0 | B72: =$B$24 -> 0 | Q72: =$Q$24 -> 0 | S72: =$S$24 -> 0 | U72: =$U$24 -> 0 | W72: =$W$24 -> 0 | Z72: =$Z$24 -> 0
A73: =$A$25 -> 0 | B73: =$B$25 -> 0 | Q73: =$Q$25 -> 0 | S73: =$S$25 -> 0 | U73: =$U$25 -> 0 | W73: =$W$25 -> 0 | Z73: =$Z$25 -> 0
A74: =$A$26 -> 0 | B74: =$B$26 -> 0 | Q74: =$Q$26 -> 0 | S74: =$S$26 -> 0 | U74: =$U$26 -> 0 | W74: =$W$26 -> 0 | Z74: =$Z$26 -> 0
A75: =$A$27 -> 0 | B75: =$B$27 -> 0 | Q75: =$Q$27 -> 0 | S75: =$S$27 -> 0 | U75: =$U$27 -> 0 | W75: =$W$27 -> 0 | Z75: =$Z$27 -> 0
A76: =$A$28 -> 0 | B76: =$B$28 -> 0 | Q76: =$Q$28 -> 0 | S76: =$S$28 -> 0 | U76: =$U$28 -> 0 | W76: =$W$28 -> 0 | Z76: =$Z$28 -> 0
A77: =$A$29 -> 0 | B77: =$B$29 -> 0 | Q77: =$Q$29 -> 0 | S77: =$S$29 -> 0 | U77: =$U$29 -> 0 | W77: =$W$29 -> 0 | Z77: =$Z$29 -> 0
A78: =$A$30 -> 0 | B78: =$B$30 -> 0 | Q78: =$Q$30 -> 0 | S78: =$S$30 -> 0 | U78: =$U$30 -> 0 | W78: =$W$30 -> 0 | Z78: =$Z$30 -> 0
A79: =$A$31 -> 0 | B79: =$B$31 -> 0 | Q79: =$Q$31 -> 0 | S79: =$S$31 -> 0 | U79: =$U$31 -> 0 | W79: =$W$31 -> 0 | Z79: =$Z$31 -> 0
A80: =$A$32 -> 0 | B80: =$B$32 -> 0 | Q80: =$Q$32 -> 0 | S80: =$S$32 -> 0 | U80: =$U$32 -> 0 | W80: =$W$32 -> 0 | Z80: =$Z$32 -> 0
A81: =$A$33 -> 0 | B81: =$B$33 -> 0 | Q81: =$Q$33 -> 0 | S81: =$S$33 -> 0 | U81: =$U$33 -> 0 | W81: =$W$33 -> 0 | Z81: =$Z$33 -> 0
A82: =$A$34 -> 0 | B82: =$B$34 -> 0 | Q82: =$Q$34 -> 0 | S82: =$S$34 -> 0 | U82: =$U$34 -> 0 | W82: =$W$34 -> 0 | Z82: =$Z$34 -> 0
A83: =$A$35 -> 0 | B83: =$B$35 -> 0 | Q83: =$Q$35 -> 0 | S83: =$S$35 -> 0 | U83: =$U$35 -> 0 | W83: =$W$35 -> 0 | Z83: =$Z$35 -> 0
A84: =$A$36 -> 0 | B84: =$B$36 -> 0 | Q84: =$Q$36 -> 0 | S84: =$S$36 -> 0 | U84: =$U$36 -> 0 | W84: =$W$36 -> 0 | Z84: =$Z$36 -> 0
A85: =$A$37 -> 0 | B85: =$B$37 -> 0 | Q85: =$Q$37 -> 0 | S85: =$S$37 -> 0 | U85: =$U$37 -> 0 | W85: =$W$37 -> 0 | Z85: =$Z$37 -> 0
A86: =$A$38 -> 0 | B86: =$B$38 -> 0 | Q86: =$Q$38 -> 0 | S86: =$S$38 -> 0 | U86: =$U$38 -> 0 | W86: =$W$38 -> 0 | Z86: =$Z$38 -> 0
A87: =$A$39 -> 0 | B87: =$B$39 -> 0 | Q87: =$Q$39 -> 0 | S87: =$S$39 -> 0 | U87: =$U$39 -> 0 | W87: =$W$39 -> 0 | Z87: =$Z$39 -> 0
A88: =$A$40 -> 0 | B88: =$B$40 -> 0 | Q88: =$Q$40 -> 0 | S88: =$S$40 -> 0 | U88: =$U$40 -> 0 | W88: =$W$40 -> 0 | Z88: =$Z$40 -> 0
A90: 備考 | B90: =$B$42 -> 0 | M90: 税率10% | P90: 小計 | R90: =$R$42 -> 0 | W90: 消費税 | Z90: =$Z$42 -> 0
M91: 税率 8% | P91: 小計 | R91: =$R$43 -> 0 | W91: 消費税 | Z91: =$Z$43 -> 0
M92: 非課税 | P92: 小計 | R92: =$R$44 -> 0
M94: 請求金額（税込） | S94: =$S$46 -> 0 | AA94: 決裁
X97: =$X$1 -> ■■■■■■■■■■■■■■■
I98: 納品・請求書 | X98: =$X$2 -> 年 月 日
I99: 【販売用】 | Q99: (サンエイ送付用) | X99: No. | Y99: =$Y$3 -> 7
A101: 株式会社 | F101: 御中 | O101: 請求者 | Q101: 登録番号： | T101: =$T$5 -> 0
A102: =$A$6 -> --- 営業所を選択してください。 --- | O102: 住所 | Q102: =$Q$6 -> 0
A103: 担当者 | C103: =$C$7 -> 0 | G103: 受注番号 | J103: =$J$7 -> 0
A104: 客先名 | C104: =$C$8 -> 0 | O104: 会社名 | Q104: =$Q$8 -> 0
A105: 工事先名 | C105: =$C$9 -> 0
A106: 工事場所 | C106: =$C$10 -> 0 | O106: ＴＥＬ | Q106: =$Q$10 | W106: ＦＡＸ | Y106: =$Y$10
A108: 月/日 | B108: 工事内容 | Q108: 数量 | S108: 単位 | U108: 税率 | W108: 単価 | Z108: 金額(税抜)
A109: =$A$13 -> 0 | B109: =$B$13 -> 0 | Q109: =$Q$13 -> 0 | S109: =$S$13 -> 0 | U109: =$U$13 -> 0 | W109: =$W$13 -> 0 | Z109: =$Z$13 -> 0
A110: =$A$14 -> 0 | B110: =$B$14 -> 0 | Q110: =$Q$14 -> 0 | S110: =$S$14 -> 0 | U110: =$U$14 -> 0 | W110: =$W$14 -> 0 | Z110: =$Z$14 -> 0
A111: =$A$15 -> 0 | B111: =$B$15 -> 0 | Q111: =$Q$15 -> 0 | S111: =$S$15 -> 0 | U111: =$U$15 -> 0 | W111: =$W$15 -> 0 | Z111: =$Z$15 -> 0
A112: =$A$16 -> 0 | B112: =$B$16 -> 0 | Q112: =$Q$16 -> 0 | S112: =$S$16 -> 0 | U112: =$U$16 -> 0 | W112: =$W$16 -> 0 | Z112: =$Z$16 -> 0
A113: =$A$17 -> 0 | B113: =$B$17 -> 0 | Q113: =$Q$17 -> 0 | S113: =$S$17 -> 0 | U113: =$U$17 -> 0 | W113: =$W$17 -> 0 | Z113: =$Z$17 -> 0
A114: =$A$18 -> 0 | B114: =$B$18 -> 0 | Q114: =$Q$18 -> 0 | S114: =$S$18 -> 0 | U114: =$U$18 -> 0 | W114: =$W$18 -> 0 | Z114: =$Z$18 -> 0
A115: =$A$19 -> 0 | B115: =$B$19 -> 0 | Q115: =$Q$19 -> 0 | S115: =$S$19 -> 0 | U115: =$U$19 -> 0 | W115: =$W$19 -> 0 | Z115: =$Z$19 -> 0
A116: =$A$20 -> 0 | B116: =$B$20 -> 0 | Q116: =$Q$20 -> 0 | S116: =$S$20 -> 0 | U116: =$U$20 -> 0 | W116: =$W$20 -> 0 | Z116: =$Z$20 -> 0
A117: =$A$21 -> 0 | B117: =$B$21 -> 0 | Q117: =$Q$21 -> 0 | S117: =$S$21 -> 0 | U117: =$U$21 -> 0 | W117: =$W$21 -> 0 | Z117: =$Z$21 -> 0
A118: =$A$22 -> 0 | B118: =$B$22 -> 0 | Q118: =$Q$22 -> 0 | S118: =$S$22 -> 0 | U118: =$U$22 -> 0 | W118: =$W$22 -> 0 | Z118: =$Z$22 -> 0
A119: =$A$23 -> 0 | B119: =$B$23 -> 0 | Q119: =$Q$23 -> 0 | S119: =$S$23 -> 0 | U119: =$U$23 -> 0 | W119: =$W$23 -> 0 | Z119: =$Z$23 -> 0
A120: =$A$24 -> 0 | B120: =$B$24 -> 0 | Q120: =$Q$24 -> 0 | S120: =$S$24 -> 0 | U120: =$U$24 -> 0 | W120: =$W$24 -> 0 | Z120: =$Z$24 -> 0
A121: =$A$25 -> 0 | B121: =$B$25 -> 0 | Q121: =$Q$25 -> 0 | S121: =$S$25 -> 0 | U121: =$U$25 -> 0 | W121: =$W$25 -> 0 | Z121: =$Z$25 -> 0
A122: =$A$26 -> 0 | B122: =$B$26 -> 0 | Q122: =$Q$26 -> 0 | S122: =$S$26 -> 0 | U122: =$U$26 -> 0 | W122: =$W$26 -> 0 | Z122: =$Z$26 -> 0
A123: =$A$27 -> 0 | B123: =$B$27 -> 0 | Q123: =$Q$27 -> 0 | S123: =$S$27 -> 0 | U123: =$U$27 -> 0 | W123: =$W$27 -> 0 | Z123: =$Z$27 -> 0
A124: =$A$28 -> 0 | B124: =$B$28 -> 0 | Q124: =$Q$28 -> 0 | S124: =$S$28 -> 0 | U124: =$U$28 -> 0 | W124: =$W$28 -> 0 | Z124: =$Z$28 -> 0
A125: =$A$29 -> 0 | B125: =$B$29 -> 0 | Q125: =$Q$29 -> 0 | S125: =$S$29 -> 0 | U125: =$U$29 -> 0 | W125: =$W$29 -> 0 | Z125: =$Z$29 -> 0
A126: =$A$30 -> 0 | B126: =$B$30 -> 0 | Q126: =$Q$30 -> 0 | S126: =$S$30 -> 0 | U126: =$U$30 -> 0 | W126: =$W$30 -> 0 | Z126: =$Z$30 -> 0
A127: =$A$31 -> 0 | B127: =$B$31 -> 0 | Q127: =$Q$31 -> 0 | S127: =$S$31 -> 0 | U127: =$U$31 -> 0 | W127: =$W$31 -> 0 | Z127: =$Z$31 -> 0
A128: =$A$32 -> 0 | B128: =$B$32 -> 0 | Q128: =$Q$32 -> 0 | S128: =$S$32 -> 0 | U128: =$U$32 -> 0 | W128: =$W$32 -> 0 | Z128: =$Z$32 -> 0
A129: =$A$33 -> 0 | B129: =$B$33 -> 0 | Q129: =$Q$33 -> 0 | S129: =$S$33 -> 0 | U129: =$U$33 -> 0 | W129: =$W$33 -> 0 | Z129: =$Z$33 -> 0
A130: =$A$34 -> 0 | B130: =$B$34 -> 0 | Q130: =$Q$34 -> 0 | S130: =$S$34 -> 0 | U130: =$U$34 -> 0 | W130: =$W$34 -> 0 | Z130: =$Z$34 -> 0
A131: =$A$35 -> 0 | B131: =$B$35 -> 0 | Q131: =$Q$35 -> 0 | S131: =$S$35 -> 0 | U131: =$U$35 -> 0 | W131: =$W$35 -> 0 | Z131: =$Z$35 -> 0
A132: =$A$36 -> 0 | B132: =$B$36 -> 0 | Q132: =$Q$36 -> 0 | S132: =$S$36 -> 0 | U132: =$U$36 -> 0 | W132: =$W$36 -> 0 | Z132: =$Z$36 -> 0
A133: =$A$37 -> 0 | B133: =$B$37 -> 0 | Q133: =$Q$37 -> 0 | S133: =$S$37 -> 0 | U133: =$U$37 -> 0 | W133: =$W$37 -> 0 | Z133: =$Z$37 -> 0
A134: =$A$38 -> 0 | B134: =$B$38 -> 0 | Q134: =$Q$38 -> 0 | S134: =$S$38 -> 0 | U134: =$U$38 -> 0 | W134: =$W$38 -> 0 | Z134: =$Z$38 -> 0
A135: =$A$39 -> 0 | B135: =$B$39 -> 0 | Q135: =$Q$39 -> 0 | S135: =$S$39 -> 0 | U135: =$U$39 -> 0 | W135: =$W$39 -> 0 | Z135: =$Z$39 -> 0
A136: =$A$40 -> 0 | B136: =$B$40 -> 0 | Q136: =$Q$40 -> 0 | S136: =$S$40 -> 0 | U136: =$U$40 -> 0 | W136: =$W$40 -> 0 | Z136: =$Z$40 -> 0
A138: 備考 | B138: =$B$42 -> 0 | M138: 税率10% | P138: 小計 | R138: =$R$42 -> 0 | W138: 消費税 | Z138: =$Z$42 -> 0
M139: 税率 8% | P139: 小計 | R139: =$R$43 -> 0 | W139: 消費税 | Z139: =$Z$43 -> 0
M140: 非課税 | P140: 小計 | R140: =$R$44 -> 0
M142: 請求金額（税込） | S142: =$S$46 -> 0 | AA142: 決裁

Sheet 納品・請求書_8
X1: =請求総括表!$U$1 -> ■■■■■■■■■■■■■■■
I2: 納品・請求書 | X2: =請求総括表!$U$2 -> 年 月 日
I3: 【販売用】 | Q3: (請求者控) | X3: No. | Y3: 8
A5: 株式会社 | F5: 御中 | O5: 請求者 | Q5: 登録番号： | T5: =請求総括表!$U$6 -> 0
A6: --- 営業所を選択してください。 --- | O6: 住所 | Q6: =請求総括表!$R$7 -> 0
A7: 担当者 | G7: 受注番号
A8: 客先名 | O8: 会社名 | Q8: =請求総括表!$R$9 -> 0
A9: 工事先名
A10: 工事場所 | O10: ＴＥＬ | Q10: =ASC(請求総括表!$R$11) | W10: ＦＡＸ | Y10: =ASC(請求総括表!$R$12)
A12: 月/日 | B12: 工事内容 | Q12: 数量 | S12: 単位 | U12: 税率 | W12: 単価 | Z12: 金額(税抜)
A42: 備考 | M42: 税率10% | P42: 小計 | R42: =SUMIFS($Z$13:$Z$40,$U$13:$U$40,"10%") -> 0 | W42: 消費税
M43: 税率 8% | P43: 小計 | R43: =SUMIFS($Z$13:$Z$40,$U$13:$U$40,"8%") -> 0 | W43: 消費税
M44: 非課税 | P44: 小計 | R44: =SUMIFS($Z$13:$Z$40,$U$13:$U$40,"非課税") -> 0
M46: 請求金額（税込） | S46: =SUM($R$42,$Z$42,$R$43,$Z$43,$R$44) -> 0 | AA46: 決裁
X49: =$X$1 -> ■■■■■■■■■■■■■■■
I50: 納品・請求書 | X50: =$X$2 -> 年 月 日
I51: 【販売用】 | Q51: (サンエイ送付用) | X51: No. | Y51: =$Y$3 -> 8
A53: 株式会社 | F53: 御中 | O53: 請求者 | Q53: 登録番号： | T53: =$T$5 -> 0
A54: =$A$6 -> --- 営業所を選択してください。 --- | O54: 住所 | Q54: =$Q$6 -> 0
A55: 担当者 | C55: =$C$7 -> 0 | G55: 受注番号 | J55: =$J$7 -> 0
A56: 客先名 | C56: =$C$8 -> 0 | O56: 会社名 | Q56: =$Q$8 -> 0
A57: 工事先名 | C57: =$C$9 -> 0
A58: 工事場所 | C58: =$C$10 -> 0 | O58: ＴＥＬ | Q58: =$Q$10 | W58: ＦＡＸ | Y58: =$Y$10
A60: 月/日 | B60: 工事内容 | Q60: 数量 | S60: 単位 | U60: 税率 | W60: 単価 | Z60: 金額(税抜)
A61: =$A$13 -> 0 | B61: =$B$13 -> 0 | Q61: =$Q$13 -> 0 | S61: =$S$13 -> 0 | U61: =$U$13 -> 0 | W61: =$W$13 -> 0 | Z61: =$Z$13 -> 0
A62: =$A$14 -> 0 | B62: =$B$14 -> 0 | Q62: =$Q$14 -> 0 | S62: =$S$14 -> 0 | U62: =$U$14 -> 0 | W62: =$W$14 -> 0 | Z62: =$Z$14 -> 0
A63: =$A$15 -> 0 | B63: =$B$15 -> 0 | Q63: =$Q$15 -> 0 | S63: =$S$15 -> 0 | U63: =$U$15 -> 0 | W63: =$W$15 -> 0 | Z63: =$Z$15 -> 0
A64: =$A$16 -> 0 | B64: =$B$16 -> 0 | Q64: =$Q$16 -> 0 | S64: =$S$16 -> 0 | U64: =$U$16 -> 0 | W64: =$W$16 -> 0 | Z64: =$Z$16 -> 0
A65: =$A$17 -> 0 | B65: =$B$17 -> 0 | Q65: =$Q$17 -> 0 | S65: =$S$17 -> 0 | U65: =$U$17 -> 0 | W65: =$W$17 -> 0 | Z65: =$Z$17 -> 0
A66: =$A$18 -> 0 | B66: =$B$18 -> 0 | Q66: =$Q$18 -> 0 | S66: =$S$18 -> 0 | U66: =$U$18 -> 0 | W66: =$W$18 -> 0 | Z66: =$Z$18 -> 0
A67: =$A$19 -> 0 | B67: =$B$19 -> 0 | Q67: =$Q$19 -> 0 | S67: =$S$19 -> 0 | U67: =$U$19 -> 0 | W67: =$W$19 -> 0 | Z67: =$Z$19 -> 0
A68: =$A$20 -> 0 | B68: =$B$20 -> 0 | Q68: =$Q$20 -> 0 | S68: =$S$20 -> 0 | U68: =$U$20 -> 0 | W68: =$W$20 -> 0 | Z68: =$Z$20 -> 0
A69: =$A$21 -> 0 | B69: =$B$21 -> 0 | Q69: =$Q$21 -> 0 | S69: =$S$21 -> 0 | U69: =$U$21 -> 0 | W69: =$W$21 -> 0 | Z69: =$Z$21 -> 0
A70: =$A$22 -> 0 | B70: =$B$22 -> 0 | Q70: =$Q$22 -> 0 | S70: =$S$22 -> 0 | U70: =$U$22 -> 0 | W70: =$W$22 -> 0 | Z70: =$Z$22 -> 0
A71: =$A$23 -> 0 | B71: =$B$23 -> 0 | Q71: =$Q$23 -> 0 | S71: =$S$23 -> 0 | U71: =$U$23 -> 0 | W71: =$W$23 -> 0 | Z71: =$Z$23 -> 0
A72: =$A$24 -> 0 | B72: =$B$24 -> 0 | Q72: =$Q$24 -> 0 | S72: =$S$24 -> 0 | U72: =$U$24 -> 0 | W72: =$W$24 -> 0 | Z72: =$Z$24 -> 0
A73: =$A$25 -> 0 | B73: =$B$25 -> 0 | Q73: =$Q$25 -> 0 | S73: =$S$25 -> 0 | U73: =$U$25 -> 0 | W73: =$W$25 -> 0 | Z73: =$Z$25 -> 0
A74: =$A$26 -> 0 | B74: =$B$26 -> 0 | Q74: =$Q$26 -> 0 | S74: =$S$26 -> 0 | U74: =$U$26 -> 0 | W74: =$W$26 -> 0 | Z74: =$Z$26 -> 0
A75: =$A$27 -> 0 | B75: =$B$27 -> 0 | Q75: =$Q$27 -> 0 | S75: =$S$27 -> 0 | U75: =$U$27 -> 0 | W75: =$W$27 -> 0 | Z75: =$Z$27 -> 0
A76: =$A$28 -> 0 | B76: =$B$28 -> 0 | Q76: =$Q$28 -> 0 | S76: =$S$28 -> 0 | U76: =$U$28 -> 0 | W76: =$W$28 -> 0 | Z76: =$Z$28 -> 0
A77: =$A$29 -> 0 | B77: =$B$29 -> 0 | Q77: =$Q$29 -> 0 | S77: =$S$29 -> 0 | U77: =$U$29 -> 0 | W77: =$W$29 -> 0 | Z77: =$Z$29 -> 0
A78: =$A$30 -> 0 | B78: =$B$30 -> 0 | Q78: =$Q$30 -> 0 | S78: =$S$30 -> 0 | U78: =$U$30 -> 0 | W78: =$W$30 -> 0 | Z78: =$Z$30 -> 0
A79: =$A$31 -> 0 | B79: =$B$31 -> 0 | Q79: =$Q$31 -> 0 | S79: =$S$31 -> 0 | U79: =$U$31 -> 0 | W79: =$W$31 -> 0 | Z79: =$Z$31 -> 0
A80: =$A$32 -> 0 | B80: =$B$32 -> 0 | Q80: =$Q$32 -> 0 | S80: =$S$32 -> 0 | U80: =$U$32 -> 0 | W80: =$W$32 -> 0 | Z80: =$Z$32 -> 0
A81: =$A$33 -> 0 | B81: =$B$33 -> 0 | Q81: =$Q$33 -> 0 | S81: =$S$33 -> 0 | U81: =$U$33 -> 0 | W81: =$W$33 -> 0 | Z81: =$Z$33 -> 0
A82: =$A$34 -> 0 | B82: =$B$34 -> 0 | Q82: =$Q$34 -> 0 | S82: =$S$34 -> 0 | U82: =$U$34 -> 0 | W82: =$W$34 -> 0 | Z82: =$Z$34 -> 0
A83: =$A$35 -> 0 | B83: =$B$35 -> 0 | Q83: =$Q$35 -> 0 | S83: =$S$35 -> 0 | U83: =$U$35 -> 0 | W83: =$W$35 -> 0 | Z83: =$Z$35 -> 0
A84: =$A$36 -> 0 | B84: =$B$36 -> 0 | Q84: =$Q$36 -> 0 | S84: =$S$36 -> 0 | U84: =$U$36 -> 0 | W84: =$W$36 -> 0 | Z84: =$Z$36 -> 0
A85: =$A$37 -> 0 | B85: =$B$37 -> 0 | Q85: =$Q$37 -> 0 | S85: =$S$37 -> 0 | U85: =$U$37 -> 0 | W85: =$W$37 -> 0 | Z85: =$Z$37 -> 0
A86: =$A$38 -> 0 | B86: =$B$38 -> 0 | Q86: =$Q$38 -> 0 | S86: =$S$38 -> 0 | U86: =$U$38 -> 0 | W86: =$W$38 -> 0 | Z86: =$Z$38 -> 0
A87: =$A$39 -> 0 | B87: =$B$39 -> 0 | Q87: =$Q$39 -> 0 | S87: =$S$39 -> 0 | U87: =$U$39 -> 0 | W87: =$W$39 -> 0 | Z87: =$Z$39 -> 0
A88: =$A$40 -> 0 | B88: =$B$40 -> 0 | Q88: =$Q$40 -> 0 | S88: =$S$40 -> 0 | U88: =$U$40 -> 0 | W88: =$W$40 -> 0 | Z88: =$Z$40 -> 0
A90: 備考 | B90: =$B$42 -> 0 | M90: 税率10% | P90: 小計 | R90: =$R$42 -> 0 | W90: 消費税 | Z90: =$Z$42 -> 0
M91: 税率 8% | P91: 小計 | R91: =$R$43 -> 0 | W91: 消費税 | Z91: =$Z$43 -> 0
M92: 非課税 | P92: 小計 | R92: =$R$44 -> 0
M94: 請求金額（税込） | S94: =$S$46 -> 0 | AA94: 決裁
X97: =$X$1 -> ■■■■■■■■■■■■■■■
I98: 納品・請求書 | X98: =$X$2 -> 年 月 日
I99: 【販売用】 | Q99: (サンエイ送付用) | X99: No. | Y99: =$Y$3 -> 8
A101: 株式会社 | F101: 御中 | O101: 請求者 | Q101: 登録番号： | T101: =$T$5 -> 0
A102: =$A$6 -> --- 営業所を選択してください。 --- | O102: 住所 | Q102: =$Q$6 -> 0
A103: 担当者 | C103: =$C$7 -> 0 | G103: 受注番号 | J103: =$J$7 -> 0
A104: 客先名 | C104: =$C$8 -> 0 | O104: 会社名 | Q104: =$Q$8 -> 0
A105: 工事先名 | C105: =$C$9 -> 0
A106: 工事場所 | C106: =$C$10 -> 0 | O106: ＴＥＬ | Q106: =$Q$10 | W106: ＦＡＸ | Y106: =$Y$10
A108: 月/日 | B108: 工事内容 | Q108: 数量 | S108: 単位 | U108: 税率 | W108: 単価 | Z108: 金額(税抜)
A109: =$A$13 -> 0 | B109: =$B$13 -> 0 | Q109: =$Q$13 -> 0 | S109: =$S$13 -> 0 | U109: =$U$13 -> 0 | W109: =$W$13 -> 0 | Z109: =$Z$13 -> 0
A110: =$A$14 -> 0 | B110: =$B$14 -> 0 | Q110: =$Q$14 -> 0 | S110: =$S$14 -> 0 | U110: =$U$14 -> 0 | W110: =$W$14 -> 0 | Z110: =$Z$14 -> 0
A111: =$A$15 -> 0 | B111: =$B$15 -> 0 | Q111: =$Q$15 -> 0 | S111: =$S$15 -> 0 | U111: =$U$15 -> 0 | W111: =$W$15 -> 0 | Z111: =$Z$15 -> 0
A112: =$A$16 -> 0 | B112: =$B$16 -> 0 | Q112: =$Q$16 -> 0 | S112: =$S$16 -> 0 | U112: =$U$16 -> 0 | W112: =$W$16 -> 0 | Z112: =$Z$16 -> 0
A113: =$A$17 -> 0 | B113: =$B$17 -> 0 | Q113: =$Q$17 -> 0 | S113: =$S$17 -> 0 | U113: =$U$17 -> 0 | W113: =$W$17 -> 0 | Z113: =$Z$17 -> 0
A114: =$A$18 -> 0 | B114: =$B$18 -> 0 | Q114: =$Q$18 -> 0 | S114: =$S$18 -> 0 | U114: =$U$18 -> 0 | W114: =$W$18 -> 0 | Z114: =$Z$18 -> 0
A115: =$A$19 -> 0 | B115: =$B$19 -> 0 | Q115: =$Q$19 -> 0 | S115: =$S$19 -> 0 | U115: =$U$19 -> 0 | W115: =$W$19 -> 0 | Z115: =$Z$19 -> 0
A116: =$A$20 -> 0 | B116: =$B$20 -> 0 | Q116: =$Q$20 -> 0 | S116: =$S$20 -> 0 | U116: =$U$20 -> 0 | W116: =$W$20 -> 0 | Z116: =$Z$20 -> 0
A117: =$A$21 -> 0 | B117: =$B$21 -> 0 | Q117: =$Q$21 -> 0 | S117: =$S$21 -> 0 | U117: =$U$21 -> 0 | W117: =$W$21 -> 0 | Z117: =$Z$21 -> 0
A118: =$A$22 -> 0 | B118: =$B$22 -> 0 | Q118: =$Q$22 -> 0 | S118: =$S$22 -> 0 | U118: =$U$22 -> 0 | W118: =$W$22 -> 0 | Z118: =$Z$22 -> 0
A119: =$A$23 -> 0 | B119: =$B$23 -> 0 | Q119: =$Q$23 -> 0 | S119: =$S$23 -> 0 | U119: =$U$23 -> 0 | W119: =$W$23 -> 0 | Z119: =$Z$23 -> 0
A120: =$A$24 -> 0 | B120: =$B$24 -> 0 | Q120: =$Q$24 -> 0 | S120: =$S$24 -> 0 | U120: =$U$24 -> 0 | W120: =$W$24 -> 0 | Z120: =$Z$24 -> 0
A121: =$A$25 -> 0 | B121: =$B$25 -> 0 | Q121: =$Q$25 -> 0 | S121: =$S$25 -> 0 | U121: =$U$25 -> 0 | W121: =$W$25 -> 0 | Z121: =$Z$25 -> 0
A122: =$A$26 -> 0 | B122: =$B$26 -> 0 | Q122: =$Q$26 -> 0 | S122: =$S$26 -> 0 | U122: =$U$26 -> 0 | W122: =$W$26 -> 0 | Z122: =$Z$26 -> 0
A123: =$A$27 -> 0 | B123: =$B$27 -> 0 | Q123: =$Q$27 -> 0 | S123: =$S$27 -> 0 | U123: =$U$27 -> 0 | W123: =$W$27 -> 0 | Z123: =$Z$27 -> 0
A124: =$A$28 -> 0 | B124: =$B$28 -> 0 | Q124: =$Q$28 -> 0 | S124: =$S$28 -> 0 | U124: =$U$28 -> 0 | W124: =$W$28 -> 0 | Z124: =$Z$28 -> 0
A125: =$A$29 -> 0 | B125: =$B$29 -> 0 | Q125: =$Q$29 -> 0 | S125: =$S$29 -> 0 | U125: =$U$29 -> 0 | W125: =$W$29 -> 0 | Z125: =$Z$29 -> 0
A126: =$A$30 -> 0 | B126: =$B$30 -> 0 | Q126: =$Q$30 -> 0 | S126: =$S$30 -> 0 | U126: =$U$30 -> 0 | W126: =$W$30 -> 0 | Z126: =$Z$30 -> 0
A127: =$A$31 -> 0 | B127: =$B$31 -> 0 | Q127: =$Q$31 -> 0 | S127: =$S$31 -> 0 | U127: =$U$31 -> 0 | W127: =$W$31 -> 0 | Z127: =$Z$31 -> 0
A128: =$A$32 -> 0 | B128: =$B$32 -> 0 | Q128: =$Q$32 -> 0 | S128: =$S$32 -> 0 | U128: =$U$32 -> 0 | W128: =$W$32 -> 0 | Z128: =$Z$32 -> 0
A129: =$A$33 -> 0 | B129: =$B$33 -> 0 | Q129: =$Q$33 -> 0 | S129: =$S$33 -> 0 | U129: =$U$33 -> 0 | W129: =$W$33 -> 0 | Z129: =$Z$33 -> 0
A130: =$A$34 -> 0 | B130: =$B$34 -> 0 | Q130: =$Q$34 -> 0 | S130: =$S$34 -> 0 | U130: =$U$34 -> 0 | W130: =$W$34 -> 0 | Z130: =$Z$34 -> 0
A131: =$A$35 -> 0 | B131: =$B$35 -> 0 | Q131: =$Q$35 -> 0 | S131: =$S$35 -> 0 | U131: =$U$35 -> 0 | W131: =$W$35 -> 0 | Z131: =$Z$35 -> 0
A132: =$A$36 -> 0 | B132: =$B$36 -> 0 | Q132: =$Q$36 -> 0 | S132: =$S$36 -> 0 | U132: =$U$36 -> 0 | W132: =$W$36 -> 0 | Z132: =$Z$36 -> 0
A133: =$A$37 -> 0 | B133: =$B$37 -> 0 | Q133: =$Q$37 -> 0 | S133: =$S$37 -> 0 | U133: =$U$37 -> 0 | W133: =$W$37 -> 0 | Z133: =$Z$37 -> 0
A134: =$A$38 -> 0 | B134: =$B$38 -> 0 | Q134: =$Q$38 -> 0 | S134: =$S$38 -> 0 | U134: =$U$38 -> 0 | W134: =$W$38 -> 0 | Z134: =$Z$38 -> 0
A135: =$A$39 -> 0 | B135: =$B$39 -> 0 | Q135: =$Q$39 -> 0 | S135: =$S$39 -> 0 | U135: =$U$39 -> 0 | W135: =$W$39 -> 0 | Z135: =$Z$39 -> 0
A136: =$A$40 -> 0 | B136: =$B$40 -> 0 | Q136: =$Q$40 -> 0 | S136: =$S$40 -> 0 | U136: =$U$40 -> 0 | W136: =$W$40 -> 0 | Z136: =$Z$40 -> 0
A138: 備考 | B138: =$B$42 -> 0 | M138: 税率10% | P138: 小計 | R138: =$R$42 -> 0 | W138: 消費税 | Z138: =$Z$42 -> 0
M139: 税率 8% | P139: 小計 | R139: =$R$43 -> 0 | W139: 消費税 | Z139: =$Z$43 -> 0
M140: 非課税 | P140: 小計 | R140: =$R$44 -> 0
M142: 請求金額（税込） | S142: =$S$46 -> 0 | AA142: 決裁

Sheet 納品・請求書_9
X1: =請求総括表!$U$1 -> ■■■■■■■■■■■■■■■
I2: 納品・請求書 | X2: =請求総括表!$U$2 -> 年 月 日
I3: 【販売用】 | Q3: (請求者控) | X3: No. | Y3: 9
A5: 株式会社 | F5: 御中 | O5: 請求者 | Q5: 登録番号： | T5: =請求総括表!$U$6 -> 0
A6: --- 営業所を選択してください。 --- | O6: 住所 | Q6: =請求総括表!$R$7 -> 0
A7: 担当者 | G7: 受注番号
A8: 客先名 | O8: 会社名 | Q8: =請求総括表!$R$9 -> 0
A9: 工事先名
A10: 工事場所 | O10: ＴＥＬ | Q10: =ASC(請求総括表!$R$11) | W10: ＦＡＸ | Y10: =ASC(請求総括表!$R$12)
A12: 月/日 | B12: 工事内容 | Q12: 数量 | S12: 単位 | U12: 税率 | W12: 単価 | Z12: 金額(税抜)
A42: 備考 | M42: 税率10% | P42: 小計 | R42: =SUMIFS($Z$13:$Z$40,$U$13:$U$40,"10%") -> 0 | W42: 消費税
M43: 税率 8% | P43: 小計 | R43: =SUMIFS($Z$13:$Z$40,$U$13:$U$40,"8%") -> 0 | W43: 消費税
M44: 非課税 | P44: 小計 | R44: =SUMIFS($Z$13:$Z$40,$U$13:$U$40,"非課税") -> 0
M46: 請求金額（税込） | S46: =SUM($R$42,$Z$42,$R$43,$Z$43,$R$44) -> 0 | AA46: 決裁
X49: =$X$1 -> ■■■■■■■■■■■■■■■
I50: 納品・請求書 | X50: =$X$2 -> 年 月 日
I51: 【販売用】 | Q51: (サンエイ送付用) | X51: No. | Y51: =$Y$3 -> 9
A53: 株式会社 | F53: 御中 | O53: 請求者 | Q53: 登録番号： | T53: =$T$5 -> 0
A54: =$A$6 -> --- 営業所を選択してください。 --- | O54: 住所 | Q54: =$Q$6 -> 0
A55: 担当者 | C55: =$C$7 -> 0 | G55: 受注番号 | J55: =$J$7 -> 0
A56: 客先名 | C56: =$C$8 -> 0 | O56: 会社名 | Q56: =$Q$8 -> 0
A57: 工事先名 | C57: =$C$9 -> 0
A58: 工事場所 | C58: =$C$10 -> 0 | O58: ＴＥＬ | Q58: =$Q$10 | W58: ＦＡＸ | Y58: =$Y$10
A60: 月/日 | B60: 工事内容 | Q60: 数量 | S60: 単位 | U60: 税率 | W60: 単価 | Z60: 金額(税抜)
A61: =$A$13 -> 0 | B61: =$B$13 -> 0 | Q61: =$Q$13 -> 0 | S61: =$S$13 -> 0 | U61: =$U$13 -> 0 | W61: =$W$13 -> 0 | Z61: =$Z$13 -> 0
A62: =$A$14 -> 0 | B62: =$B$14 -> 0 | Q62: =$Q$14 -> 0 | S62: =$S$14 -> 0 | U62: =$U$14 -> 0 | W62: =$W$14 -> 0 | Z62: =$Z$14 -> 0
A63: =$A$15 -> 0 | B63: =$B$15 -> 0 | Q63: =$Q$15 -> 0 | S63: =$S$15 -> 0 | U63: =$U$15 -> 0 | W63: =$W$15 -> 0 | Z63: =$Z$15 -> 0
A64: =$A$16 -> 0 | B64: =$B$16 -> 0 | Q64: =$Q$16 -> 0 | S64: =$S$16 -> 0 | U64: =$U$16 -> 0 | W64: =$W$16 -> 0 | Z64: =$Z$16 -> 0
A65: =$A$17 -> 0 | B65: =$B$17 -> 0 | Q65: =$Q$17 -> 0 | S65: =$S$17 -> 0 | U65: =$U$17 -> 0 | W65: =$W$17 -> 0 | Z65: =$Z$17 -> 0
A66: =$A$18 -> 0 | B66: =$B$18 -> 0 | Q66: =$Q$18 -> 0 | S66: =$S$18 -> 0 | U66: =$U$18 -> 0 | W66: =$W$18 -> 0 | Z66: =$Z$18 -> 0
A67: =$A$19 -> 0 | B67: =$B$19 -> 0 | Q67: =$Q$19 -> 0 | S67: =$S$19 -> 0 | U67: =$U$19 -> 0 | W67: =$W$19 -> 0 | Z67: =$Z$19 -> 0
A68: =$A$20 -> 0 | B68: =$B$20 -> 0 | Q68: =$Q$20 -> 0 | S68: =$S$20 -> 0 | U68: =$U$20 -> 0 | W68: =$W$20 -> 0 | Z68: =$Z$20 -> 0
A69: =$A$21 -> 0 | B69: =$B$21 -> 0 | Q69: =$Q$21 -> 0 | S69: =$S$21 -> 0 | U69: =$U$21 -> 0 | W69: =$W$21 -> 0 | Z69: =$Z$21 -> 0
A70: =$A$22 -> 0 | B70: =$B$22 -> 0 | Q70: =$Q$22 -> 0 | S70: =$S$22 -> 0 | U70: =$U$22 -> 0 | W70: =$W$22 -> 0 | Z70: =$Z$22 -> 0
A71: =$A$23 -> 0 | B71: =$B$23 -> 0 | Q71: =$Q$23 -> 0 | S71: =$S$23 -> 0 | U71: =$U$23 -> 0 | W71: =$W$23 -> 0 | Z71: =$Z$23 -> 0
A72: =$A$24 -> 0 | B72: =$B$24 -> 0 | Q72: =$Q$24 -> 0 | S72: =$S$24 -> 0 | U72: =$U$24 -> 0 | W72: =$W$24 -> 0 | Z72: =$Z$24 -> 0
A73: =$A$25 -> 0 | B73: =$B$25 -> 0 | Q73: =$Q$25 -> 0 | S73: =$S$25 -> 0 | U73: =$U$25 -> 0 | W73: =$W$25 -> 0 | Z73: =$Z$25 -> 0
A74: =$A$26 -> 0 | B74: =$B$26 -> 0 | Q74: =$Q$26 -> 0 | S74: =$S$26 -> 0 | U74: =$U$26 -> 0 | W74: =$W$26 -> 0 | Z74: =$Z$26 -> 0
A75: =$A$27 -> 0 | B75: =$B$27 -> 0 | Q75: =$Q$27 -> 0 | S75: =$S$27 -> 0 | U75: =$U$27 -> 0 | W75: =$W$27 -> 0 | Z75: =$Z$27 -> 0
A76: =$A$28 -> 0 | B76: =$B$28 -> 0 | Q76: =$Q$28 -> 0 | S76: =$S$28 -> 0 | U76: =$U$28 -> 0 | W76: =$W$28 -> 0 | Z76: =$Z$28 -> 0
A77: =$A$29 -> 0 | B77: =$B$29 -> 0 | Q77: =$Q$29 -> 0 | S77: =$S$29 -> 0 | U77: =$U$29 -> 0 | W77: =$W$29 -> 0 | Z77: =$Z$29 -> 0
A78: =$A$30 -> 0 | B78: =$B$30 -> 0 | Q78: =$Q$30 -> 0 | S78: =$S$30 -> 0 | U78: =$U$30 -> 0 | W78: =$W$30 -> 0 | Z78: =$Z$30 -> 0
A79: =$A$31 -> 0 | B79: =$B$31 -> 0 | Q79: =$Q$31 -> 0 | S79: =$S$31 -> 0 | U79: =$U$31 -> 0 | W79: =$W$31 -> 0 | Z79: =$Z$31 -> 0
A80: =$A$32 -> 0 | B80: =$B$32 -> 0 | Q80: =$Q$32 -> 0 | S80: =$S$32 -> 0 | U80: =$U$32 -> 0 | W80: =$W$32 -> 0 | Z80: =$Z$32 -> 0
A81: =$A$33 -> 0 | B81: =$B$33 -> 0 | Q81: =$Q$33 -> 0 | S81: =$S$33 -> 0 | U81: =$U$33 -> 0 | W81: =$W$33 -> 0 | Z81: =$Z$33 -> 0
A82: =$A$34 -> 0 | B82: =$B$34 -> 0 | Q82: =$Q$34 -> 0 | S82: =$S$34 -> 0 | U82: =$U$34 -> 0 | W82: =$W$34 -> 0 | Z82: =$Z$34 -> 0
A83: =$A$35 -> 0 | B83: =$B$35 -> 0 | Q83: =$Q$35 -> 0 | S83: =$S$35 -> 0 | U83: =$U$35 -> 0 | W83: =$W$35 -> 0 | Z83: =$Z$35 -> 0
A84: =$A$36 -> 0 | B84: =$B$36 -> 0 | Q84: =$Q$36 -> 0 | S84: =$S$36 -> 0 | U84: =$U$36 -> 0 | W84: =$W$36 -> 0 | Z84: =$Z$36 -> 0
A85: =$A$37 -> 0 | B85: =$B$37 -> 0 | Q85: =$Q$37 -> 0 | S85: =$S$37 -> 0 | U85: =$U$37 -> 0 | W85: =$W$37 -> 0 | Z85: =$Z$37 -> 0
A86: =$A$38 -> 0 | B86: =$B$38 -> 0 | Q86: =$Q$38 -> 0 | S86: =$S$38 -> 0 | U86: =$U$38 -> 0 | W86: =$W$38 -> 0 | Z86: =$Z$38 -> 0
A87: =$A$39 -> 0 | B87: =$B$39 -> 0 | Q87: =$Q$39 -> 0 | S87: =$S$39 -> 0 | U87: =$U$39 -> 0 | W87: =$W$39 -> 0 | Z87: =$Z$39 -> 0
A88: =$A$40 -> 0 | B88: =$B$40 -> 0 | Q88: =$Q$40 -> 0 | S88: =$S$40 -> 0 | U88: =$U$40 -> 0 | W88: =$W$40 -> 0 | Z88: =$Z$40 -> 0
A90: 備考 | B90: =$B$42 -> 0 | M90: 税率10% | P90: 小計 | R90: =$R$42 -> 0 | W90: 消費税 | Z90: =$Z$42 -> 0
M91: 税率 8% | P91: 小計 | R91: =$R$43 -> 0 | W91: 消費税 | Z91: =$Z$43 -> 0
M92: 非課税 | P92: 小計 | R92: =$R$44 -> 0
M94: 請求金額（税込） | S94: =$S$46 -> 0 | AA94: 決裁
X97: =$X$1 -> ■■■■■■■■■■■■■■■
I98: 納品・請求書 | X98: =$X$2 -> 年 月 日
I99: 【販売用】 | Q99: (サンエイ送付用) | X99: No. | Y99: =$Y$3 -> 9
A101: 株式会社 | F101: 御中 | O101: 請求者 | Q101: 登録番号： | T101: =$T$5 -> 0
A102: =$A$6 -> --- 営業所を選択してください。 --- | O102: 住所 | Q102: =$Q$6 -> 0
A103: 担当者 | C103: =$C$7 -> 0 | G103: 受注番号 | J103: =$J$7 -> 0
A104: 客先名 | C104: =$C$8 -> 0 | O104: 会社名 | Q104: =$Q$8 -> 0
A105: 工事先名 | C105: =$C$9 -> 0
A106: 工事場所 | C106: =$C$10 -> 0 | O106: ＴＥＬ | Q106: =$Q$10 | W106: ＦＡＸ | Y106: =$Y$10
A108: 月/日 | B108: 工事内容 | Q108: 数量 | S108: 単位 | U108: 税率 | W108: 単価 | Z108: 金額(税抜)
A109: =$A$13 -> 0 | B109: =$B$13 -> 0 | Q109: =$Q$13 -> 0 | S109: =$S$13 -> 0 | U109: =$U$13 -> 0 | W109: =$W$13 -> 0 | Z109: =$Z$13 -> 0
A110: =$A$14 -> 0 | B110: =$B$14 -> 0 | Q110: =$Q$14 -> 0 | S110: =$S$14 -> 0 | U110: =$U$14 -> 0 | W110: =$W$14 -> 0 | Z110: =$Z$14 -> 0
A111: =$A$15 -> 0 | B111: =$B$15 -> 0 | Q111: =$Q$15 -> 0 | S111: =$S$15 -> 0 | U111: =$U$15 -> 0 | W111: =$W$15 -> 0 | Z111: =$Z$15 -> 0
A112: =$A$16 -> 0 | B112: =$B$16 -> 0 | Q112: =$Q$16 -> 0 | S112: =$S$16 -> 0 | U112: =$U$16 -> 0 | W112: =$W$16 -> 0 | Z112: =$Z$16 -> 0
A113: =$A$17 -> 0 | B113: =$B$17 -> 0 | Q113: =$Q$17 -> 0 | S113: =$S$17 -> 0 | U113: =$U$17 -> 0 | W113: =$W$17 -> 0 | Z113: =$Z$17 -> 0
A114: =$A$18 -> 0 | B114: =$B$18 -> 0 | Q114: =$Q$18 -> 0 | S114: =$S$18 -> 0 | U114: =$U$18 -> 0 | W114: =$W$18 -> 0 | Z114: =$Z$18 -> 0
A115: =$A$19 -> 0 | B115: =$B$19 -> 0 | Q115: =$Q$19 -> 0 | S115: =$S$19 -> 0 | U115: =$U$19 -> 0 | W115: =$W$19 -> 0 | Z115: =$Z$19 -> 0
A116: =$A$20 -> 0 | B116: =$B$20 -> 0 | Q116: =$Q$20 -> 0 | S116: =$S$20 -> 0 | U116: =$U$20 -> 0 | W116: =$W$20 -> 0 | Z116: =$Z$20 -> 0
A117: =$A$21 -> 0 | B117: =$B$21 -> 0 | Q117: =$Q$21 -> 0 | S117: =$S$21 -> 0 | U117: =$U$21 -> 0 | W117: =$W$21 -> 0 | Z117: =$Z$21 -> 0
A118: =$A$22 -> 0 | B118: =$B$22 -> 0 | Q118: =$Q$22 -> 0 | S118: =$S$22 -> 0 | U118: =$U$22 -> 0 | W118: =$W$22 -> 0 | Z118: =$Z$22 -> 0
A119: =$A$23 -> 0 | B119: =$B$23 -> 0 | Q119: =$Q$23 -> 0 | S119: =$S$23 -> 0 | U119: =$U$23 -> 0 | W119: =$W$23 -> 0 | Z119: =$Z$23 -> 0
A120: =$A$24 -> 0 | B120: =$B$24 -> 0 | Q120: =$Q$24 -> 0 | S120: =$S$24 -> 0 | U120: =$U$24 -> 0 | W120: =$W$24 -> 0 | Z120: =$Z$24 -> 0
A121: =$A$25 -> 0 | B121: =$B$25 -> 0 | Q121: =$Q$25 -> 0 | S121: =$S$25 -> 0 | U121: =$U$25 -> 0 | W121: =$W$25 -> 0 | Z121: =$Z$25 -> 0
A122: =$A$26 -> 0 | B122: =$B$26 -> 0 | Q122: =$Q$26 -> 0 | S122: =$S$26 -> 0 | U122: =$U$26 -> 0 | W122: =$W$26 -> 0 | Z122: =$Z$26 -> 0
A123: =$A$27 -> 0 | B123: =$B$27 -> 0 | Q123: =$Q$27 -> 0 | S123: =$S$27 -> 0 | U123: =$U$27 -> 0 | W123: =$W$27 -> 0 | Z123: =$Z$27 -> 0
A124: =$A$28 -> 0 | B124: =$B$28 -> 0 | Q124: =$Q$28 -> 0 | S124: =$S$28 -> 0 | U124: =$U$28 -> 0 | W124: =$W$28 -> 0 | Z124: =$Z$28 -> 0
A125: =$A$29 -> 0 | B125: =$B$29 -> 0 | Q125: =$Q$29 -> 0 | S125: =$S$29 -> 0 | U125: =$U$29 -> 0 | W125: =$W$29 -> 0 | Z125: =$Z$29 -> 0
A126: =$A$30 -> 0 | B126: =$B$30 -> 0 | Q126: =$Q$30 -> 0 | S126: =$S$30 -> 0 | U126: =$U$30 -> 0 | W126: =$W$30 -> 0 | Z126: =$Z$30 -> 0
A127: =$A$31 -> 0 | B127: =$B$31 -> 0 | Q127: =$Q$31 -> 0 | S127: =$S$31 -> 0 | U127: =$U$31 -> 0 | W127: =$W$31 -> 0 | Z127: =$Z$31 -> 0
A128: =$A$32 -> 0 | B128: =$B$32 -> 0 | Q128: =$Q$32 -> 0 | S128: =$S$32 -> 0 | U128: =$U$32 -> 0 | W128: =$W$32 -> 0 | Z128: =$Z$32 -> 0
A129: =$A$33 -> 0 | B129: =$B$33 -> 0 | Q129: =$Q$33 -> 0 | S129: =$S$33 -> 0 | U129: =$U$33 -> 0 | W129: =$W$33 -> 0 | Z129: =$Z$33 -> 0
A130: =$A$34 -> 0 | B130: =$B$34 -> 0 | Q130: =$Q$34 -> 0 | S130: =$S$34 -> 0 | U130: =$U$34 -> 0 | W130: =$W$34 -> 0 | Z130: =$Z$34 -> 0
A131: =$A$35 -> 0 | B131: =$B$35 -> 0 | Q131: =$Q$35 -> 0 | S131: =$S$35 -> 0 | U131: =$U$35 -> 0 | W131: =$W$35 -> 0 | Z131: =$Z$35 -> 0
A132: =$A$36 -> 0 | B132: =$B$36 -> 0 | Q132: =$Q$36 -> 0 | S132: =$S$36 -> 0 | U132: =$U$36 -> 0 | W132: =$W$36 -> 0 | Z132: =$Z$36 -> 0
A133: =$A$37 -> 0 | B133: =$B$37 -> 0 | Q133: =$Q$37 -> 0 | S133: =$S$37 -> 0 | U133: =$U$37 -> 0 | W133: =$W$37 -> 0 | Z133: =$Z$37 -> 0
A134: =$A$38 -> 0 | B134: =$B$38 -> 0 | Q134: =$Q$38 -> 0 | S134: =$S$38 -> 0 | U134: =$U$38 -> 0 | W134: =$W$38 -> 0 | Z134: =$Z$38 -> 0
A135: =$A$39 -> 0 | B135: =$B$39 -> 0 | Q135: =$Q$39 -> 0 | S135: =$S$39 -> 0 | U135: =$U$39 -> 0 | W135: =$W$39 -> 0 | Z135: =$Z$39 -> 0
A136: =$A$40 -> 0 | B136: =$B$40 -> 0 | Q136: =$Q$40 -> 0 | S136: =$S$40 -> 0 | U136: =$U$40 -> 0 | W136: =$W$40 -> 0 | Z136: =$Z$40 -> 0
A138: 備考 | B138: =$B$42 -> 0 | M138: 税率10% | P138: 小計 | R138: =$R$42 -> 0 | W138: 消費税 | Z138: =$Z$42 -> 0
M139: 税率 8% | P139: 小計 | R139: =$R$43 -> 0 | W139: 消費税 | Z139: =$Z$43 -> 0
M140: 非課税 | P140: 小計 | R140: =$R$44 -> 0
M142: 請求金額（税込） | S142: =$S$46 -> 0 | AA142: 決裁

Sheet 納品・請求書_10
X1: =請求総括表!$U$1 -> ■■■■■■■■■■■■■■■
I2: 納品・請求書 | X2: =請求総括表!$U$2 -> 年 月 日
I3: 【販売用】 | Q3: (請求者控) | X3: No. | Y3: 10
A5: 株式会社 | F5: 御中 | O5: 請求者 | Q5: 登録番号： | T5: =請求総括表!$U$6 -> 0
A6: --- 営業所を選択してください。 --- | O6: 住所 | Q6: =請求総括表!$R$7 -> 0
A7: 担当者 | G7: 受注番号
A8: 客先名 | O8: 会社名 | Q8: =請求総括表!$R$9 -> 0
A9: 工事先名
A10: 工事場所 | O10: ＴＥＬ | Q10: =ASC(請求総括表!$R$11) | W10: ＦＡＸ | Y10: =ASC(請求総括表!$R$12)
A12: 月/日 | B12: 工事内容 | Q12: 数量 | S12: 単位 | U12: 税率 | W12: 単価 | Z12: 金額(税抜)
A42: 備考 | M42: 税率10% | P42: 小計 | R42: =SUMIFS($Z$13:$Z$40,$U$13:$U$40,"10%") -> 0 | W42: 消費税
M43: 税率 8% | P43: 小計 | R43: =SUMIFS($Z$13:$Z$40,$U$13:$U$40,"8%") -> 0 | W43: 消費税
M44: 非課税 | P44: 小計 | R44: =SUMIFS($Z$13:$Z$40,$U$13:$U$40,"非課税") -> 0
M46: 請求金額（税込） | S46: =SUM($R$42,$Z$42,$R$43,$Z$43,$R$44) -> 0 | AA46: 決裁
X49: =$X$1 -> ■■■■■■■■■■■■■■■
I50: 納品・請求書 | X50: =$X$2 -> 年 月 日
I51: 【販売用】 | Q51: (サンエイ送付用) | X51: No. | Y51: =$Y$3 -> 10
A53: 株式会社 | F53: 御中 | O53: 請求者 | Q53: 登録番号： | T53: =$T$5 -> 0
A54: =$A$6 -> --- 営業所を選択してください。 --- | O54: 住所 | Q54: =$Q$6 -> 0
A55: 担当者 | C55: =$C$7 -> 0 | G55: 受注番号 | J55: =$J$7 -> 0
A56: 客先名 | C56: =$C$8 -> 0 | O56: 会社名 | Q56: =$Q$8 -> 0
A57: 工事先名 | C57: =$C$9 -> 0
A58: 工事場所 | C58: =$C$10 -> 0 | O58: ＴＥＬ | Q58: =$Q$10 | W58: ＦＡＸ | Y58: =$Y$10
A60: 月/日 | B60: 工事内容 | Q60: 数量 | S60: 単位 | U60: 税率 | W60: 単価 | Z60: 金額(税抜)
A61: =$A$13 -> 0 | B61: =$B$13 -> 0 | Q61: =$Q$13 -> 0 | S61: =$S$13 -> 0 | U61: =$U$13 -> 0 | W61: =$W$13 -> 0 | Z61: =$Z$13 -> 0
A62: =$A$14 -> 0 | B62: =$B$14 -> 0 | Q62: =$Q$14 -> 0 | S62: =$S$14 -> 0 | U62: =$U$14 -> 0 | W62: =$W$14 -> 0 | Z62: =$Z$14 -> 0
A63: =$A$15 -> 0 | B63: =$B$15 -> 0 | Q63: =$Q$15 -> 0 | S63: =$S$15 -> 0 | U63: =$U$15 -> 0 | W63: =$W$15 -> 0 | Z63: =$Z$15 -> 0
A64: =$A$16 -> 0 | B64: =$B$16 -> 0 | Q64: =$Q$16 -> 0 | S64: =$S$16 -> 0 | U64: =$U$16 -> 0 | W64: =$W$16 -> 0 | Z64: =$Z$16 -> 0
A65: =$A$17 -> 0 | B65: =$B$17 -> 0 | Q65: =$Q$17 -> 0 | S65: =$S$17 -> 0 | U65: =$U$17 -> 0 | W65: =$W$17 -> 0 | Z65: =$Z$17 -> 0
A66: =$A$18 -> 0 | B66: =$B$18 -> 0 | Q66: =$Q$18 -> 0 | S66: =$S$18 -> 0 | U66: =$U$18 -> 0 | W66: =$W$18 -> 0 | Z66: =$Z$18 -> 0
A67: =$A$19 -> 0 | B67: =$B$19 -> 0 | Q67: =$Q$19 -> 0 | S67: =$S$19 -> 0 | U67: =$U$19 -> 0 | W67: =$W$19 -> 0 | Z67: =$Z$19 -> 0
A68: =$A$20 -> 0 | B68: =$B$20 -> 0 | Q68: =$Q$20 -> 0 | S68: =$S$20 -> 0 | U68: =$U$20 -> 0 | W68: =$W$20 -> 0 | Z68: =$Z$20 -> 0
A69: =$A$21 -> 0 | B69: =$B$21 -> 0 | Q69: =$Q$21 -> 0 | S69: =$S$21 -> 0 | U69: =$U$21 -> 0 | W69: =$W$21 -> 0 | Z69: =$Z$21 -> 0
A70: =$A$22 -> 0 | B70: =$B$22 -> 0 | Q70: =$Q$22 -> 0 | S70: =$S$22 -> 0 | U70: =$U$22 -> 0 | W70: =$W$22 -> 0 | Z70: =$Z$22 -> 0
A71: =$A$23 -> 0 | B71: =$B$23 -> 0 | Q71: =$Q$23 -> 0 | S71: =$S$23 -> 0 | U71: =$U$23 -> 0 | W71: =$W$23 -> 0 | Z71: =$Z$23 -> 0
A72: =$A$24 -> 0 | B72: =$B$24 -> 0 | Q72: =$Q$24 -> 0 | S72: =$S$24 -> 0 | U72: =$U$24 -> 0 | W72: =$W$24 -> 0 | Z72: =$Z$24 -> 0
A73: =$A$25 -> 0 | B73: =$B$25 -> 0 | Q73: =$Q$25 -> 0 | S73: =$S$25 -> 0 | U73: =$U$25 -> 0 | W73: =$W$25 -> 0 | Z73: =$Z$25 -> 0
A74: =$A$26 -> 0 | B74: =$B$26 -> 0 | Q74: =$Q$26 -> 0 | S74: =$S$26 -> 0 | U74: =$U$26 -> 0 | W74: =$W$26 -> 0 | Z74: =$Z$26 -> 0
A75: =$A$27 -> 0 | B75: =$B$27 -> 0 | Q75: =$Q$27 -> 0 | S75: =$S$27 -> 0 | U75: =$U$27 -> 0 | W75: =$W$27 -> 0 | Z75: =$Z$27 -> 0
A76: =$A$28 -> 0 | B76: =$B$28 -> 0 | Q76: =$Q$28 -> 0 | S76: =$S$28 -> 0 | U76: =$U$28 -> 0 | W76: =$W$28 -> 0 | Z76: =$Z$28 -> 0
A77: =$A$29 -> 0 | B77: =$B$29 -> 0 | Q77: =$Q$29 -> 0 | S77: =$S$29 -> 0 | U77: =$U$29 -> 0 | W77: =$W$29 -> 0 | Z77: =$Z$29 -> 0
A78: =$A$30 -> 0 | B78: =$B$30 -> 0 | Q78: =$Q$30 -> 0 | S78: =$S$30 -> 0 | U78: =$U$30 -> 0 | W78: =$W$30 -> 0 | Z78: =$Z$30 -> 0
A79: =$A$31 -> 0 | B79: =$B$31 -> 0 | Q79: =$Q$31 -> 0 | S79: =$S$31 -> 0 | U79: =$U$31 -> 0 | W79: =$W$31 -> 0 | Z79: =$Z$31 -> 0
A80: =$A$32 -> 0 | B80: =$B$32 -> 0 | Q80: =$Q$32 -> 0 | S80: =$S$32 -> 0 | U80: =$U$32 -> 0 | W80: =$W$32 -> 0 | Z80: =$Z$32 -> 0
A81: =$A$33 -> 0 | B81: =$B$33 -> 0 | Q81: =$Q$33 -> 0 | S81: =$S$33 -> 0 | U81: =$U$33 -> 0 | W81: =$W$33 -> 0 | Z81: =$Z$33 -> 0
A82: =$A$34 -> 0 | B82: =$B$34 -> 0 | Q82: =$Q$34 -> 0 | S82: =$S$34 -> 0 | U82: =$U$34 -> 0 | W82: =$W$34 -> 0 | Z82: =$Z$34 -> 0
A83: =$A$35 -> 0 | B83: =$B$35 -> 0 | Q83: =$Q$35 -> 0 | S83: =$S$35 -> 0 | U83: =$U$35 -> 0 | W83: =$W$35 -> 0 | Z83: =$Z$35 -> 0
A84: =$A$36 -> 0 | B84: =$B$36 -> 0 | Q84: =$Q$36 -> 0 | S84: =$S$36 -> 0 | U84: =$U$36 -> 0 | W84: =$W$36 -> 0 | Z84: =$Z$36 -> 0
A85: =$A$37 -> 0 | B85: =$B$37 -> 0 | Q85: =$Q$37 -> 0 | S85: =$S$37 -> 0 | U85: =$U$37 -> 0 | W85: =$W$37 -> 0 | Z85: =$Z$37 -> 0
A86: =$A$38 -> 0 | B86: =$B$38 -> 0 | Q86: =$Q$38 -> 0 | S86: =$S$38 -> 0 | U86: =$U$38 -> 0 | W86: =$W$38 -> 0 | Z86: =$Z$38 -> 0
A87: =$A$39 -> 0 | B87: =$B$39 -> 0 | Q87: =$Q$39 -> 0 | S87: =$S$39 -> 0 | U87: =$U$39 -> 0 | W87: =$W$39 -> 0 | Z87: =$Z$39 -> 0
A88: =$A$40 -> 0 | B88: =$B$40 -> 0 | Q88: =$Q$40 -> 0 | S88: =$S$40 -> 0 | U88: =$U$40 -> 0 | W88: =$W$40 -> 0 | Z88: =$Z$40 -> 0
A90: 備考 | B90: =$B$42 -> 0 | M90: 税率10% | P90: 小計 | R90: =$R$42 -> 0 | W90: 消費税 | Z90: =$Z$42 -> 0
M91: 税率 8% | P91: 小計 | R91: =$R$43 -> 0 | W91: 消費税 | Z91: =$Z$43 -> 0
M92: 非課税 | P92: 小計 | R92: =$R$44 -> 0
M94: 請求金額（税込） | S94: =$S$46 -> 0 | AA94: 決裁
X97: =$X$1 -> ■■■■■■■■■■■■■■■
I98: 納品・請求書 | X98: =$X$2 -> 年 月 日
I99: 【販売用】 | Q99: (サンエイ送付用) | X99: No. | Y99: =$Y$3 -> 10
A101: 株式会社 | F101: 御中 | O101: 請求者 | Q101: 登録番号： | T101: =$T$5 -> 0
A102: =$A$6 -> --- 営業所を選択してください。 --- | O102: 住所 | Q102: =$Q$6 -> 0
A103: 担当者 | C103: =$C$7 -> 0 | G103: 受注番号 | J103: =$J$7 -> 0
A104: 客先名 | C104: =$C$8 -> 0 | O104: 会社名 | Q104: =$Q$8 -> 0
A105: 工事先名 | C105: =$C$9 -> 0
A106: 工事場所 | C106: =$C$10 -> 0 | O106: ＴＥＬ | Q106: =$Q$10 | W106: ＦＡＸ | Y106: =$Y$10
A108: 月/日 | B108: 工事内容 | Q108: 数量 | S108: 単位 | U108: 税率 | W108: 単価 | Z108: 金額(税抜)
A109: =$A$13 -> 0 | B109: =$B$13 -> 0 | Q109: =$Q$13 -> 0 | S109: =$S$13 -> 0 | U109: =$U$13 -> 0 | W109: =$W$13 -> 0 | Z109: =$Z$13 -> 0
A110: =$A$14 -> 0 | B110: =$B$14 -> 0 | Q110: =$Q$14 -> 0 | S110: =$S$14 -> 0 | U110: =$U$14 -> 0 | W110: =$W$14 -> 0 | Z110: =$Z$14 -> 0
A111: =$A$15 -> 0 | B111: =$B$15 -> 0 | Q111: =$Q$15 -> 0 | S111: =$S$15 -> 0 | U111: =$U$15 -> 0 | W111: =$W$15 -> 0 | Z111: =$Z$15 -> 0
A112: =$A$16 -> 0 | B112: =$B$16 -> 0 | Q112: =$Q$16 -> 0 | S112: =$S$16 -> 0 | U112: =$U$16 -> 0 | W112: =$W$16 -> 0 | Z112: =$Z$16 -> 0
A113: =$A$17 -> 0 | B113: =$B$17 -> 0 | Q113: =$Q$17 -> 0 | S113: =$S$17 -> 0 | U113: =$U$17 -> 0 | W113: =$W$17 -> 0 | Z113: =$Z$17 -> 0
A114: =$A$18 -> 0 | B114: =$B$18 -> 0 | Q114: =$Q$18 -> 0 | S114: =$S$18 -> 0 | U114: =$U$18 -> 0 | W114: =$W$18 -> 0 | Z114: =$Z$18 -> 0
A115: =$A$19 -> 0 | B115: =$B$19 -> 0 | Q115: =$Q$19 -> 0 | S115: =$S$19 -> 0 | U115: =$U$19 -> 0 | W115: =$W$19 -> 0 | Z115: =$Z$19 -> 0
A116: =$A$20 -> 0 | B116: =$B$20 -> 0 | Q116: =$Q$20 -> 0 | S116: =$S$20 -> 0 | U116: =$U$20 -> 0 | W116: =$W$20 -> 0 | Z116: =$Z$20 -> 0
A117: =$A$21 -> 0 | B117: =$B$21 -> 0 | Q117: =$Q$21 -> 0 | S117: =$S$21 -> 0 | U117: =$U$21 -> 0 | W117: =$W$21 -> 0 | Z117: =$Z$21 -> 0
A118: =$A$22 -> 0 | B118: =$B$22 -> 0 | Q118: =$Q$22 -> 0 | S118: =$S$22 -> 0 | U118: =$U$22 -> 0 | W118: =$W$22 -> 0 | Z118: =$Z$22 -> 0
A119: =$A$23 -> 0 | B119: =$B$23 -> 0 | Q119: =$Q$23 -> 0 | S119: =$S$23 -> 0 | U119: =$U$23 -> 0 | W119: =$W$23 -> 0 | Z119: =$Z$23 -> 0
A120: =$A$24 -> 0 | B120: =$B$24 -> 0 | Q120: =$Q$24 -> 0 | S120: =$S$24 -> 0 | U120: =$U$24 -> 0 | W120: =$W$24 -> 0 | Z120: =$Z$24 -> 0
A121: =$A$25 -> 0 | B121: =$B$25 -> 0 | Q121: =$Q$25 -> 0 | S121: =$S$25 -> 0 | U121: =$U$25 -> 0 | W121: =$W$25 -> 0 | Z121: =$Z$25 -> 0
A122: =$A$26 -> 0 | B122: =$B$26 -> 0 | Q122: =$Q$26 -> 0 | S122: =$S$26 -> 0 | U122: =$U$26 -> 0 | W122: =$W$26 -> 0 | Z122: =$Z$26 -> 0
A123: =$A$27 -> 0 | B123: =$B$27 -> 0 | Q123: =$Q$27 -> 0 | S123: =$S$27 -> 0 | U123: =$U$27 -> 0 | W123: =$W$27 -> 0 | Z123: =$Z$27 -> 0
A124: =$A$28 -> 0 | B124: =$B$28 -> 0 | Q124: =$Q$28 -> 0 | S124: =$S$28 -> 0 | U124: =$U$28 -> 0 | W124: =$W$28 -> 0 | Z124: =$Z$28 -> 0
A125: =$A$29 -> 0 | B125: =$B$29 -> 0 | Q125: =$Q$29 -> 0 | S125: =$S$29 -> 0 | U125: =$U$29 -> 0 | W125: =$W$29 -> 0 | Z125: =$Z$29 -> 0
A126: =$A$30 -> 0 | B126: =$B$30 -> 0 | Q126: =$Q$30 -> 0 | S126: =$S$30 -> 0 | U126: =$U$30 -> 0 | W126: =$W$30 -> 0 | Z126: =$Z$30 -> 0
A127: =$A$31 -> 0 | B127: =$B$31 -> 0 | Q127: =$Q$31 -> 0 | S127: =$S$31 -> 0 | U127: =$U$31 -> 0 | W127: =$W$31 -> 0 | Z127: =$Z$31 -> 0
A128: =$A$32 -> 0 | B128: =$B$32 -> 0 | Q128: =$Q$32 -> 0 | S128: =$S$32 -> 0 | U128: =$U$32 -> 0 | W128: =$W$32 -> 0 | Z128: =$Z$32 -> 0
A129: =$A$33 -> 0 | B129: =$B$33 -> 0 | Q129: =$Q$33 -> 0 | S129: =$S$33 -> 0 | U129: =$U$33 -> 0 | W129: =$W$33 -> 0 | Z129: =$Z$33 -> 0
A130: =$A$34 -> 0 | B130: =$B$34 -> 0 | Q130: =$Q$34 -> 0 | S130: =$S$34 -> 0 | U130: =$U$34 -> 0 | W130: =$W$34 -> 0 | Z130: =$Z$34 -> 0
A131: =$A$35 -> 0 | B131: =$B$35 -> 0 | Q131: =$Q$35 -> 0 | S131: =$S$35 -> 0 | U131: =$U$35 -> 0 | W131: =$W$35 -> 0 | Z131: =$Z$35 -> 0
A132: =$A$36 -> 0 | B132: =$B$36 -> 0 | Q132: =$Q$36 -> 0 | S132: =$S$36 -> 0 | U132: =$U$36 -> 0 | W132: =$W$36 -> 0 | Z132: =$Z$36 -> 0
A133: =$A$37 -> 0 | B133: =$B$37 -> 0 | Q133: =$Q$37 -> 0 | S133: =$S$37 -> 0 | U133: =$U$37 -> 0 | W133: =$W$37 -> 0 | Z133: =$Z$37 -> 0
A134: =$A$38 -> 0 | B134: =$B$38 -> 0 | Q134: =$Q$38 -> 0 | S134: =$S$38 -> 0 | U134: =$U$38 -> 0 | W134: =$W$38 -> 0 | Z134: =$Z$38 -> 0
A135: =$A$39 -> 0 | B135: =$B$39 -> 0 | Q135: =$Q$39 -> 0 | S135: =$S$39 -> 0 | U135: =$U$39 -> 0 | W135: =$W$39 -> 0 | Z135: =$Z$39 -> 0
A136: =$A$40 -> 0 | B136: =$B$40 -> 0 | Q136: =$Q$40 -> 0 | S136: =$S$40 -> 0 | U136: =$U$40 -> 0 | W136: =$W$40 -> 0 | Z136: =$Z$40 -> 0
A138: 備考 | B138: =$B$42 -> 0 | M138: 税率10% | P138: 小計 | R138: =$R$42 -> 0 | W138: 消費税 | Z138: =$Z$42 -> 0
M139: 税率 8% | P139: 小計 | R139: =$R$43 -> 0 | W139: 消費税 | Z139: =$Z$43 -> 0
M140: 非課税 | P140: 小計 | R140: =$R$44 -> 0
M142: 請求金額（税込） | S142: =$S$46 -> 0 | AA142: 決裁
